Workbook

Sheet Cover
C1: Company Model — built by Shortcut
B2: RTX Corporation (NYSE: RTX)
B3: Cover - 3Q26 earnings forecast summary
B4: $ millions, except per share
B6: Period | C6: 1Q25A | D6: 2Q25A | E6: 3Q25A | F6: 4Q25A | G6: FY25A | H6: 1Q26A | I6: 2Q26A | J6: 3Q26E | K6: Source | L6: Notes
B7: Period end | C7: 45747 | D7: 45838 | E7: 45930 | F7: 46022 | G7: 46022 | H7: 46112 | I7: 46203 | J7: 46295
B8: Days in period | C8: =C7-EOMONTH(C7,-3) -> 90 | D8: =D7-C7 -> 91 | E8: =E7-D7 -> 92 | F8: =F7-E7 -> 92 | G8: =G7-EOMONTH(G7,-12) -> 365 | H8: =H7-F7 -> 90 | I8: =I7-H7 -> 91 | J8: =J7-I7 -> 92
B10: Company | C10: RTX Corporation
B11: Ticker / exchange | C11: RTX / New York Stock Exchange
B12: Fiscal year end | C12: December 31 (Raytheon segment uses a fiscal calendar: 3Q26 ends Sep 27, 2026)
B13: Target period | C13: 3Q26 / FQ3 2026 - quarter ended 2026-09-30 (supplied label 2026-09-30 = issuer calendar quarter end)
B14: Reporting currency / units | C14: USD; $ millions except per share; EPS per diluted common share
B15: EPS basis (consensus basis) | C15: Adjusted (normalized) diluted EPS: GAAP diluted EPS excl. restructuring, acquisition accounting and net significant items
B16: Information cutoff | C16: 2026-10-18 21:34 UTC (CapIQ snapshot dated 2026-10-18)
B17: Expected report date | C17: 2026-10-20 before market open (issuer-confirmed 2026-09-29, S21; matches supplied date)
B18: Target-quarter actuals seen | C18: No - forecast built only from pre-release evidence
B19: Author | C19: Shortcut
B21: Headline estimate vs consensus vs guidance (3Q26E)
B22: Metric | C22: Estimate | D22: CapIQ cons. | E22: Est - cons. | F22: Est/cons. % | G22: Zacks cons. | H22: Guide mid* | I22: Est/guide % | J22: CapIQ # est
B23: Net sales ($m) | C23: ='Revenue summary'!J50 -> 24225.575 | D23: =Inputs!C67 -> 24105.4 | E23: =C23-D23 -> 120.17464 | F23: =C23/D23-1 -> 0.0049853827 | G23: =Inputs!C137 -> 23840 | H23: =Guidance!J52 -> 23440.326 | I23: =C23/H23-1 -> 0.033499923 | J23: =Inputs!C72 -> 18
B24: Adjusted net income attributable ($m) | C24: ='Income Statement'!J187 -> 2492.8412 | D24: =Inputs!C80 -> 2438.37 | E24: =C24-D24 -> 54.471197 | F24: =C24/D24-1 -> 0.022339184 | H24: =Guidance!J58 -> 2508.9049 | I24: =C24/H24-1 -> -0.0064026946
B25: GAAP net income attributable ($m) | C25: ='Income Statement'!J87 -> 2085.2012 | D25: =Inputs!C81 -> 2081.12 | E25: =C25-D25 -> 4.0811966 | F25: =C25/D25-1 -> 0.0019610578 | H25: =Guidance!J59 -> 2101.2649 | I25: =C25/H25-1 -> -0.007644801
B26: Adjusted diluted EPS (consensus basis) | C26: ='Income Statement'!J192 -> 1.8239857 | D26: =Inputs!C49 -> 1.78 | E26: =C26-D26 -> 0.043985656 | F26: =C26/D26-1 -> 0.024711043 | G26: =Inputs!C136 -> 1.76 | H26: =Guidance!J57 -> 1.8357393 | I26: =C26/H26-1 -> -0.0064026946 | J26: =Inputs!C54 -> 19
B27: GAAP diluted EPS | C27: ='Income Statement'!J96 -> 1.5257198 | D27: =Inputs!C58 -> 1.52 | E27: =C27-D27 -> 0.0057197605 | F27: =C27/D27-1 -> 0.0037630003 | H27: =Guidance!J60 -> 1.5374734 | I27: =C27/H27-1 -> -0.007644801 | J27: =Inputs!C63 -> 11
B28: Structural/linkage consistency check | C28: =IF(COUNTA(C38,D38,C39,D39,C40,D40,C41,D41,C42,D42,C43,'Revenue summary'!C49:I49,'Revenue summary'!C58:I58,'Revenue summary'!C76:J76,'Revenue summary'!C133:J133,'Segment - Collins Aerospace'!C90:I90,'Segment - Collins Aerospace'!C104:J104,'Segment - Collins Aerospace'!C115:J115,'Segment - Collins Aerospace'!C160:I160,'Segment - Collins Aerospace'!C164:J164,'Segment - Pratt & Whitney'!C97:I97,'Segment - Pratt & Whitney'!C111:J111,'Segment - Pratt & Whitney'!C122:J122,'Segment - Pratt & Whitney'!C157:I157,'Segment - Pratt & Whitney'!C161:J161,'Segment - Raytheon'!C79:I79,'Segment - Raytheon'!C93:J93,'Segment - Raytheon'!C113:J113,'Segment - Raytheon'!C148:I148,'Segment - Raytheon'!C152:J152,'Income Statement'!C25:J25,'Income Statement'!C99:J99,'Income Statement'!C101:I101,'Income Statement'!C103:I103,'Income Statement'!C105:I105,'Income Statement'!C121:I121,'Income Statement'!C143:I143,'Income Statement'!C153:J153,'Income Statement'!C154:J154,'Income Statement'!C168:I168,'Income Statement'!C186:I186,'Income Statement'!C191:I191,'Income Statement'!C195:J195,'Income Statement'!C197:I197,'Income Statement'!C199:I199,'Income Statement'!C222:J222,'Balance Sheet'!C50:J50,'Cash Flow Statement'!C54:I54,'Cash Flow Statement'!C76:I76,'Cash Flow Statement'!C96:I96,'Cash Flow Statement'!C104:I104,'Cash Flow Statement'!C115:I115,'Cash Flow Statement'!C123:J123,Geo!C137:J137)-COUNT(C38,D38,C39,D39,C40,D40,C41,D41,C42,D42,C43,'Revenue summary'!C49:I49,'Revenue summary'!C58:I58,'Revenue summary'!C76:J76,'Revenue summary'!C133:J133,'Segment - Collins Aerospace'!C90:I90,'Segment - Collins Aerospace'!C104:J104,'Segment - Collins Aerospace'!C115:J115,'Segment - Collins Aerospace'!C160:I160,'Segment - Collins Aerospace'!C164:J164,'Segment - Pratt & Whitney'!C97:I97,'Segment - Pratt & Whitney'!C111:J111,'Segment - Pratt & Whitney'!C122:J122,'Segment - Pratt & Whitney'!C157:I157,'Segment - Pratt & Whitney'!C161:J161,'Segment - Raytheon'!C79:I79,'Segment - Raytheon'!C93:J93,'Segment - Raytheon'!C113:J113,'Segment - Raytheon'!C148:I148,'Segment - Raytheon'!C152:J152,'Income Statement'!C25:J25,'Income Statement'!C99:J99,'Income Statement'!C101:I101,'Income Statement'!C103:I103,'Income Statement'!C105:I105,'Income Statement'!C121:I121,'Income Statement'!C143:I143,'Income Statement'!C153:J153,'Income Statement'!C154:J154,'Income Statement'!C168:I168,'Income Statement'!C186:I186,'Income Statement'!C191:I191,'Income Statement'!C195:J195,'Income Statement'!C197:I197,'Income Statement'!C199:I199,'Income Statement'!C222:J222,'Balance Sheet'!C50:J50,'Cash Flow Statement'!C54:I54,'Cash Flow Statement'!C76:I76,'Cash Flow Statement'!C96:I96,'Cash Flow Statement'!C104:I104,'Cash Flow Statement'!C115:I115,'Cash Flow Statement'!C123:J123,Geo!C137:J137)>0,"FAIL",IF(ABS(C38)+ABS(D38)+ABS(C39)+ABS(D39)+ABS(C40)+ABS(D40)+ABS(C41)+ABS(D41)+ABS(C42)+ABS(D42)+ABS(C43)+SUMIF('Revenue summary'!C49:I49,">0")-SUMIF('Revenue summary'!C49:I49,"<0")+SUMIF('Revenue summary'!C58:I58,">0")-SUMIF('Revenue summary'!C58:I58,"<0")+SUMIF('Revenue summary'!C76:J76,">0")-SUMIF('Revenue summary'!C76:J76,"<0")+SUMIF('Revenue summary'!C133:J133,">0")-SUMIF('Revenue summary'!C133:J133,"<0")+SUMIF('Segment - Collins Aerospace'!C90:I90,">0")-SUMIF('Segment - Collins Aerospace'!C90:I90,"<0")+SUMIF('Segment - Collins Aerospace'!C104:J104,">0")-SUMIF('Segment - Collins Aerospace'!C104:J104,"<0")+SUMIF('Segment - Collins Aerospace'!C115:J115,">0")-SUMIF('Segment - Collins Aerospace'!C115:J115,"<0")+SUMIF('Segment - Collins Aerospace'!C160:I160,">0")-SUMIF('Segment - Collins Aerospace'!C160:I160,"<0")+SUMIF('Segment - Collins Aerospace'!C164:J164,">0")-SUMIF('Segment - Collins Aerospace'!C164:J164,"<0")+SUMIF('Segment - Pratt & Whitney'!C97:I97,">0")-SUMIF('Segment - Pratt & Whitney'!C97:I97,"<0")+SUMIF('Segment - Pratt & Whitney'!C111:J111,">0")-SUMIF('Segment - Pratt & Whitney'!C111:J111,"<0")+SUMIF('Segment - Pratt & Whitney'!C122:J122,">0")-SUMIF('Segment - Pratt & Whitney'!C122:J122,"<0")+SUMIF('Segment - Pratt & Whitney'!C157:I157,">0")-SUMIF('Segment - Pratt & Whitney'!C157:I157,"<0")+SUMIF('Segment - Pratt & Whitney'!C161:J161,">0")-SUMIF('Segment - Pratt & Whitney'!C161:J161,"<0")+SUMIF('Segment - Raytheon'!C79:I79,">0")-SUMIF('Segment - Raytheon'!C79:I79,"<0")+SUMIF('Segment - Raytheon'!C93:J93,">0")-SUMIF('Segment - Raytheon'!C93:J93,"<0")+SUMIF('Segment - Raytheon'!C113:J113,">0")-SUMIF('Segment - Raytheon'!C113:J113,"<0")+SUMIF('Segment - Raytheon'!C148:I148,">0")-SUMIF('Segment - Raytheon'!C148:I148,"<0")+SUMIF('Segment - Raytheon'!C152:J152,">0")-SUMIF('Segment - Raytheon'!C152:J152,"<0")+SUMIF('Income Statement'!C25:J25,">0")-SUMIF('Income Statement'!C25:J25,"<0")+SUMIF('Income Statement'!C99:J99,">0")-SUMIF('Income Statement'!C99:J99,"<0")+SUMIF('Income Statement'!C101:I101,">0")-SUMIF('Income Statement'!C101:I101,"<0")+SUMIF('Income Statement'!C103:I103,">0")-SUMIF('Income Statement'!C103:I103,"<0")+SUMIF('Income Statement'!C105:I105,">0")-SUMIF('Income Statement'!C105:I105,"<0")+SUMIF('Income Statement'!C121:I121,">0")-SUMIF('Income Statement'!C121:I121,"<0")+SUMIF('Income Statement'!C143:I143,">0")-SUMIF('Income Statement'!C143:I143,"<0")+SUMIF('Income Statement'!C153:J153,">0")-SUMIF('Income Statement'!C153:J153,"<0")+SUMIF('Income Statement'!C154:J154,">0")-SUMIF('Income Statement'!C154:J154,"<0")+SUMIF('Income Statement'!C168:I168,">0")-SUMIF('Income Statement'!C168:I168,"<0")+SUMIF('Income Statement'!C186:I186,">0")-SUMIF('Income Statement'!C186:I186,"<0")+SUMIF('Income Statement'!C191:I191,">0")-SUMIF('Income Statement'!C191:I191,"<0")+SUMIF('Income Statement'!C195:J195,">0")-SUMIF('Income Statement'!C195:J195,"<0")+SUMIF('Income Statement'!C197:I197,">0")-SUMIF('Income Statement'!C197:I197,"<0")+SUMIF('Income Statement'!C199:I199,">0")-SUMIF('Income Statement'!C199:I199,"<0")+SUMIF('Income Statement'!C222:J222,">0")-SUMIF('Income Statement'!C222:J222,"<0")+SUMIF('Balance Sheet'!C50:J50,">0")-SUMIF('Balance Sheet'!C50:J50,"<0")+SUMIF('Cash Flow Statement'!C54:I54,">0")-SUMIF('Cash Flow Statement'!C54:I54,"<0")+SUMIF('Cash Flow Statement'!C76:I76,">0")-SUMIF('Cash Flow Statement'!C76:I76,"<0")+SUMIF('Cash Flow Statement'!C96:I96,">0")-SUMIF('Cash Flow Statement'!C96:I96,"<0")+SUMIF('Cash Flow Statement'!C104:I104,">0")-SUMIF('Cash Flow Statement'!C104:I104,"<0")+SUMIF('Cash Flow Statement'!C115:I115,">0")-SUMIF('Cash Flow Statement'!C115:I115,"<0")+SUMIF('Cash Flow Statement'!C123:J123,">0")-SUMIF('Cash Flow Statement'!C123:J123,"<0")+SUMIF(Geo!C137:J137,">0")-SUMIF(Geo!C137:J137,"<0")<0.01,"PASS","FAIL")) -> PASS | D28: Structural/linkage check only, not independent financial proof. PASS = sum of |check| < 0.01 over the listed tie-out/check rows; any text or error in those rows forces FAIL. IS J99/J195 are true by construction in 3Q26E
B29: P(beat consensus EPS) | C29: =Inputs!C130 -> 0.80428571
B30: Confidence | C30: medium
B32: Starting P(beat) - size/history prior | C32: =Inputs!C128 -> 0.87428571
B33: CapIQ normalized EPS range (low / high) | C33: =Inputs!C52 -> 1.72 | D33: =Inputs!C51 -> 1.84
B34: CapIQ normalized EPS std. dev. | C34: =Inputs!C53 -> 0.03
B35: *Guidance mid: FY26 guide midpoint less 1H26 actual, phased on 2025 3Q/2H share (RTX gives no quarterly guidance)
B37: Cover tie-out checks (0 = ties to statements / Inputs)
B38: Check: tie - net sales | C38: =C23-'Revenue summary'!J50 -> 0 | D38: =D23-Inputs!C67 -> 0
B39: Check: tie - adj. net income | C39: =C24-'Income Statement'!J187 -> 0 | D39: =D24-Inputs!C80 -> 0
B40: Check: tie - GAAP net income | C40: =C25-'Income Statement'!J87 -> 0 | D40: =D25-Inputs!C81 -> 0
B41: Check: tie - adj. EPS | C41: =C26-'Income Statement'!J192 -> 0 | D41: =D26-Inputs!C49 -> 0
B42: Check: tie - GAAP EPS | C42: =C27-'Income Statement'!J96 -> 0 | D42: =D27-Inputs!C58 -> 0
B43: Check: tie - P(beat) vs Inputs | C43: =C29-Inputs!C130 -> 0

Sheet Revenue summary
B2: RTX Corporation (NYSE: RTX)
B3: Revenue summary - segments, eliminations, growth decomposition, backlog
B4: $ millions, except per share
B6: Period | C6: 1Q25A | D6: 2Q25A | E6: 3Q25A | F6: 4Q25A | G6: FY25A | H6: 1Q26A | I6: 2Q26A | J6: 3Q26E | K6: Source | L6: Notes
B7: Period end | C7: 45747 | D7: 45838 | E7: 45930 | F7: 46022 | G7: 46022 | H7: 46112 | I7: 46203 | J7: 46295
B8: Days in period | C8: =C7-EOMONTH(C7,-3) -> 90 | D8: =D7-C7 -> 91 | E8: =E7-D7 -> 92 | F8: =F7-E7 -> 92 | G8: =G7-EOMONTH(G7,-12) -> 365 | H8: =H7-F7 -> 90 | I8: =I7-H7 -> 91 | J8: =J7-I7 -> 92
B10: Net sales by segment
B11: Collins Aerospace | C11: ='Segment - Collins Aerospace'!C70 -> 7217 | D11: ='Segment - Collins Aerospace'!D70 -> 7622 | E11: ='Segment - Collins Aerospace'!E70 -> 7621 | F11: ='Segment - Collins Aerospace'!F70 -> 7736 | G11: ='Segment - Collins Aerospace'!G70 -> 30196 | H11: ='Segment - Collins Aerospace'!H70 -> 7602 | I11: ='Segment - Collins Aerospace'!I70 -> 8210 | J11: ='Segment - Collins Aerospace'!J70 -> 8205.8232 | K11: segment tab
B12: % Y/Y | C12: =C11/'Segment - Collins Aerospace'!C71-1 -> 0.081522554 | D12: =D11/'Segment - Collins Aerospace'!D71-1 -> 0.089012716 | E12: =E11/'Segment - Collins Aerospace'!E71-1 -> 0.077173145 | F12: =F11/'Segment - Collins Aerospace'!F71-1 -> 0.026403078 | G12: =G11/'Segment - Collins Aerospace'!G71-1 -> 0.067600057 | H12: =H11/'Segment - Collins Aerospace'!H71-1 -> 0.053346266 | I12: =I11/'Segment - Collins Aerospace'!I71-1 -> 0.077145106 | J12: =J11/'Segment - Collins Aerospace'!J71-1 -> 0.076738377
B13: % Q/Q | D13: =IF(COUNT(D11,C11)<2,"n/a",IF(D11*C11<=0,"n/m",D11/C11-1)) -> 0.0561175 | E13: =IF(COUNT(E11,D11)<2,"n/a",IF(E11*D11<=0,"n/m",E11/D11-1)) -> -0.00013119916 | F13: =IF(COUNT(F11,E11)<2,"n/a",IF(F11*E11<=0,"n/m",F11/E11-1)) -> 0.015089883 | H13: =IF(COUNT(H11,F11)<2,"n/a",IF(H11*F11<=0,"n/m",H11/F11-1)) -> -0.017321613 | I13: =IF(COUNT(I11,H11)<2,"n/a",IF(I11*H11<=0,"n/m",I11/H11-1)) -> 0.079978953 | J13: =IF(COUNT(J11,I11)<2,"n/a",IF(J11*I11<=0,"n/m",J11/I11-1)) -> -0.00050874933
B14: % of total net sales | C14: =C11/C50 -> 0.35541219 | D14: =D11/D50 -> 0.35318104 | E14: =E11/E50 -> 0.33904262 | F14: =F11/F50 -> 0.31916825 | G14: =G11/G50 -> 0.3408011 | H14: =H11/H50 -> 0.34435586 | I14: =I11/I50 -> 0.33228104 | J14: =J11/J50 -> 0.33872564
B15: Pratt & Whitney | C15: ='Segment - Pratt & Whitney'!C77 -> 7366 | D15: ='Segment - Pratt & Whitney'!D77 -> 7631 | E15: ='Segment - Pratt & Whitney'!E77 -> 8423 | F15: ='Segment - Pratt & Whitney'!F77 -> 9496 | G15: ='Segment - Pratt & Whitney'!G77 -> 32916 | H15: ='Segment - Pratt & Whitney'!H77 -> 8173 | I15: ='Segment - Pratt & Whitney'!I77 -> 8889 | J15: ='Segment - Pratt & Whitney'!J77 -> 8924.4568 | K15: segment tab
B16: % Y/Y | C16: =C15/'Segment - Pratt & Whitney'!C78-1 -> 0.14095415 | D16: =D15/'Segment - Pratt & Whitney'!D78-1 -> 0.12187592 | E16: =E15/'Segment - Pratt & Whitney'!E78-1 -> 0.1635585 | F16: =F15/'Segment - Pratt & Whitney'!F78-1 -> 0.2545911 | G16: =G15/'Segment - Pratt & Whitney'!G78-1 -> 0.17280696 | H16: =H15/'Segment - Pratt & Whitney'!H78-1 -> 0.10955743 | I16: =I15/'Segment - Pratt & Whitney'!I78-1 -> 0.16485389 | J16: =J15/'Segment - Pratt & Whitney'!J78-1 -> 0.059534223
B17: % Q/Q | D17: =IF(COUNT(D15,C15)<2,"n/a",IF(D15*C15<=0,"n/m",D15/C15-1)) -> 0.035976106 | E17: =IF(COUNT(E15,D15)<2,"n/a",IF(E15*D15<=0,"n/m",E15/D15-1)) -> 0.10378718 | F17: =IF(COUNT(F15,E15)<2,"n/a",IF(F15*E15<=0,"n/m",F15/E15-1)) -> 0.12738929 | H17: =IF(COUNT(H15,F15)<2,"n/a",IF(H15*F15<=0,"n/m",H15/F15-1)) -> -0.13932182 | I17: =IF(COUNT(I15,H15)<2,"n/a",IF(I15*H15<=0,"n/m",I15/H15-1)) -> 0.08760553 | J17: =IF(COUNT(J15,I15)<2,"n/a",IF(J15*I15<=0,"n/m",J15/I15-1)) -> 0.0039888353
B18: % of total net sales | C18: =C15/C50 -> 0.36274993 | D18: =D15/D50 -> 0.35359807 | E18: =E15/E50 -> 0.37472195 | F18: =F15/F50 -> 0.3917815 | G18: =G15/G50 -> 0.37149984 | H18: =H15/H50 -> 0.37022105 | I18: =I15/I50 -> 0.35976202 | J18: =J15/J50 -> 0.36838989
B19: Raytheon | C19: ='Segment - Raytheon'!C59 -> 6340 | D19: ='Segment - Raytheon'!D59 -> 7001 | E19: ='Segment - Raytheon'!E59 -> 7045 | F19: ='Segment - Raytheon'!F59 -> 7657 | G19: ='Segment - Raytheon'!G59 -> 28043 | H19: ='Segment - Raytheon'!H59 -> 6945 | I19: ='Segment - Raytheon'!I59 -> 8269 | J19: ='Segment - Raytheon'!J59 -> 7740 | K19: segment tab
B20: % Y/Y | C20: =C19/'Segment - Raytheon'!C60-1 -> -0.047905091 | D20: =D19/'Segment - Raytheon'!D60-1 -> 0.063820088 | E20: =E19/'Segment - Raytheon'!E60-1 -> 0.10319449 | F20: =F19/'Segment - Raytheon'!F60-1 -> 0.069861674 | G20: =G19/'Segment - Raytheon'!G60-1 -> 0.047044767 | H20: =H19/'Segment - Raytheon'!H60-1 -> 0.095425868 | I20: =I19/'Segment - Raytheon'!I60-1 -> 0.18111698 | J20: =J19/'Segment - Raytheon'!J60-1 -> 0.098651526
B21: % Q/Q | D21: =IF(COUNT(D19,C19)<2,"n/a",IF(D19*C19<=0,"n/m",D19/C19-1)) -> 0.10425868 | E21: =IF(COUNT(E19,D19)<2,"n/a",IF(E19*D19<=0,"n/m",E19/D19-1)) -> 0.0062848165 | F21: =IF(COUNT(F19,E19)<2,"n/a",IF(F19*E19<=0,"n/m",F19/E19-1)) -> 0.086870121 | H21: =IF(COUNT(H19,F19)<2,"n/a",IF(H19*F19<=0,"n/m",H19/F19-1)) -> -0.092986809 | I21: =IF(COUNT(I19,H19)<2,"n/a",IF(I19*H19<=0,"n/m",I19/H19-1)) -> 0.19064075 | J21: =IF(COUNT(J19,I19)<2,"n/a",IF(J19*I19<=0,"n/m",J19/I19-1)) -> -0.063973878
B22: % of total net sales | C22: =C19/C50 -> 0.31222299 | D22: =D19/D50 -> 0.32440573 | E22: =E19/E50 -> 0.31341756 | F22: =F19/F50 -> 0.3159089 | G22: =G19/G50 -> 0.3165017 | H22: =H19/H50 -> 0.31459504 | I22: =I19/I50 -> 0.33466893 | J22: =J19/J50 -> 0.31949707
B23: Total segment net sales | C23: =C11+C15+C19 -> 20923 | D23: =D11+D15+D19 -> 22254 | E23: =E11+E15+E19 -> 23089 | F23: =F11+F15+F19 -> 24889 | G23: =G11+G15+G19 -> 91155 | H23: =H11+H15+H19 -> 22720 | I23: =I11+I15+I19 -> 25368 | J23: =J11+J15+J19 -> 24870.28
B24: % Y/Y | C24: =C23/('Segment - Collins Aerospace'!C71+'Segment - Pratt & Whitney'!C78+'Segment - Raytheon'!C60)-1 -> 0.057357995 | D24: =D23/('Segment - Collins Aerospace'!D71+'Segment - Pratt & Whitney'!D78+'Segment - Raytheon'!D60)-1 -> 0.091845746 | E24: =E23/('Segment - Collins Aerospace'!E71+'Segment - Pratt & Whitney'!E78+'Segment - Raytheon'!E60)-1 -> 0.11541063 | F24: =F23/('Segment - Collins Aerospace'!F71+'Segment - Pratt & Whitney'!F78+'Segment - Raytheon'!F60)-1 -> 0.11795356 | G24: =G23/('Segment - Collins Aerospace'!G71+'Segment - Pratt & Whitney'!G78+'Segment - Raytheon'!G60)-1 -> 0.096495976 | H24: =H23/('Segment - Collins Aerospace'!H71+'Segment - Pratt & Whitney'!H78+'Segment - Raytheon'!H60)-1 -> 0.085886345 | I24: =I23/('Segment - Collins Aerospace'!I71+'Segment - Pratt & Whitney'!I78+'Segment - Raytheon'!I60)-1 -> 0.1399299 | J24: =J23/('Segment - Collins Aerospace'!J71+'Segment - Pratt & Whitney'!J78+'Segment - Raytheon'!J60)-1 -> 0.077148422
B25: % Q/Q | D25: =IF(COUNT(D23,C23)<2,"n/a",IF(D23*C23<=0,"n/m",D23/C23-1)) -> 0.063614204 | E25: =IF(COUNT(E23,D23)<2,"n/a",IF(E23*D23<=0,"n/m",E23/D23-1)) -> 0.037521344 | F25: =IF(COUNT(F23,E23)<2,"n/a",IF(F23*E23<=0,"n/m",F23/E23-1)) -> 0.077959201 | H25: =IF(COUNT(H23,F23)<2,"n/a",IF(H23*F23<=0,"n/m",H23/F23-1)) -> -0.087146932 | I25: =IF(COUNT(I23,H23)<2,"n/a",IF(I23*H23<=0,"n/m",I23/H23-1)) -> 0.1165493 | J25: =IF(COUNT(J23,I23)<2,"n/a",IF(J23*I23<=0,"n/m",J23/I23-1)) -> -0.019619997
B26: % of total net sales | C26: =C23/C50 -> 1.0303851 | D26: =D23/D50 -> 1.0311848 | E26: =E23/E50 -> 1.0271821 | F26: =F23/F50 -> 1.0268587 | G26: =G23/G50 -> 1.0288026 | H26: =H23/H50 -> 1.029172 | I26: =I23/I50 -> 1.026712 | J26: =J23/J50 -> 1.0266126
B27: Eliminations and other
B28: Other ops - products | C28: 43 | D28: 45 | E28: 43 | F28: 43 | G28: =SUM(C28:F28) -> 174 | H28: 47 | I28: 46 | J28: =I28 -> 46 | K28: S11-S14 | L28: 3Q26E: held at 2Q26
B29: % Y/Y | H29: =IF(COUNT(H28,C28)<2,"n/a",IF(H28*C28<=0,"n/m",H28/C28-1)) -> 0.093023256 | I29: =IF(COUNT(I28,D28)<2,"n/a",IF(I28*D28<=0,"n/m",I28/D28-1)) -> 0.022222222 | J29: =IF(COUNT(J28,E28)<2,"n/a",IF(J28*E28<=0,"n/m",J28/E28-1)) -> 0.069767442
B30: Q/Q change ($) | D30: =IF(COUNT(D28,C28)<2,"n/a",D28-C28) -> 2 | E30: =IF(COUNT(E28,D28)<2,"n/a",E28-D28) -> -2 | F30: =IF(COUNT(F28,E28)<2,"n/a",F28-E28) -> 0 | H30: =IF(COUNT(H28,F28)<2,"n/a",H28-F28) -> 4 | I30: =IF(COUNT(I28,H28)<2,"n/a",I28-H28) -> -1 | J30: =IF(COUNT(J28,I28)<2,"n/a",J28-I28) -> 0
B31: Organic / M&A / FX split | C31: n/a | D31: n/a | E31: n/a | F31: n/a | G31: n/a | H31: n/a | I31: n/a | J31: n/a | L31: Not disclosed for this line (unavailable)
B32: Other ops - services | C32: 11 | D32: 9 | E32: 8 | F32: 8 | G32: =SUM(C32:F32) -> 36 | H32: 8 | I32: 9 | J32: =I32 -> 9 | K32: S11-S14 | L32: 3Q26E: held at 2Q26
B33: % Y/Y | H33: =IF(COUNT(H32,C32)<2,"n/a",IF(H32*C32<=0,"n/m",H32/C32-1)) -> -0.27272727 | I33: =IF(COUNT(I32,D32)<2,"n/a",IF(I32*D32<=0,"n/m",I32/D32-1)) -> 0 | J33: =IF(COUNT(J32,E32)<2,"n/a",IF(J32*E32<=0,"n/m",J32/E32-1)) -> 0.125
B34: Q/Q change ($) | D34: =IF(COUNT(D32,C32)<2,"n/a",D32-C32) -> -2 | E34: =IF(COUNT(E32,D32)<2,"n/a",E32-D32) -> -1 | F34: =IF(COUNT(F32,E32)<2,"n/a",F32-E32) -> 0 | H34: =IF(COUNT(H32,F32)<2,"n/a",H32-F32) -> 0 | I34: =IF(COUNT(I32,H32)<2,"n/a",I32-H32) -> 1 | J34: =IF(COUNT(J32,I32)<2,"n/a",J32-I32) -> 0
B35: Organic / M&A / FX split | C35: n/a | D35: n/a | E35: n/a | F35: n/a | G35: n/a | H35: n/a | I35: n/a | J35: n/a | L35: Not disclosed for this line (unavailable)
B36: Other ops - external sales | C36: =C28+C32 -> 54 | D36: =D28+D32 -> 54 | E36: =E28+E32 -> 51 | F36: =F28+F32 -> 51 | G36: =G28+G32 -> 210 | H36: =H28+H32 -> 55 | I36: =I28+I32 -> 55 | J36: =J28+J32 -> 55
B37: % Y/Y | H37: =IF(COUNT(H36,C36)<2,"n/a",IF(H36*C36<=0,"n/m",H36/C36-1)) -> 0.018518519 | I37: =IF(COUNT(I36,D36)<2,"n/a",IF(I36*D36<=0,"n/m",I36/D36-1)) -> 0.018518519 | J37: =IF(COUNT(J36,E36)<2,"n/a",IF(J36*E36<=0,"n/m",J36/E36-1)) -> 0.078431373
B38: Q/Q change ($) | D38: =IF(COUNT(D36,C36)<2,"n/a",D36-C36) -> 0 | E38: =IF(COUNT(E36,D36)<2,"n/a",E36-D36) -> -3 | F38: =IF(COUNT(F36,E36)<2,"n/a",F36-E36) -> 0 | H38: =IF(COUNT(H36,F36)<2,"n/a",H36-F36) -> 4 | I38: =IF(COUNT(I36,H36)<2,"n/a",I36-H36) -> 0 | J38: =IF(COUNT(J36,I36)<2,"n/a",J36-I36) -> 0
B39: Organic / M&A / FX split | C39: n/a | D39: n/a | E39: n/a | F39: n/a | G39: n/a | H39: n/a | I39: n/a | J39: n/a | L39: Not disclosed for this line (unavailable)
B40: Inter-segment eliminations | C40: -671 | D40: -727 | E40: -662 | F40: -702 | G40: =SUM(C40:F40) -> -2762 | H40: -699 | I40: -715 | J40: =-('Segment - Collins Aerospace'!J66+'Segment - Pratt & Whitney'!J73+'Segment - Raytheon'!J55) -> -699.70528 | K40: S11-S14 | L40: 3Q26E: = minus sum of segment inter-segment sales
B41: % Y/Y | H41: =IF(COUNT(H40,C40)<2,"n/a",IF(H40*C40<=0,"n/m",H40/C40-1)) -> 0.041728763 | I41: =IF(COUNT(I40,D40)<2,"n/a",IF(I40*D40<=0,"n/m",I40/D40-1)) -> -0.01650619 | J41: =IF(COUNT(J40,E40)<2,"n/a",IF(J40*E40<=0,"n/m",J40/E40-1)) -> 0.056956616
B42: Q/Q change ($) | D42: =IF(COUNT(D40,C40)<2,"n/a",D40-C40) -> -56 | E42: =IF(COUNT(E40,D40)<2,"n/a",E40-D40) -> 65 | F42: =IF(COUNT(F40,E40)<2,"n/a",F40-E40) -> -40 | H42: =IF(COUNT(H40,F40)<2,"n/a",H40-F40) -> 3 | I42: =IF(COUNT(I40,H40)<2,"n/a",I40-H40) -> -16 | J42: =IF(COUNT(J40,I40)<2,"n/a",J40-I40) -> 15.29472
B43: Organic / M&A / FX split | C43: n/a | D43: n/a | E43: n/a | F43: n/a | G43: n/a | H43: n/a | I43: n/a | J43: n/a | L43: Not disclosed for this line (unavailable)
B44: Eliminations and other | C44: =C36+C40 -> -617 | D44: =D36+D40 -> -673 | E44: =E36+E40 -> -611 | F44: =F36+F40 -> -651 | G44: =G36+G40 -> -2552 | H44: =H36+H40 -> -644 | I44: =I36+I40 -> -660 | J44: =J36+J40 -> -644.70528
B45: % Y/Y | H45: =IF(COUNT(H44,C44)<2,"n/a",IF(H44*C44<=0,"n/m",H44/C44-1)) -> 0.04376013 | I45: =IF(COUNT(I44,D44)<2,"n/a",IF(I44*D44<=0,"n/m",I44/D44-1)) -> -0.019316493 | J45: =IF(COUNT(J44,E44)<2,"n/a",IF(J44*E44<=0,"n/m",J44/E44-1)) -> 0.055164124
B46: Q/Q change ($) | D46: =IF(COUNT(D44,C44)<2,"n/a",D44-C44) -> -56 | E46: =IF(COUNT(E44,D44)<2,"n/a",E44-D44) -> 62 | F46: =IF(COUNT(F44,E44)<2,"n/a",F44-E44) -> -40 | H46: =IF(COUNT(H44,F44)<2,"n/a",H44-F44) -> 7 | I46: =IF(COUNT(I44,H44)<2,"n/a",I44-H44) -> -16 | J46: =IF(COUNT(J44,I44)<2,"n/a",J44-I44) -> 15.29472
B47: % of total net sales | C47: =C44/C50 -> -0.030385108 | D47: =D44/D50 -> -0.031184839 | E47: =E44/E50 -> -0.027182134 | F47: =F44/F50 -> -0.026858652 | G47: =G44/G50 -> -0.028802636 | H47: =H44/H50 -> -0.029171951 | I47: =I44/I50 -> -0.026711996 | J47: =J44/J50 -> -0.02661259
B48: Eliminations and other as reported | C48: -617 | D48: -673 | E48: -611 | F48: -651 | G48: =SUM(C48:F48) -> -2552 | H48: -644 | I48: -660 | K48: S03-S08
B49: Check: eliminations build - reported | C49: =C44-C48 -> 0 | D49: =D44-D48 -> 0 | E49: =E44-E48 -> 0 | F49: =F44-F48 -> 0 | G49: =G44-G48 -> 0 | H49: =H44-H48 -> 0 | I49: =I44-I48 -> 0
B50: Total net sales | C50: =C23+C44 -> 20306 | D50: =D23+D44 -> 21581 | E50: =E23+E44 -> 22478 | F50: =F23+F44 -> 24238 | G50: =G23+G44 -> 88603 | H50: =H23+H44 -> 22076 | I50: =I23+I44 -> 24708 | J50: =J23+J44 -> 24225.575
B51: Elims & other - prior-year sales | C51: -483 | D51: -591 | E51: -611 | F51: -640 | G51: =SUM(C51:F51) -> -2325 | H51: =C44 -> -617 | I51: =D44 -> -673 | J51: =E44 -> -611 | K51: S03-S08 | L51: Issuer organic reconciliation (2024 bases); 2026 columns link to 2025
B52: PY adjusted sales (segs + elims) | C52: ='Segment - Collins Aerospace'!C71+'Segment - Pratt & Whitney'!C78+'Segment - Raytheon'!C60+C51 -> 19305 | D52: ='Segment - Collins Aerospace'!D71+'Segment - Pratt & Whitney'!D78+'Segment - Raytheon'!D60+D51 -> 19791 | E52: ='Segment - Collins Aerospace'!E71+'Segment - Pratt & Whitney'!E78+'Segment - Raytheon'!E60+E51 -> 20089 | F52: ='Segment - Collins Aerospace'!F71+'Segment - Pratt & Whitney'!F78+'Segment - Raytheon'!F60+F51 -> 21623 | G52: ='Segment - Collins Aerospace'!G71+'Segment - Pratt & Whitney'!G78+'Segment - Raytheon'!G60+G51 -> 80808 | H52: ='Segment - Collins Aerospace'!H71+'Segment - Pratt & Whitney'!H78+'Segment - Raytheon'!H60+H51 -> 20306 | I52: ='Segment - Collins Aerospace'!I71+'Segment - Pratt & Whitney'!I78+'Segment - Raytheon'!I60+I51 -> 21581 | J52: ='Segment - Collins Aerospace'!J71+'Segment - Pratt & Whitney'!J78+'Segment - Raytheon'!J60+J51 -> 22478
B53: % Y/Y | C53: =IF(COUNT(C50,C52)<2,"n/a",IF(C50*C52<=0,"n/m",C50/C52-1)) -> 0.051851852 | D53: =IF(COUNT(D50,D52)<2,"n/a",IF(D50*D52<=0,"n/m",D50/D52-1)) -> 0.090445152 | E53: =IF(COUNT(E50,E52)<2,"n/a",IF(E50*E52<=0,"n/m",E50/E52-1)) -> 0.1189208 | F53: =IF(COUNT(F50,F52)<2,"n/a",IF(F50*F52<=0,"n/m",F50/F52-1)) -> 0.12093604 | G53: =IF(COUNT(G50,G52)<2,"n/a",IF(G50*G52<=0,"n/m",G50/G52-1)) -> 0.096463221 | H53: =IF(COUNT(H50,H52)<2,"n/a",IF(H50*H52<=0,"n/m",H50/H52-1)) -> 0.087166355 | I53: =IF(COUNT(I50,I52)<2,"n/a",IF(I50*I52<=0,"n/m",I50/I52-1)) -> 0.14489597 | J53: =IF(COUNT(J50,J52)<2,"n/a",IF(J50*J52<=0,"n/m",J50/J52-1)) -> 0.077746003
B54: % Q/Q | D54: =IF(COUNT(D50,C50)<2,"n/a",IF(D50*C50<=0,"n/m",D50/C50-1)) -> 0.062789323 | E54: =IF(COUNT(E50,D50)<2,"n/a",IF(E50*D50<=0,"n/m",E50/D50-1)) -> 0.041564339 | F54: =IF(COUNT(F50,E50)<2,"n/a",IF(F50*E50<=0,"n/m",F50/E50-1)) -> 0.078298781 | H54: =IF(COUNT(H50,F50)<2,"n/a",IF(H50*F50<=0,"n/m",H50/F50-1)) -> -0.089198779 | I54: =IF(COUNT(I50,H50)<2,"n/a",IF(I50*H50<=0,"n/m",I50/H50-1)) -> 0.1192245 | J54: =IF(COUNT(J50,I50)<2,"n/a",IF(J50*I50<=0,"n/m",J50/I50-1)) -> -0.019525067
B55: Q/Q change ($) | D55: =IF(COUNT(D50,C50)<2,"n/a",D50-C50) -> 1275 | E55: =IF(COUNT(E50,D50)<2,"n/a",E50-D50) -> 897 | F55: =IF(COUNT(F50,E50)<2,"n/a",F50-E50) -> 1760 | H55: =IF(COUNT(H50,F50)<2,"n/a",H50-F50) -> -2162 | I55: =IF(COUNT(I50,H50)<2,"n/a",I50-H50) -> 2632 | J55: =IF(COUNT(J50,I50)<2,"n/a",J50-I50) -> -482.42536
B56: % of total (structural, =100%) | C56: =C50/C50 -> 1 | D56: =D50/D50 -> 1 | E56: =E50/E50 -> 1 | F56: =F50/F50 -> 1 | G56: =G50/G50 -> 1 | H56: =H50/H50 -> 1 | I56: =I50/I50 -> 1 | J56: =J50/J50 -> 1
B57: CapIQ reported revenue (Inputs) | C57: =Inputs!I107 -> 20306 | D57: =Inputs!I108 -> 21581 | E57: =Inputs!I109 -> 22478 | F57: =Inputs!I110 -> 24238 | H57: =Inputs!I111 -> 22076 | I57: =Inputs!I112 -> 24708 | K57: S01
B58: Check: net sales - CapIQ actual | C58: =C50-C57 -> 0 | D58: =D50-D57 -> 0 | E58: =E50-E57 -> 0 | F58: =F50-F57 -> 0 | H58: =H50-H57 -> 0 | I58: =I50-I57 -> 0
B59: CapIQ revenue consensus | C59: =Inputs!H107 -> 19796.52 | D59: =Inputs!H108 -> 20632.09 | E59: =Inputs!H109 -> 21322.5 | F59: =Inputs!H110 -> 22704.06 | H59: =Inputs!H111 -> 21472.25 | I59: =Inputs!H112 -> 22880.25 | J59: =Inputs!C67 -> 24105.4 | K59: S01,S02
B60: Revenue vs consensus ($m) | C60: =C50-C59 -> 509.48 | D60: =D50-D59 -> 948.91 | E60: =E50-E59 -> 1155.5 | F60: =F50-F59 -> 1533.94 | H60: =H50-H59 -> 603.75 | I60: =I50-I59 -> 1827.75 | J60: =J50-J59 -> 120.17464
B61: Revenue vs consensus (%) | C61: =C50/C59-1 -> 0.025735836 | D61: =D50/D59-1 -> 0.045991947 | E61: =E50/E59-1 -> 0.054191582 | F61: =F50/F59-1 -> 0.067562365 | H61: =H50/H59-1 -> 0.028117687 | I61: =I50/I59-1 -> 0.079883305 | J61: =J50/J59-1 -> 0.0049853827
B63: Consolidated growth decomposition (issuer organic reconciliation)
B64: Elims & other - total change ($) | C64: -134 | D64: -82 | E64: 0 | F64: -11 | G64: =SUM(C64:F64) -> -227 | H64: -27 | I64: 13 | J64: =J44-J51 -> -33.70528 | K64: S03-S08
B65: Total reported change ($) | C65: ='Segment - Collins Aerospace'!C107+'Segment - Pratt & Whitney'!C114+'Segment - Raytheon'!C105+C64 -> 1001 | D65: ='Segment - Collins Aerospace'!D107+'Segment - Pratt & Whitney'!D114+'Segment - Raytheon'!D105+D64 -> 1860 | E65: ='Segment - Collins Aerospace'!E107+'Segment - Pratt & Whitney'!E114+'Segment - Raytheon'!E105+E64 -> 2389 | F65: ='Segment - Collins Aerospace'!F107+'Segment - Pratt & Whitney'!F114+'Segment - Raytheon'!F105+F64 -> 2615 | G65: ='Segment - Collins Aerospace'!G107+'Segment - Pratt & Whitney'!G114+'Segment - Raytheon'!G105+G64 -> 7865 | H65: ='Segment - Collins Aerospace'!H107+'Segment - Pratt & Whitney'!H114+'Segment - Raytheon'!H105+H64 -> 1770 | I65: ='Segment - Collins Aerospace'!I107+'Segment - Pratt & Whitney'!I114+'Segment - Raytheon'!I105+I64 -> 3127 | J65: ='Segment - Collins Aerospace'!J107+'Segment - Pratt & Whitney'!J114+'Segment - Raytheon'!J105+J64 -> 1747.5746
B66: Elims & other - A&D change ($) | C66: 0 | D66: 1 | E66: 8 | F66: 26 | G66: =SUM(C66:F66) -> 35 | H66: 13 | I66: 13 | J66: 0 | K66: S03-S08
B67: % Y/Y | H67: =IF(COUNT(H66,C66)<2,"n/a",IF(H66*C66<=0,"n/m",H66/C66-1)) -> n/m | I67: =IF(COUNT(I66,D66)<2,"n/a",IF(I66*D66<=0,"n/m",I66/D66-1)) -> 12 | J67: =IF(COUNT(J66,E66)<2,"n/a",IF(J66*E66<=0,"n/m",J66/E66-1)) -> n/m
B68: Q/Q change ($) | D68: =IF(COUNT(D66,C66)<2,"n/a",D66-C66) -> 1 | E68: =IF(COUNT(E66,D66)<2,"n/a",E66-D66) -> 7 | F68: =IF(COUNT(F66,E66)<2,"n/a",F66-E66) -> 18 | H68: =IF(COUNT(H66,F66)<2,"n/a",H66-F66) -> -13 | I68: =IF(COUNT(I66,H66)<2,"n/a",I66-H66) -> 0 | J68: =IF(COUNT(J66,I66)<2,"n/a",J66-I66) -> -13
B69: Elims & other - FX/other change ($) | C69: 13 | D69: -9 | E69: -4 | F69: -25 | G69: =SUM(C69:F69) -> -25 | H69: -31 | I69: 0 | J69: 0 | K69: S03-S08 | L69: 3Q26E: explicit nil assumption
B70: % Y/Y | H70: =IF(COUNT(H69,C69)<2,"n/a",IF(H69*C69<=0,"n/m",H69/C69-1)) -> n/m | I70: =IF(COUNT(I69,D69)<2,"n/a",IF(I69*D69<=0,"n/m",I69/D69-1)) -> n/m | J70: =IF(COUNT(J69,E69)<2,"n/a",IF(J69*E69<=0,"n/m",J69/E69-1)) -> n/m
B71: Q/Q change ($) | D71: =IF(COUNT(D69,C69)<2,"n/a",D69-C69) -> -22 | E71: =IF(COUNT(E69,D69)<2,"n/a",E69-D69) -> 5 | F71: =IF(COUNT(F69,E69)<2,"n/a",F69-E69) -> -21 | H71: =IF(COUNT(H69,F69)<2,"n/a",H69-F69) -> -6 | I71: =IF(COUNT(I69,H69)<2,"n/a",I69-H69) -> 31 | J71: =IF(COUNT(J69,I69)<2,"n/a",J69-I69) -> 0
B72: Acquisitions & divestitures chg ($) | C72: ='Segment - Collins Aerospace'!C108+'Segment - Pratt & Whitney'!C115+'Segment - Raytheon'!C106+C66 -> -492 | D72: ='Segment - Collins Aerospace'!D108+'Segment - Pratt & Whitney'!D115+'Segment - Raytheon'!D106+D66 -> -30 | E72: ='Segment - Collins Aerospace'!E108+'Segment - Pratt & Whitney'!E115+'Segment - Raytheon'!E106+E66 -> -255 | F72: ='Segment - Collins Aerospace'!F108+'Segment - Pratt & Whitney'!F115+'Segment - Raytheon'!F106+F66 -> -402 | G72: ='Segment - Collins Aerospace'!G108+'Segment - Pratt & Whitney'!G115+'Segment - Raytheon'!G106+G66 -> -1179 | H72: ='Segment - Collins Aerospace'!H108+'Segment - Pratt & Whitney'!H115+'Segment - Raytheon'!H106+H66 -> -370 | I72: ='Segment - Collins Aerospace'!I108+'Segment - Pratt & Whitney'!I115+'Segment - Raytheon'!I106+I66 -> -391 | J72: ='Segment - Collins Aerospace'!J108+'Segment - Pratt & Whitney'!J115+'Segment - Raytheon'!J106+J66 -> -170
B73: FX / other change ($) | C73: ='Segment - Collins Aerospace'!C111+'Segment - Pratt & Whitney'!C118+'Segment - Raytheon'!C109+C69 -> -28 | D73: ='Segment - Collins Aerospace'!D111+'Segment - Pratt & Whitney'!D118+'Segment - Raytheon'!D109+D69 -> 107 | E73: ='Segment - Collins Aerospace'!E111+'Segment - Pratt & Whitney'!E118+'Segment - Raytheon'!E109+E69 -> 26 | F73: ='Segment - Collins Aerospace'!F111+'Segment - Pratt & Whitney'!F118+'Segment - Raytheon'!F109+F69 -> 45 | G73: ='Segment - Collins Aerospace'!G111+'Segment - Pratt & Whitney'!G118+'Segment - Raytheon'!G109+G69 -> 150 | H73: ='Segment - Collins Aerospace'!H111+'Segment - Pratt & Whitney'!H118+'Segment - Raytheon'!H109+H69 -> 63 | I73: ='Segment - Collins Aerospace'!I111+'Segment - Pratt & Whitney'!I118+'Segment - Raytheon'!I109+I69 -> 7 | J73: ='Segment - Collins Aerospace'!J111+'Segment - Pratt & Whitney'!J118+'Segment - Raytheon'!J109+J69 -> 0
B74: Organic change ($) | C74: =C65-C72-C73 -> 1521 | D74: =D65-D72-D73 -> 1783 | E74: =E65-E72-E73 -> 2618 | F74: =F65-F72-F73 -> 2972 | G74: =G65-G72-G73 -> 8894 | H74: =H65-H72-H73 -> 2077 | I74: =I65-I72-I73 -> 3511 | J74: =J65-J72-J73 -> 1917.5746
B75: Elims & other - organic chg ($) | C75: -147 | D75: -74 | E75: -4 | F75: -12 | G75: =SUM(C75:F75) -> -237 | H75: -9 | I75: 0 | J75: =J64-J66-J69 -> -33.70528 | K75: S03-S08
B76: Check: organic - (segs + elims) | C76: =C74-('Segment - Collins Aerospace'!C114+'Segment - Pratt & Whitney'!C121+'Segment - Raytheon'!C112+C75) -> 0 | D76: =D74-('Segment - Collins Aerospace'!D114+'Segment - Pratt & Whitney'!D121+'Segment - Raytheon'!D112+D75) -> 0 | E76: =E74-('Segment - Collins Aerospace'!E114+'Segment - Pratt & Whitney'!E121+'Segment - Raytheon'!E112+E75) -> 0 | F76: =F74-('Segment - Collins Aerospace'!F114+'Segment - Pratt & Whitney'!F121+'Segment - Raytheon'!F112+F75) -> 0 | G76: =G74-('Segment - Collins Aerospace'!G114+'Segment - Pratt & Whitney'!G121+'Segment - Raytheon'!G112+G75) -> 0 | H76: =H74-('Segment - Collins Aerospace'!H114+'Segment - Pratt & Whitney'!H121+'Segment - Raytheon'!H112+H75) -> 0 | I76: =I74-('Segment - Collins Aerospace'!I114+'Segment - Pratt & Whitney'!I121+'Segment - Raytheon'!I112+I75) -> 0 | J76: =J74-('Segment - Collins Aerospace'!J114+'Segment - Pratt & Whitney'!J121+'Segment - Raytheon'!J112+J75) -> 0
B77: Total Y/Y growth | C77: =C65/C52 -> 0.051851852 | D77: =D65/D52 -> 0.093982113 | E77: =E65/E52 -> 0.1189208 | F77: =F65/F52 -> 0.12093604 | G77: =G65/G52 -> 0.097329472 | H77: =H65/H52 -> 0.087166355 | I77: =I65/I52 -> 0.14489597 | J77: =J65/J52 -> 0.077746003
B78: M&A / scope impact | C78: =C72/C52 -> -0.025485625 | D78: =D72/D52 -> -0.0015158405 | E78: =E72/E52 -> -0.012693514 | F78: =F72/F52 -> -0.018591315 | G78: =G72/G52 -> -0.01459014 | H78: =H72/H52 -> -0.018221215 | I78: =I72/I52 -> -0.018117789 | J78: =J72/J52 -> -0.0075629504
B79: FX / other impact | C79: =C73/C52 -> -0.0014504015 | D79: =D73/D52 -> 0.0054064979 | E79: =E73/E52 -> 0.0012942406 | F79: =F73/F52 -> 0.0020811173 | G79: =G73/G52 -> 0.0018562519 | H79: =H73/H52 -> 0.0031025313 | I79: =I73/I52 -> 0.00032435939 | J79: =J73/J52 -> 0
B80: Organic - analyst multiplicative | C80: =(1+C77)/((1+C78)*(1+C79))-1 -> 0.080927796 | D80: =(1+D77)/((1+D78)*(1+D79))-1 -> 0.089751195 | E80: =(1+E77)/((1+E78)*(1+E79))-1 -> 0.13184157 | F80: =(1+F77)/((1+F78)*(1+F79))-1 -> 0.13979844 | G80: =(1+G77)/((1+G78)*(1+G79))-1 -> 0.11151346 | H80: =(1+H77)/((1+H78)*(1+H79))-1 -> 0.10391856 | I80: =(1+I77)/((1+I78)*(1+I79))-1 -> 0.16564362 | J80: =(1+J77)/((1+J78)*(1+J79))-1 -> 0.085959057 | L80: Analyst multiplicative: (1+Y/Y)/((1+M&A)(1+FX))-1; issuer additive basis is row 81 (used by IS row 24 and Guidance)
B81: Organic growth - issuer additive basis | C81: =C74/C52 -> 0.078787879 | D81: =D74/D52 -> 0.090091456 | E81: =E74/E52 -> 0.13032008 | F81: =F74/F52 -> 0.13744624 | G81: =G74/G52 -> 0.11006336 | H81: =H74/H52 -> 0.10228504 | I81: =I74/I52 -> 0.1626894 | J81: =J74/J52 -> 0.085308953
B82: Organic growth Y/Y chg (bps) | H82: =IF(COUNT(H80,C80)<2,"n/a",(H80-C80)*10000) -> 229.90761 | I82: =IF(COUNT(I80,D80)<2,"n/a",(I80-D80)*10000) -> 758.92425 | J82: =IF(COUNT(J80,E80)<2,"n/a",(J80-E80)*10000) -> -458.82511
B83: Q/Q change (bps) | D83: =IF(COUNT(D80,C80)<2,"n/a",(D80-C80)*10000) -> 88.233992 | E83: =IF(COUNT(E80,D80)<2,"n/a",(E80-D80)*10000) -> 420.90373 | F83: =IF(COUNT(F80,E80)<2,"n/a",(F80-E80)*10000) -> 79.568691 | H83: =IF(COUNT(H80,F80)<2,"n/a",(H80-F80)*10000) -> -358.7988 | I83: =IF(COUNT(I80,H80)<2,"n/a",(I80-H80)*10000) -> 617.25064 | J83: =IF(COUNT(J80,I80)<2,"n/a",(J80-I80)*10000) -> -796.84564
B85: Sales by end market (consolidated, external) - sums of segment builds
B86: Other ops - U.S. government | C86: 53 | D86: 51 | E86: 50 | F86: 49 | G86: =SUM(C86:F86) -> 203 | H86: 52 | I86: 53 | J86: =I86/I36*J36 -> 53 | K86: S11-S14 | L86: 3Q26E: 2Q26 mix of other external sales
B87: % Y/Y | H87: =IF(COUNT(H86,C86)<2,"n/a",IF(H86*C86<=0,"n/m",H86/C86-1)) -> -0.018867925 | I87: =IF(COUNT(I86,D86)<2,"n/a",IF(I86*D86<=0,"n/m",I86/D86-1)) -> 0.039215686 | J87: =IF(COUNT(J86,E86)<2,"n/a",IF(J86*E86<=0,"n/m",J86/E86-1)) -> 0.06
B88: Q/Q change ($) | D88: =IF(COUNT(D86,C86)<2,"n/a",D86-C86) -> -2 | E88: =IF(COUNT(E86,D86)<2,"n/a",E86-D86) -> -1 | F88: =IF(COUNT(F86,E86)<2,"n/a",F86-E86) -> -1 | H88: =IF(COUNT(H86,F86)<2,"n/a",H86-F86) -> 3 | I88: =IF(COUNT(I86,H86)<2,"n/a",I86-H86) -> 1 | J88: =IF(COUNT(J86,I86)<2,"n/a",J86-I86) -> 0
B89: U.S. government (excl. FMS) | C89: ='Segment - Collins Aerospace'!C42+'Segment - Pratt & Whitney'!C49+'Segment - Raytheon'!C31+C86 -> 7732 | D89: ='Segment - Collins Aerospace'!D42+'Segment - Pratt & Whitney'!D49+'Segment - Raytheon'!D31+D86 -> 8273 | E89: ='Segment - Collins Aerospace'!E42+'Segment - Pratt & Whitney'!E49+'Segment - Raytheon'!E31+E86 -> 8409 | F89: ='Segment - Collins Aerospace'!F42+'Segment - Pratt & Whitney'!F49+'Segment - Raytheon'!F31+F86 -> 8865 | G89: ='Segment - Collins Aerospace'!G42+'Segment - Pratt & Whitney'!G49+'Segment - Raytheon'!G31+G86 -> 33279 | H89: ='Segment - Collins Aerospace'!H42+'Segment - Pratt & Whitney'!H49+'Segment - Raytheon'!H31+H86 -> 7970 | I89: ='Segment - Collins Aerospace'!I42+'Segment - Pratt & Whitney'!I49+'Segment - Raytheon'!I31+I86 -> 9298 | J89: ='Segment - Collins Aerospace'!J42+'Segment - Pratt & Whitney'!J49+'Segment - Raytheon'!J31+J86 -> 8926.4164
B90: % Y/Y | H90: =IF(COUNT(H89,C89)<2,"n/a",IF(H89*C89<=0,"n/m",H89/C89-1)) -> 0.030781169 | I90: =IF(COUNT(I89,D89)<2,"n/a",IF(I89*D89<=0,"n/m",I89/D89-1)) -> 0.12389701 | J90: =IF(COUNT(J89,E89)<2,"n/a",IF(J89*E89<=0,"n/m",J89/E89-1)) -> 0.061531268
B91: Q/Q change ($) | D91: =IF(COUNT(D89,C89)<2,"n/a",D89-C89) -> 541 | E91: =IF(COUNT(E89,D89)<2,"n/a",E89-D89) -> 136 | F91: =IF(COUNT(F89,E89)<2,"n/a",F89-E89) -> 456 | H91: =IF(COUNT(H89,F89)<2,"n/a",H89-F89) -> -895 | I91: =IF(COUNT(I89,H89)<2,"n/a",I89-H89) -> 1328 | J91: =IF(COUNT(J89,I89)<2,"n/a",J89-I89) -> -371.58356
B92: % of total net sales | C92: =IF(COUNT(C89,C50)<2,"n/a",C89/C50) -> 0.38077416 | D92: =IF(COUNT(D89,D50)<2,"n/a",D89/D50) -> 0.38334646 | E92: =IF(COUNT(E89,E50)<2,"n/a",E89/E50) -> 0.37409912 | F92: =IF(COUNT(F89,F50)<2,"n/a",F89/F50) -> 0.365748 | G92: =IF(COUNT(G89,G50)<2,"n/a",G89/G50) -> 0.37559676 | H92: =IF(COUNT(H89,H50)<2,"n/a",H89/H50) -> 0.36102555 | I92: =IF(COUNT(I89,I50)<2,"n/a",I89/I50) -> 0.37631536 | J92: =IF(COUNT(J89,J50)<2,"n/a",J89/J50) -> 0.36847078
B93: Y/Y change (bps) | H93: =IF(COUNT(H92,C92)<2,"n/a",(H92-C92)*10000) -> -197.48607 | I93: =IF(COUNT(I92,D92)<2,"n/a",(I92-D92)*10000) -> -70.310987 | J93: =IF(COUNT(J92,E92)<2,"n/a",(J92-E92)*10000) -> -56.28337
B94: Q/Q change (bps) | D94: =IF(COUNT(D92,C92)<2,"n/a",(D92-C92)*10000) -> 25.723067 | E94: =IF(COUNT(E92,D92)<2,"n/a",(E92-D92)*10000) -> -92.47343 | F94: =IF(COUNT(F92,E92)<2,"n/a",(F92-E92)*10000) -> -83.511201 | H94: =IF(COUNT(H92,F92)<2,"n/a",(H92-F92)*10000) -> -47.224509 | I94: =IF(COUNT(I92,H92)<2,"n/a",(I92-H92)*10000) -> 152.89815 | J94: =IF(COUNT(J92,I92)<2,"n/a",(J92-I92)*10000) -> -78.445814
B95: Organic / M&A / FX split | C95: n/a | D95: n/a | E95: n/a | F95: n/a | G95: n/a | H95: n/a | I95: n/a | J95: n/a | L95: Not disclosed by end market (unavailable)
B96: Other ops - foreign military sales | C96: 0 | D96: 0 | E96: 0 | F96: 0 | G96: =SUM(C96:F96) -> 0 | H96: 0 | I96: 0 | J96: =I96/I36*J36 -> 0 | K96: S11-S14 | L96: 3Q26E: 2Q26 mix of other external sales
B97: % Y/Y | H97: =IF(COUNT(H96,C96)<2,"n/a",IF(H96*C96<=0,"n/m",H96/C96-1)) -> n/m | I97: =IF(COUNT(I96,D96)<2,"n/a",IF(I96*D96<=0,"n/m",I96/D96-1)) -> n/m | J97: =IF(COUNT(J96,E96)<2,"n/a",IF(J96*E96<=0,"n/m",J96/E96-1)) -> n/m
B98: Q/Q change ($) | D98: =IF(COUNT(D96,C96)<2,"n/a",D96-C96) -> 0 | E98: =IF(COUNT(E96,D96)<2,"n/a",E96-D96) -> 0 | F98: =IF(COUNT(F96,E96)<2,"n/a",F96-E96) -> 0 | H98: =IF(COUNT(H96,F96)<2,"n/a",H96-F96) -> 0 | I98: =IF(COUNT(I96,H96)<2,"n/a",I96-H96) -> 0 | J98: =IF(COUNT(J96,I96)<2,"n/a",J96-I96) -> 0
B99: Foreign military sales (via USG) | C99: ='Segment - Collins Aerospace'!C46+'Segment - Pratt & Whitney'!C53+'Segment - Raytheon'!C35+C96 -> 1471 | D99: ='Segment - Collins Aerospace'!D46+'Segment - Pratt & Whitney'!D53+'Segment - Raytheon'!D35+D96 -> 1635 | E99: ='Segment - Collins Aerospace'!E46+'Segment - Pratt & Whitney'!E53+'Segment - Raytheon'!E35+E96 -> 1867 | F99: ='Segment - Collins Aerospace'!F46+'Segment - Pratt & Whitney'!F53+'Segment - Raytheon'!F35+F96 -> 1729 | G99: ='Segment - Collins Aerospace'!G46+'Segment - Pratt & Whitney'!G53+'Segment - Raytheon'!G35+G96 -> 6702 | H99: ='Segment - Collins Aerospace'!H46+'Segment - Pratt & Whitney'!H53+'Segment - Raytheon'!H35+H96 -> 1781 | I99: ='Segment - Collins Aerospace'!I46+'Segment - Pratt & Whitney'!I53+'Segment - Raytheon'!I35+I96 -> 2020 | J99: ='Segment - Collins Aerospace'!J46+'Segment - Pratt & Whitney'!J53+'Segment - Raytheon'!J35+J96 -> 1852.6308
B100: % Y/Y | H100: =IF(COUNT(H99,C99)<2,"n/a",IF(H99*C99<=0,"n/m",H99/C99-1)) -> 0.21074099 | I100: =IF(COUNT(I99,D99)<2,"n/a",IF(I99*D99<=0,"n/m",I99/D99-1)) -> 0.23547401 | J100: =IF(COUNT(J99,E99)<2,"n/a",IF(J99*E99<=0,"n/m",J99/E99-1)) -> -0.0076963919
B101: Q/Q change ($) | D101: =IF(COUNT(D99,C99)<2,"n/a",D99-C99) -> 164 | E101: =IF(COUNT(E99,D99)<2,"n/a",E99-D99) -> 232 | F101: =IF(COUNT(F99,E99)<2,"n/a",F99-E99) -> -138 | H101: =IF(COUNT(H99,F99)<2,"n/a",H99-F99) -> 52 | I101: =IF(COUNT(I99,H99)<2,"n/a",I99-H99) -> 239 | J101: =IF(COUNT(J99,I99)<2,"n/a",J99-I99) -> -167.36916
B102: % of total net sales | C102: =IF(COUNT(C99,C50)<2,"n/a",C99/C50) -> 0.072441643 | D102: =IF(COUNT(D99,D50)<2,"n/a",D99/D50) -> 0.075761086 | E102: =IF(COUNT(E99,E50)<2,"n/a",E99/E50) -> 0.083058991 | F102: =IF(COUNT(F99,F50)<2,"n/a",F99/F50) -> 0.071334269 | G102: =IF(COUNT(G99,G50)<2,"n/a",G99/G50) -> 0.07564078 | H102: =IF(COUNT(H99,H50)<2,"n/a",H99/H50) -> 0.080675847 | I102: =IF(COUNT(I99,I50)<2,"n/a",I99/I50) -> 0.081754897 | J102: =IF(COUNT(J99,J50)<2,"n/a",J99/J50) -> 0.076474175
B103: Y/Y change (bps) | H103: =IF(COUNT(H102,C102)<2,"n/a",(H102-C102)*10000) -> 82.342042 | I103: =IF(COUNT(I102,D102)<2,"n/a",(I102-D102)*10000) -> 59.938111 | J103: =IF(COUNT(J102,E102)<2,"n/a",(J102-E102)*10000) -> -65.848159
B104: Q/Q change (bps) | D104: =IF(COUNT(D102,C102)<2,"n/a",(D102-C102)*10000) -> 33.194433 | E104: =IF(COUNT(E102,D102)<2,"n/a",(E102-D102)*10000) -> 72.979049 | F104: =IF(COUNT(F102,E102)<2,"n/a",(F102-E102)*10000) -> -117.24723 | H104: =IF(COUNT(H102,F102)<2,"n/a",(H102-F102)*10000) -> 93.415786 | I104: =IF(COUNT(I102,H102)<2,"n/a",(I102-H102)*10000) -> 10.790501 | J104: =IF(COUNT(J102,I102)<2,"n/a",(J102-I102)*10000) -> -52.807221
B105: Organic / M&A / FX split | C105: n/a | D105: n/a | E105: n/a | F105: n/a | G105: n/a | H105: n/a | I105: n/a | J105: n/a | L105: Not disclosed by end market (unavailable)
...

Sheet Segment - Collins Aerospace
B2: RTX Corporation (NYSE: RTX)
B3: Segment - Collins Aerospace: revenue drivers, build and profit
B4: $ millions, except per share
B6: Period | C6: 1Q25A | D6: 2Q25A | E6: 3Q25A | F6: 4Q25A | G6: FY25A | H6: 1Q26A | I6: 2Q26A | J6: 3Q26E | K6: Source | L6: Notes
B7: Period end | C7: 45747 | D7: 45838 | E7: 45930 | F7: 46022 | G7: 46022 | H7: 46112 | I7: 46203 | J7: 46295
B8: Days in period | C8: =C7-EOMONTH(C7,-3) -> 90 | D8: =D7-C7 -> 91 | E8: =E7-D7 -> 92 | F8: =F7-E7 -> 92 | G8: =G7-EOMONTH(G7,-12) -> 365 | H8: =H7-F7 -> 90 | I8: =I7-H7 -> 91 | J8: =J7-I7 -> 92
B10: Industry drivers - commercial OE (airframer deliveries, observed)
B11: Airbus deliveries (units) | C11: 136 | D11: 170 | E11: 201 | F11: 286 | G11: =SUM(C11:F11) -> 793 | H11: 114 | I11: 237 | J11: 196 | K11: S24 | L11: 3Q26 = 547 (9M26) - 351 (H1 26): observed industry data, not an RTX actual
B12: % Y/Y | H12: =IF(COUNT(H11,C11)<2,"n/a",IF(H11*C11<=0,"n/m",H11/C11-1)) -> -0.16176471 | I12: =IF(COUNT(I11,D11)<2,"n/a",IF(I11*D11<=0,"n/m",I11/D11-1)) -> 0.39411765 | J12: =IF(COUNT(J11,E11)<2,"n/a",IF(J11*E11<=0,"n/m",J11/E11-1)) -> -0.024875622
B13: Q/Q change (units) | D13: =IF(COUNT(D11,C11)<2,"n/a",D11-C11) -> 34 | E13: =IF(COUNT(E11,D11)<2,"n/a",E11-D11) -> 31 | F13: =IF(COUNT(F11,E11)<2,"n/a",F11-E11) -> 85 | H13: =IF(COUNT(H11,F11)<2,"n/a",H11-F11) -> -172 | I13: =IF(COUNT(I11,H11)<2,"n/a",I11-H11) -> 123 | J13: =IF(COUNT(J11,I11)<2,"n/a",J11-I11) -> -41
B14: Boeing deliveries (units) | C14: 130 | D14: 150 | E14: 160 | H14: 143 | I14: 171 | J14: 161 | K14: S25 | L14: 4Q25 total not captured (unavailable); FY25 left blank rather than estimated
B15: % Y/Y | H15: =IF(COUNT(H14,C14)<2,"n/a",IF(H14*C14<=0,"n/m",H14/C14-1)) -> 0.1 | I15: =IF(COUNT(I14,D14)<2,"n/a",IF(I14*D14<=0,"n/m",I14/D14-1)) -> 0.14 | J15: =IF(COUNT(J14,E14)<2,"n/a",IF(J14*E14<=0,"n/m",J14/E14-1)) -> 0.00625
B16: Q/Q change (units) | D16: =IF(COUNT(D14,C14)<2,"n/a",D14-C14) -> 20 | E16: =IF(COUNT(E14,D14)<2,"n/a",E14-D14) -> 10 | F16: =IF(COUNT(F14,E14)<2,"n/a",F14-E14) -> n/a | H16: =IF(COUNT(H14,F14)<2,"n/a",H14-F14) -> n/a | I16: =IF(COUNT(I14,H14)<2,"n/a",I14-H14) -> 28 | J16: =IF(COUNT(J14,I14)<2,"n/a",J14-I14) -> -10
B17: Airbus + Boeing deliveries (units) | C17: =IF(COUNT(C11,C14)=2,C11+C14,"n/a") -> 266 | D17: =IF(COUNT(D11,D14)=2,D11+D14,"n/a") -> 320 | E17: =IF(COUNT(E11,E14)=2,E11+E14,"n/a") -> 361 | F17: =IF(COUNT(F11,F14)=2,F11+F14,"n/a") -> n/a | G17: =IF(COUNT(G11,G14)=2,G11+G14,"n/a") -> n/a | H17: =IF(COUNT(H11,H14)=2,H11+H14,"n/a") -> 257 | I17: =IF(COUNT(I11,I14)=2,I11+I14,"n/a") -> 408 | J17: =IF(COUNT(J11,J14)=2,J11+J14,"n/a") -> 357
B18: % Y/Y | H18: =IF(COUNT(H17,C17)<2,"n/a",IF(H17*C17<=0,"n/m",H17/C17-1)) -> -0.033834586 | I18: =IF(COUNT(I17,D17)<2,"n/a",IF(I17*D17<=0,"n/m",I17/D17-1)) -> 0.275 | J18: =IF(COUNT(J17,E17)<2,"n/a",IF(J17*E17<=0,"n/m",J17/E17-1)) -> -0.011080332
B19: Q/Q change (units) | D19: =IF(COUNT(D17,C17)<2,"n/a",D17-C17) -> 54 | E19: =IF(COUNT(E17,D17)<2,"n/a",E17-D17) -> 41 | F19: =IF(COUNT(F17,E17)<2,"n/a",F17-E17) -> n/a | H19: =IF(COUNT(H17,F17)<2,"n/a",H17-F17) -> n/a | I19: =IF(COUNT(I17,H17)<2,"n/a",I17-H17) -> 151 | J19: =IF(COUNT(J17,I17)<2,"n/a",J17-I17) -> -51
B21: Disclosed channel growth (organic, ex-divestitures, % Y/Y) - drives commercial and defense lines
B22: Commercial OE growth | C22: 0.02 | D22: 0.01 | E22: 0.16 | F22: 0.09 | H22: 0.15 | I22: 0.26 | J22: =(1+J18)*(1+J31)-1 -> 0.17997895 | K22: S03-S08 | L22: 3Q26E: formula = (1 + delivery growth) x (1 + rate/content factor) - 1
B23: Y/Y change (bps) | H23: =IF(COUNT(H22,C22)<2,"n/a",(H22-C22)*10000) -> 1300 | I23: =IF(COUNT(I22,D22)<2,"n/a",(I22-D22)*10000) -> 2500 | J23: =IF(COUNT(J22,E22)<2,"n/a",(J22-E22)*10000) -> 199.78947
B24: Q/Q change (bps) | D24: =IF(COUNT(D22,C22)<2,"n/a",(D22-C22)*10000) -> -100 | E24: =IF(COUNT(E22,D22)<2,"n/a",(E22-D22)*10000) -> 1500 | F24: =IF(COUNT(F22,E22)<2,"n/a",(F22-E22)*10000) -> -700 | H24: =IF(COUNT(H22,F22)<2,"n/a",(H22-F22)*10000) -> 600 | I24: =IF(COUNT(I22,H22)<2,"n/a",(I22-H22)*10000) -> 1100 | J24: =IF(COUNT(J22,I22)<2,"n/a",(J22-I22)*10000) -> -800.21053
B25: Commercial aftermarket growth | C25: 0.13 | D25: 0.13 | E25: 0.13 | F25: 0.13 | H25: 0.07 | I25: 0.1 | J25: 0.09 | K25: S03-S08 | L25: Hist: issuer text; 3Q26E: forecast input (blue)
B26: Y/Y change (bps) | H26: =IF(COUNT(H25,C25)<2,"n/a",(H25-C25)*10000) -> -600 | I26: =IF(COUNT(I25,D25)<2,"n/a",(I25-D25)*10000) -> -300 | J26: =IF(COUNT(J25,E25)<2,"n/a",(J25-E25)*10000) -> -400
B27: Q/Q change (bps) | D27: =IF(COUNT(D25,C25)<2,"n/a",(D25-C25)*10000) -> 0 | E27: =IF(COUNT(E25,D25)<2,"n/a",(E25-D25)*10000) -> 0 | F27: =IF(COUNT(F25,E25)<2,"n/a",(F25-E25)*10000) -> 0 | H27: =IF(COUNT(H25,F25)<2,"n/a",(H25-F25)*10000) -> -600 | I27: =IF(COUNT(I25,H25)<2,"n/a",(I25-H25)*10000) -> 300 | J27: =IF(COUNT(J25,I25)<2,"n/a",(J25-I25)*10000) -> -100
B28: Defense growth | C28: 0.1 | D28: 0.11 | E28: 0.06 | F28: 0.02 | H28: 0.09 | I28: 0.07 | J28: 0.06 | K28: S03-S08 | L28: Hist: issuer text; 3Q26E: forecast input (blue)
B29: Y/Y change (bps) | H29: =IF(COUNT(H28,C28)<2,"n/a",(H28-C28)*10000) -> -100 | I29: =IF(COUNT(I28,D28)<2,"n/a",(I28-D28)*10000) -> -400 | J29: =IF(COUNT(J28,E28)<2,"n/a",(J28-E28)*10000) -> 0
B30: Q/Q change (bps) | D30: =IF(COUNT(D28,C28)<2,"n/a",(D28-C28)*10000) -> 100 | E30: =IF(COUNT(E28,D28)<2,"n/a",(E28-D28)*10000) -> -500 | F30: =IF(COUNT(F28,E28)<2,"n/a",(F28-E28)*10000) -> -400 | H30: =IF(COUNT(H28,F28)<2,"n/a",(H28-F28)*10000) -> 700 | I30: =IF(COUNT(I28,H28)<2,"n/a",(I28-H28)*10000) -> -200 | J30: =IF(COUNT(J28,I28)<2,"n/a",(J28-I28)*10000) -> -100
B31: OE growth vs deliveries (rate/content factor) | H31: =IF(COUNT(H22,H18)<2,"n/a",(1+H22)/(1+H18)-1) -> 0.19027237 | I31: =IF(COUNT(I22,I18)<2,"n/a",(1+I22)/(1+I18)-1) -> -0.011764706 | J31: 0.1932 | L31: Hist: (1+OE growth)/(1+Airbus+Boeing delivery growth)-1; 3Q26E input 19.3%: like 1Q26 (+19%) when deliveries lagged build rates; Collins ships to production, not deliveries
B32: Y/Y change (bps) | H32: =IF(COUNT(H31,C31)<2,"n/a",(H31-C31)*10000) -> n/a | I32: =IF(COUNT(I31,D31)<2,"n/a",(I31-D31)*10000) -> n/a | J32: =IF(COUNT(J31,E31)<2,"n/a",(J31-E31)*10000) -> n/a
B33: Q/Q change (bps) | D33: =IF(COUNT(D31,C31)<2,"n/a",(D31-C31)*10000) -> n/a | E33: =IF(COUNT(E31,D31)<2,"n/a",(E31-D31)*10000) -> n/a | F33: =IF(COUNT(F31,E31)<2,"n/a",(F31-E31)*10000) -> n/a | H33: =IF(COUNT(H31,F31)<2,"n/a",(H31-F31)*10000) -> n/a | I33: =IF(COUNT(I31,H31)<2,"n/a",(I31-H31)*10000) -> -2020.3708 | J33: =IF(COUNT(J31,I31)<2,"n/a",(J31-I31)*10000) -> 2049.6471
B34: Aftermarket share of commercial | J34: 0.62 | K34: S20 | L34: CEO (Laguna 2026-09-15): aftermarket ~40% of Collins sales -> ~62% of Collins commercial line
B35: Y/Y change (bps) | H35: =IF(COUNT(H34,C34)<2,"n/a",(H34-C34)*10000) -> n/a | I35: =IF(COUNT(I34,D34)<2,"n/a",(I34-D34)*10000) -> n/a | J35: =IF(COUNT(J34,E34)<2,"n/a",(J34-E34)*10000) -> n/a
B36: Q/Q change (bps) | D36: =IF(COUNT(D34,C34)<2,"n/a",(D34-C34)*10000) -> n/a | E36: =IF(COUNT(E34,D34)<2,"n/a",(E34-D34)*10000) -> n/a | F36: =IF(COUNT(F34,E34)<2,"n/a",(F34-E34)*10000) -> n/a | H36: =IF(COUNT(H34,F34)<2,"n/a",(H34-F34)*10000) -> n/a | I36: =IF(COUNT(I34,H34)<2,"n/a",(I34-H34)*10000) -> n/a | J36: =IF(COUNT(J34,I34)<2,"n/a",(J34-I34)*10000) -> n/a
B37: Blended commercial growth | J37: =J34*J25+(1-J34)*J22 -> 0.124192
B38: Y/Y change (bps) | H38: =IF(COUNT(H37,C37)<2,"n/a",(H37-C37)*10000) -> n/a | I38: =IF(COUNT(I37,D37)<2,"n/a",(I37-D37)*10000) -> n/a | J38: =IF(COUNT(J37,E37)<2,"n/a",(J37-E37)*10000) -> n/a
B39: Q/Q change (bps) | D39: =IF(COUNT(D37,C37)<2,"n/a",(D37-C37)*10000) -> n/a | E39: =IF(COUNT(E37,D37)<2,"n/a",(E37-D37)*10000) -> n/a | F39: =IF(COUNT(F37,E37)<2,"n/a",(F37-E37)*10000) -> n/a | H39: =IF(COUNT(H37,F37)<2,"n/a",(H37-F37)*10000) -> n/a | I39: =IF(COUNT(I37,H37)<2,"n/a",(I37-H37)*10000) -> n/a | J39: =IF(COUNT(J37,I37)<2,"n/a",(J37-I37)*10000) -> n/a
B41: Revenue build by customer type (external sales) - 10-Q segment note
B42: U.S. government (excl. FMS) | C42: 1659 | D42: 1852 | E42: 1766 | F42: 1784 | G42: =SUM(C42:F42) -> 7061 | H42: 1717 | I42: 1871 | J42: =E42*(1+J28)+J130 -> 1820.96 | K42: S11-S14
B43: % Y/Y | H43: =IF(COUNT(H42,C42)<2,"n/a",IF(H42*C42<=0,"n/m",H42/C42-1)) -> 0.03496082 | I43: =IF(COUNT(I42,D42)<2,"n/a",IF(I42*D42<=0,"n/m",I42/D42-1)) -> 0.010259179 | J43: =IF(COUNT(J42,E42)<2,"n/a",IF(J42*E42<=0,"n/m",J42/E42-1)) -> 0.031121178
B44: Q/Q change ($) | D44: =IF(COUNT(D42,C42)<2,"n/a",D42-C42) -> 193 | E44: =IF(COUNT(E42,D42)<2,"n/a",E42-D42) -> -86 | F44: =IF(COUNT(F42,E42)<2,"n/a",F42-E42) -> 18 | H44: =IF(COUNT(H42,F42)<2,"n/a",H42-F42) -> -67 | I44: =IF(COUNT(I42,H42)<2,"n/a",I42-H42) -> 154 | J44: =IF(COUNT(J42,I42)<2,"n/a",J42-I42) -> -50.04
B45: Organic / M&A / FX split | C45: n/a | D45: n/a | E45: n/a | F45: n/a | G45: n/a | H45: n/a | I45: n/a | J45: n/a | L45: Not disclosed by the issuer for this line (unavailable); segment-level split below
B46: Foreign military sales (via USG) | C46: 116 | D46: 104 | E46: 141 | F46: 75 | G46: =SUM(C46:F46) -> 436 | H46: 135 | I46: 107 | J46: =E46*(1+J28) -> 149.46 | K46: S11-S14
B47: % Y/Y | H47: =IF(COUNT(H46,C46)<2,"n/a",IF(H46*C46<=0,"n/m",H46/C46-1)) -> 0.1637931 | I47: =IF(COUNT(I46,D46)<2,"n/a",IF(I46*D46<=0,"n/m",I46/D46-1)) -> 0.028846154 | J47: =IF(COUNT(J46,E46)<2,"n/a",IF(J46*E46<=0,"n/m",J46/E46-1)) -> 0.06
B48: Q/Q change ($) | D48: =IF(COUNT(D46,C46)<2,"n/a",D46-C46) -> -12 | E48: =IF(COUNT(E46,D46)<2,"n/a",E46-D46) -> 37 | F48: =IF(COUNT(F46,E46)<2,"n/a",F46-E46) -> -66 | H48: =IF(COUNT(H46,F46)<2,"n/a",H46-F46) -> 60 | I48: =IF(COUNT(I46,H46)<2,"n/a",I46-H46) -> -28 | J48: =IF(COUNT(J46,I46)<2,"n/a",J46-I46) -> 42.46
B49: Organic / M&A / FX split | C49: n/a | D49: n/a | E49: n/a | F49: n/a | G49: n/a | H49: n/a | I49: n/a | J49: n/a | L49: Not disclosed by the issuer for this line (unavailable); segment-level split below
B50: Foreign gov. direct commercial | C50: 327 | D50: 321 | E50: 264 | F50: 318 | G50: =SUM(C50:F50) -> 1230 | H50: 266 | I50: 275 | J50: =E50*(1+J28) -> 279.84 | K50: S11-S14
B51: % Y/Y | H51: =IF(COUNT(H50,C50)<2,"n/a",IF(H50*C50<=0,"n/m",H50/C50-1)) -> -0.18654434 | I51: =IF(COUNT(I50,D50)<2,"n/a",IF(I50*D50<=0,"n/m",I50/D50-1)) -> -0.14330218 | J51: =IF(COUNT(J50,E50)<2,"n/a",IF(J50*E50<=0,"n/m",J50/E50-1)) -> 0.06
B52: Q/Q change ($) | D52: =IF(COUNT(D50,C50)<2,"n/a",D50-C50) -> -6 | E52: =IF(COUNT(E50,D50)<2,"n/a",E50-D50) -> -57 | F52: =IF(COUNT(F50,E50)<2,"n/a",F50-E50) -> 54 | H52: =IF(COUNT(H50,F50)<2,"n/a",H50-F50) -> -52 | I52: =IF(COUNT(I50,H50)<2,"n/a",I50-H50) -> 9 | J52: =IF(COUNT(J50,I50)<2,"n/a",J50-I50) -> 4.84
B53: Organic / M&A / FX split | C53: n/a | D53: n/a | E53: n/a | F53: n/a | G53: n/a | H53: n/a | I53: n/a | J53: n/a | L53: Not disclosed by the issuer for this line (unavailable); segment-level split below
B54: Commercial aerospace & other | C54: 4485 | D54: 4652 | E54: 4829 | F54: 4892 | G54: =SUM(C54:F54) -> 18858 | H54: 4816 | I54: 5299 | J54: =E54*(1+J37)+J127 -> 5309.7232 | K54: S11-S14
B55: % Y/Y | H55: =IF(COUNT(H54,C54)<2,"n/a",IF(H54*C54<=0,"n/m",H54/C54-1)) -> 0.073801561 | I55: =IF(COUNT(I54,D54)<2,"n/a",IF(I54*D54<=0,"n/m",I54/D54-1)) -> 0.13907997 | J55: =IF(COUNT(J54,E54)<2,"n/a",IF(J54*E54<=0,"n/m",J54/E54-1)) -> 0.099549217
B56: Q/Q change ($) | D56: =IF(COUNT(D54,C54)<2,"n/a",D54-C54) -> 167 | E56: =IF(COUNT(E54,D54)<2,"n/a",E54-D54) -> 177 | F56: =IF(COUNT(F54,E54)<2,"n/a",F54-E54) -> 63 | H56: =IF(COUNT(H54,F54)<2,"n/a",H54-F54) -> -76 | I56: =IF(COUNT(I54,H54)<2,"n/a",I54-H54) -> 483 | J56: =IF(COUNT(J54,I54)<2,"n/a",J54-I54) -> 10.723168
B57: Organic / M&A / FX split | C57: n/a | D57: n/a | E57: n/a | F57: n/a | G57: n/a | H57: n/a | I57: n/a | J57: n/a | L57: Not disclosed by the issuer for this line (unavailable); segment-level split below
B58: Defense & government sales | C58: =C42+C46+C50 -> 2102 | D58: =D42+D46+D50 -> 2277 | E58: =E42+E46+E50 -> 2171 | F58: =F42+F46+F50 -> 2177 | G58: =G42+G46+G50 -> 8727 | H58: =H42+H46+H50 -> 2118 | I58: =I42+I46+I50 -> 2253 | J58: =J42+J46+J50 -> 2250.26
B59: % Y/Y | H59: =IF(COUNT(H58,C58)<2,"n/a",IF(H58*C58<=0,"n/m",H58/C58-1)) -> 0.0076117983 | I59: =IF(COUNT(I58,D58)<2,"n/a",IF(I58*D58<=0,"n/m",I58/D58-1)) -> -0.010540184 | J59: =IF(COUNT(J58,E58)<2,"n/a",IF(J58*E58<=0,"n/m",J58/E58-1)) -> 0.036508521
B60: Q/Q change ($) | D60: =IF(COUNT(D58,C58)<2,"n/a",D58-C58) -> 175 | E60: =IF(COUNT(E58,D58)<2,"n/a",E58-D58) -> -106 | F60: =IF(COUNT(F58,E58)<2,"n/a",F58-E58) -> 6 | H60: =IF(COUNT(H58,F58)<2,"n/a",H58-F58) -> -59 | I60: =IF(COUNT(I58,H58)<2,"n/a",I58-H58) -> 135 | J60: =IF(COUNT(J58,I58)<2,"n/a",J58-I58) -> -2.74
B61: Organic / M&A / FX split | C61: n/a | D61: n/a | E61: n/a | F61: n/a | G61: n/a | H61: n/a | I61: n/a | J61: n/a | L61: Not disclosed for this line (unavailable)
B62: External (consolidated) net sales | C62: =C58+C54 -> 6587 | D62: =D58+D54 -> 6929 | E62: =E58+E54 -> 7000 | F62: =F58+F54 -> 7069 | G62: =G58+G54 -> 27585 | H62: =H58+H54 -> 6934 | I62: =I58+I54 -> 7552 | J62: =J58+J54 -> 7559.9832
B63: % Y/Y | H63: =IF(COUNT(H62,C62)<2,"n/a",IF(H62*C62<=0,"n/m",H62/C62-1)) -> 0.05267952 | I63: =IF(COUNT(I62,D62)<2,"n/a",IF(I62*D62<=0,"n/m",I62/D62-1)) -> 0.089911964 | J63: =IF(COUNT(J62,E62)<2,"n/a",IF(J62*E62<=0,"n/m",J62/E62-1)) -> 0.079997595
B64: Q/Q change ($) | D64: =IF(COUNT(D62,C62)<2,"n/a",D62-C62) -> 342 | E64: =IF(COUNT(E62,D62)<2,"n/a",E62-D62) -> 71 | F64: =IF(COUNT(F62,E62)<2,"n/a",F62-E62) -> 69 | H64: =IF(COUNT(H62,F62)<2,"n/a",H62-F62) -> -135 | I64: =IF(COUNT(I62,H62)<2,"n/a",I62-H62) -> 618 | J64: =IF(COUNT(J62,I62)<2,"n/a",J62-I62) -> 7.983168
B65: Organic / M&A / FX split | C65: n/a | D65: n/a | E65: n/a | F65: n/a | G65: n/a | H65: n/a | I65: n/a | J65: n/a | L65: Not disclosed for this line (unavailable)
B66: Inter-segment sales | C66: 630 | D66: 693 | E66: 621 | F66: 667 | G66: =SUM(C66:F66) -> 2611 | H66: 668 | I66: 658 | J66: =E66*(1+J67) -> 645.84 | K66: S11-S14 | L66: 3Q26E: Y/Y growth input below
B67: % Y/Y | H67: =IF(COUNT(H66,C66)<2,"n/a",IF(H66*C66<=0,"n/m",H66/C66-1)) -> 0.06031746 | I67: =IF(COUNT(I66,D66)<2,"n/a",IF(I66*D66<=0,"n/m",I66/D66-1)) -> -0.050505051 | J67: 0.04
B68: Q/Q change ($) | D68: =IF(COUNT(D66,C66)<2,"n/a",D66-C66) -> 63 | E68: =IF(COUNT(E66,D66)<2,"n/a",E66-D66) -> -72 | F68: =IF(COUNT(F66,E66)<2,"n/a",F66-E66) -> 46 | H68: =IF(COUNT(H66,F66)<2,"n/a",H66-F66) -> 1 | I68: =IF(COUNT(I66,H66)<2,"n/a",I66-H66) -> -10 | J68: =IF(COUNT(J66,I66)<2,"n/a",J66-I66) -> -12.16
B69: Organic / M&A / FX split | C69: n/a | D69: n/a | E69: n/a | F69: n/a | G69: n/a | H69: n/a | I69: n/a | J69: n/a | L69: Not disclosed for this line (unavailable)
B70: Collins Aerospace segment net sales | C70: =C62+C66 -> 7217 | D70: =D62+D66 -> 7622 | E70: =E62+E66 -> 7621 | F70: =F62+F66 -> 7736 | G70: =G62+G66 -> 30196 | H70: =H62+H66 -> 7602 | I70: =I62+I66 -> 8210 | J70: =J62+J66 -> 8205.8232
B71: Prior-year adjusted sales | C71: 6673 | D71: 6999 | E71: 7075 | F71: 7537 | G71: =SUM(C71:F71) -> 28284 | H71: =C70 -> 7217 | I71: =D70 -> 7622 | J71: =E70 -> 7621 | K71: S03-S08 | L71: 1Q25-4Q25: issuer reconciliation (2024 bases); 1Q26-3Q26 link to the 2025 columns
B72: % Y/Y | C72: =IF(COUNT(C70,C71)<2,"n/a",IF(C70*C71<=0,"n/m",C70/C71-1)) -> 0.081522554 | D72: =IF(COUNT(D70,D71)<2,"n/a",IF(D70*D71<=0,"n/m",D70/D71-1)) -> 0.089012716 | E72: =IF(COUNT(E70,E71)<2,"n/a",IF(E70*E71<=0,"n/m",E70/E71-1)) -> 0.077173145 | F72: =IF(COUNT(F70,F71)<2,"n/a",IF(F70*F71<=0,"n/m",F70/F71-1)) -> 0.026403078 | G72: =IF(COUNT(G70,G71)<2,"n/a",IF(G70*G71<=0,"n/m",G70/G71-1)) -> 0.067600057 | H72: =IF(COUNT(H70,H71)<2,"n/a",IF(H70*H71<=0,"n/m",H70/H71-1)) -> 0.053346266 | I72: =IF(COUNT(I70,I71)<2,"n/a",IF(I70*I71<=0,"n/m",I70/I71-1)) -> 0.077145106 | J72: =IF(COUNT(J70,J71)<2,"n/a",IF(J70*J71<=0,"n/m",J70/J71-1)) -> 0.076738377
B73: Q/Q change ($) | D73: =IF(COUNT(D70,C70)<2,"n/a",D70-C70) -> 405 | E73: =IF(COUNT(E70,D70)<2,"n/a",E70-D70) -> -1 | F73: =IF(COUNT(F70,E70)<2,"n/a",F70-E70) -> 115 | H73: =IF(COUNT(H70,F70)<2,"n/a",H70-F70) -> -134 | I73: =IF(COUNT(I70,H70)<2,"n/a",I70-H70) -> 608 | J73: =IF(COUNT(J70,I70)<2,"n/a",J70-I70) -> -4.176832
B74: U.S. government - % of segment | C74: =IF(COUNT(C42,C70)<2,"n/a",C42/C70) -> 0.22987391 | D74: =IF(COUNT(D42,D70)<2,"n/a",D42/D70) -> 0.24298084 | E74: =IF(COUNT(E42,E70)<2,"n/a",E42/E70) -> 0.23172812 | F74: =IF(COUNT(F42,F70)<2,"n/a",F42/F70) -> 0.23061013 | G74: =IF(COUNT(G42,G70)<2,"n/a",G42/G70) -> 0.23383892 | H74: =IF(COUNT(H42,H70)<2,"n/a",H42/H70) -> 0.22586162 | I74: =IF(COUNT(I42,I70)<2,"n/a",I42/I70) -> 0.22789281 | J74: =IF(COUNT(J42,J70)<2,"n/a",J42/J70) -> 0.2219107
B75: Y/Y change (bps) | H75: =IF(COUNT(H74,C74)<2,"n/a",(H74-C74)*10000) -> -40.122935 | I75: =IF(COUNT(I74,D74)<2,"n/a",(I74-D74)*10000) -> -150.88031 | J75: =IF(COUNT(J74,E74)<2,"n/a",(J74-E74)*10000) -> -98.174152
B76: Q/Q change (bps) | D76: =IF(COUNT(D74,C74)<2,"n/a",(D74-C74)*10000) -> 131.06936 | E76: =IF(COUNT(E74,D74)<2,"n/a",(E74-D74)*10000) -> -112.52725 | F76: =IF(COUNT(F74,E74)<2,"n/a",(F74-E74)*10000) -> -11.179852 | H76: =IF(COUNT(H74,F74)<2,"n/a",(H74-F74)*10000) -> -47.485191 | I76: =IF(COUNT(I74,H74)<2,"n/a",(I74-H74)*10000) -> 20.311983 | J76: =IF(COUNT(J74,I74)<2,"n/a",(J74-I74)*10000) -> -59.821092
B77: FMS - % of segment | C77: =IF(COUNT(C46,C70)<2,"n/a",C46/C70) -> 0.016073161 | D77: =IF(COUNT(D46,D70)<2,"n/a",D46/D70) -> 0.013644713 | E77: =IF(COUNT(E46,E70)<2,"n/a",E46/E70) -> 0.018501509 | F77: =IF(COUNT(F46,F70)<2,"n/a",F46/F70) -> 0.0096949328 | G77: =IF(COUNT(G46,G70)<2,"n/a",G46/G70) -> 0.014438999 | H77: =IF(COUNT(H46,H70)<2,"n/a",H46/H70) -> 0.017758485 | I77: =IF(COUNT(I46,I70)<2,"n/a",I46/I70) -> 0.013032887 | J77: =IF(COUNT(J46,J70)<2,"n/a",J46/J70) -> 0.018213895
B78: Y/Y change (bps) | H78: =IF(COUNT(H77,C77)<2,"n/a",(H77-C77)*10000) -> 16.85324 | I78: =IF(COUNT(I77,D77)<2,"n/a",(I77-D77)*10000) -> -6.1182595 | J78: =IF(COUNT(J77,E77)<2,"n/a",(J77-E77)*10000) -> -2.8761418
B79: Q/Q change (bps) | D79: =IF(COUNT(D77,C77)<2,"n/a",(D77-C77)*10000) -> -24.284479 | E79: =IF(COUNT(E77,D77)<2,"n/a",(E77-D77)*10000) -> 48.567963 | F79: =IF(COUNT(F77,E77)<2,"n/a",(F77-E77)*10000) -> -88.065762 | H79: =IF(COUNT(H77,F77)<2,"n/a",(H77-F77)*10000) -> 80.635518 | I79: =IF(COUNT(I77,H77)<2,"n/a",(I77-H77)*10000) -> -47.255979 | J79: =IF(COUNT(J77,I77)<2,"n/a",(J77-I77)*10000) -> 51.810081
B80: Foreign gov. direct - % of segment | C80: =IF(COUNT(C50,C70)<2,"n/a",C50/C70) -> 0.045309685 | D80: =IF(COUNT(D50,D70)<2,"n/a",D50/D70) -> 0.04211493 | E80: =IF(COUNT(E50,E70)<2,"n/a",E50/E70) -> 0.034641123 | F80: =IF(COUNT(F50,F70)<2,"n/a",F50/F70) -> 0.041106515 | G80: =IF(COUNT(G50,G70)<2,"n/a",G50/G70) -> 0.040733872 | H80: =IF(COUNT(H50,H70)<2,"n/a",H50/H70) -> 0.034990792 | I80: =IF(COUNT(I50,I70)<2,"n/a",I50/I70) -> 0.033495737 | J80: =IF(COUNT(J50,J70)<2,"n/a",J50/J70) -> 0.034102612
B81: Y/Y change (bps) | H81: =IF(COUNT(H80,C80)<2,"n/a",(H80-C80)*10000) -> -103.18894 | I81: =IF(COUNT(I80,D80)<2,"n/a",(I80-D80)*10000) -> -86.191936 | J81: =IF(COUNT(J80,E80)<2,"n/a",(J80-E80)*10000) -> -5.3851166
B82: Q/Q change (bps) | D82: =IF(COUNT(D80,C80)<2,"n/a",(D80-C80)*10000) -> -31.94755 | E82: =IF(COUNT(E80,D80)<2,"n/a",(E80-D80)*10000) -> -74.738073 | F82: =IF(COUNT(F80,E80)<2,"n/a",(F80-E80)*10000) -> 64.653918 | H82: =IF(COUNT(H80,F80)<2,"n/a",(H80-F80)*10000) -> -61.157231 | I82: =IF(COUNT(I80,H80)<2,"n/a",(I80-H80)*10000) -> -14.95055 | J82: =IF(COUNT(J80,I80)<2,"n/a",(J80-I80)*10000) -> 6.0687465
B83: Commercial - % of segment | C83: =IF(COUNT(C54,C70)<2,"n/a",C54/C70) -> 0.62144936 | D83: =IF(COUNT(D54,D70)<2,"n/a",D54/D70) -> 0.61033849 | E83: =IF(COUNT(E54,E70)<2,"n/a",E54/E70) -> 0.63364388 | F83: =IF(COUNT(F54,F70)<2,"n/a",F54/F70) -> 0.63236815 | G83: =IF(COUNT(G54,G70)<2,"n/a",G54/G70) -> 0.6245198 | H83: =IF(COUNT(H54,H70)<2,"n/a",H54/H70) -> 0.6335175 | I83: =IF(COUNT(I54,I70)<2,"n/a",I54/I70) -> 0.6454324 | J83: =IF(COUNT(J54,J70)<2,"n/a",J54/J70) -> 0.64706771
B84: Y/Y change (bps) | H84: =IF(COUNT(H83,C83)<2,"n/a",(H83-C83)*10000) -> 120.6814 | I84: =IF(COUNT(I83,D83)<2,"n/a",(I83-D83)*10000) -> 350.93906 | J84: =IF(COUNT(J83,E83)<2,"n/a",(J83-E83)*10000) -> 134.23827
B85: Q/Q change (bps) | D85: =IF(COUNT(D83,C83)<2,"n/a",(D83-C83)*10000) -> -111.10862 | E85: =IF(COUNT(E83,D83)<2,"n/a",(E83-D83)*10000) -> 233.05385 | F85: =IF(COUNT(F83,E83)<2,"n/a",(F83-E83)*10000) -> -12.757298 | H85: =IF(COUNT(H83,F83)<2,"n/a",(H83-F83)*10000) -> 11.493465 | I85: =IF(COUNT(I83,H83)<2,"n/a",(I83-H83)*10000) -> 119.14904 | J85: =IF(COUNT(J83,I83)<2,"n/a",(J83-I83)*10000) -> 16.353059
B86: Defense & government - % of segment | C86: =IF(COUNT(C58,C70)<2,"n/a",C58/C70) -> 0.29125675 | D86: =IF(COUNT(D58,D70)<2,"n/a",D58/D70) -> 0.29874049 | E86: =IF(COUNT(E58,E70)<2,"n/a",E58/E70) -> 0.28487075 | F86: =IF(COUNT(F58,F70)<2,"n/a",F58/F70) -> 0.28141158 | G86: =IF(COUNT(G58,G70)<2,"n/a",G58/G70) -> 0.28901179 | H86: =IF(COUNT(H58,H70)<2,"n/a",H58/H70) -> 0.27861089 | I86: =IF(COUNT(I58,I70)<2,"n/a",I58/I70) -> 0.27442144 | J86: =IF(COUNT(J58,J70)<2,"n/a",J58/J70) -> 0.27422721
B87: Y/Y change (bps) | H87: =IF(COUNT(H86,C86)<2,"n/a",(H86-C86)*10000) -> -126.45863 | I87: =IF(COUNT(I86,D86)<2,"n/a",(I86-D86)*10000) -> -243.19051 | J87: =IF(COUNT(J86,E86)<2,"n/a",(J86-E86)*10000) -> -106.43541
B88: Q/Q change (bps) | D88: =IF(COUNT(D86,C86)<2,"n/a",(D86-C86)*10000) -> 74.837332 | E88: =IF(COUNT(E86,D86)<2,"n/a",(E86-D86)*10000) -> -138.69736 | F88: =IF(COUNT(F86,E86)<2,"n/a",(F86-E86)*10000) -> -34.591697 | H88: =IF(COUNT(H86,F86)<2,"n/a",(H86-F86)*10000) -> -28.006903 | I88: =IF(COUNT(I86,H86)<2,"n/a",(I86-H86)*10000) -> -41.894546 | J88: =IF(COUNT(J86,I86)<2,"n/a",(J86-I86)*10000) -> -1.9422643
B89: Segment net sales as reported | C89: 7217 | D89: 7622 | E89: 7621 | F89: 7736 | G89: =SUM(C89:F89) -> 30196 | H89: 7602 | I89: 8210 | K89: S03-S08
B90: Check: build - reported | C90: =C70-C89 -> 0 | D90: =D70-D89 -> 0 | E90: =E70-E89 -> 0 | F90: =F70-F89 -> 0 | G90: =G70-G89 -> 0 | H90: =H70-H89 -> 0 | I90: =I70-I89 -> 0
B92: Sales by type (external) - 10-Q segment note
B93: Products | C93: 5110 | D93: 5408 | E93: 5441 | F93: 5508 | G93: =SUM(C93:F93) -> 21467 | H93: 5424 | I93: 5941 | J93: =J62*I93/I62 -> 5947.2802 | K93: S11-S14 | L93: 3Q26E: external sales x 2Q26 product mix (latest quarter)
B94: % Y/Y | H94: =IF(COUNT(H93,C93)<2,"n/a",IF(H93*C93<=0,"n/m",H93/C93-1)) -> 0.061448141 | I94: =IF(COUNT(I93,D93)<2,"n/a",IF(I93*D93<=0,"n/m",I93/D93-1)) -> 0.098557692 | J94: =IF(COUNT(J93,E93)<2,"n/a",IF(J93*E93<=0,"n/m",J93/E93-1)) -> 0.093049107
B95: Q/Q change ($) | D95: =IF(COUNT(D93,C93)<2,"n/a",D93-C93) -> 298 | E95: =IF(COUNT(E93,D93)<2,"n/a",E93-D93) -> 33 | F95: =IF(COUNT(F93,E93)<2,"n/a",F93-E93) -> 67 | H95: =IF(COUNT(H93,F93)<2,"n/a",H93-F93) -> -84 | I95: =IF(COUNT(I93,H93)<2,"n/a",I93-H93) -> 517 | J95: =IF(COUNT(J93,I93)<2,"n/a",J93-I93) -> 6.2801908
B96: Organic / M&A / FX split | C96: n/a | D96: n/a | E96: n/a | F96: n/a | G96: n/a | H96: n/a | I96: n/a | J96: n/a | L96: Not disclosed for products (unavailable)
B97: Services | C97: 1477 | D97: 1521 | E97: 1559 | F97: 1561 | G97: =SUM(C97:F97) -> 6118 | H97: 1510 | I97: 1611 | J97: =J62-J93 -> 1612.703 | K97: S11-S14
B98: % Y/Y | H98: =IF(COUNT(H97,C97)<2,"n/a",IF(H97*C97<=0,"n/m",H97/C97-1)) -> 0.022342586 | I98: =IF(COUNT(I97,D97)<2,"n/a",IF(I97*D97<=0,"n/m",I97/D97-1)) -> 0.059171598 | J98: =IF(COUNT(J97,E97)<2,"n/a",IF(J97*E97<=0,"n/m",J97/E97-1)) -> 0.034447067
B99: Q/Q change ($) | D99: =IF(COUNT(D97,C97)<2,"n/a",D97-C97) -> 44 | E99: =IF(COUNT(E97,D97)<2,"n/a",E97-D97) -> 38 | F99: =IF(COUNT(F97,E97)<2,"n/a",F97-E97) -> 2 | H99: =IF(COUNT(H97,F97)<2,"n/a",H97-F97) -> -51 | I99: =IF(COUNT(I97,H97)<2,"n/a",I97-H97) -> 101 | J99: =IF(COUNT(J97,I97)<2,"n/a",J97-I97) -> 1.7029772
B100: Organic / M&A / FX split | C100: n/a | D100: n/a | E100: n/a | F100: n/a | G100: n/a | H100: n/a | I100: n/a | J100: n/a | L100: Not disclosed for services (unavailable)
B101: Products - % of external sales | C101: =IF(COUNT(C93,C62)<2,"n/a",C93/C62) -> 0.77577046 | D101: =IF(COUNT(D93,D62)<2,"n/a",D93/D62) -> 0.7804878 | E101: =IF(COUNT(E93,E62)<2,"n/a",E93/E62) -> 0.77728571 | F101: =IF(COUNT(F93,F62)<2,"n/a",F93/F62) -> 0.77917669 | G101: =IF(COUNT(G93,G62)<2,"n/a",G93/G62) -> 0.7782128 | H101: =IF(COUNT(H93,H62)<2,"n/a",H93/H62) -> 0.78223248 | I101: =IF(COUNT(I93,I62)<2,"n/a",I93/I62) -> 0.78667903 | J101: =IF(COUNT(J93,J62)<2,"n/a",J93/J62) -> 0.78667903
B102: Y/Y change (bps) | H102: =IF(COUNT(H101,C101)<2,"n/a",(H101-C101)*10000) -> 64.620207 | I102: =IF(COUNT(I101,D101)<2,"n/a",(I101-D101)*10000) -> 61.912205 | J102: =IF(COUNT(J101,E101)<2,"n/a",(J101-E101)*10000) -> 93.933111
B103: Q/Q change (bps) | D103: =IF(COUNT(D101,C101)<2,"n/a",(D101-C101)*10000) -> 47.173479 | E103: =IF(COUNT(E101,D101)<2,"n/a",(E101-D101)*10000) -> -32.020906 | F103: =IF(COUNT(F101,E101)<2,"n/a",(F101-E101)*10000) -> 18.909727 | H103: =IF(COUNT(H101,F101)<2,"n/a",(H101-F101)*10000) -> 30.557907 | I103: =IF(COUNT(I101,H101)<2,"n/a",(I101-H101)*10000) -> 44.465478 | J103: =IF(COUNT(J101,I101)<2,"n/a",(J101-I101)*10000) -> 0
B104: Check: products + services - external | C104: =C93+C97-C62 -> 0 | D104: =D93+D97-D62 -> 0 | E104: =E93+E97-E62 -> 0 | F104: =F93+F97-F62 -> 0 | G104: =G93+G97-G62 -> 0 | H104: =H93+H97-H62 -> 0 | I104: =I93+I97-I62 -> 0 | J104: =J93+J97-J62 -> 0
B106: Growth decomposition (issuer organic-sales reconciliation)
B107: Total reported change ($) | C107: 544 | D107: 623 | E107: 546 | F107: 199 | G107: =SUM(C107:F107) -> 1912 | H107: 385 | I107: 588 | J107: =J70-J71 -> 584.82317 | K107: S03-S08 | L107: Hist: as disclosed (2Q25 includes $70M prior-year Raytheon sales adjustment in FX/other); 3Q26E: sales - PY sales
...

Sheet Segment - Pratt & Whitney
B2: RTX Corporation (NYSE: RTX)
B3: Segment - Pratt & Whitney: revenue drivers, build and profit
B4: $ millions, except per share
B6: Period | C6: 1Q25A | D6: 2Q25A | E6: 3Q25A | F6: 4Q25A | G6: FY25A | H6: 1Q26A | I6: 2Q26A | J6: 3Q26E | K6: Source | L6: Notes
B7: Period end | C7: 45747 | D7: 45838 | E7: 45930 | F7: 46022 | G7: 46022 | H7: 46112 | I7: 46203 | J7: 46295
B8: Days in period | C8: =C7-EOMONTH(C7,-3) -> 90 | D8: =D7-C7 -> 91 | E8: =E7-D7 -> 92 | F8: =F7-E7 -> 92 | G8: =G7-EOMONTH(G7,-12) -> 365 | H8: =H7-F7 -> 90 | I8: =I7-H7 -> 91 | J8: =J7-I7 -> 92
B10: Operating drivers - Pratt & Whitney engine shipments (units)
B11: Large commercial engines shipped | C11: 250 | D11: 227 | E11: 266 | F11: 312 | G11: =SUM(C11:F11) -> 1055 | H11: 235 | I11: 260 | J11: 280 | K11: S15 | L11: 3Q26E: forecast input (blue)
B12: % Y/Y | H12: =IF(COUNT(H11,C11)<2,"n/a",IF(H11*C11<=0,"n/m",H11/C11-1)) -> -0.06 | I12: =IF(COUNT(I11,D11)<2,"n/a",IF(I11*D11<=0,"n/m",I11/D11-1)) -> 0.14537445 | J12: =IF(COUNT(J11,E11)<2,"n/a",IF(J11*E11<=0,"n/m",J11/E11-1)) -> 0.052631579
B13: Q/Q change (units) | D13: =IF(COUNT(D11,C11)<2,"n/a",D11-C11) -> -23 | E13: =IF(COUNT(E11,D11)<2,"n/a",E11-D11) -> 39 | F13: =IF(COUNT(F11,E11)<2,"n/a",F11-E11) -> 46 | H13: =IF(COUNT(H11,F11)<2,"n/a",H11-F11) -> -77 | I13: =IF(COUNT(I11,H11)<2,"n/a",I11-H11) -> 25 | J13: =IF(COUNT(J11,I11)<2,"n/a",J11-I11) -> 20
B14: Military engines shipped | C14: 51 | D14: 40 | E14: 63 | F14: 73 | G14: =SUM(C14:F14) -> 227 | H14: 61 | I14: 70 | J14: 62 | K14: S15 | L14: 3Q26E: forecast input (blue)
B15: % Y/Y | H15: =IF(COUNT(H14,C14)<2,"n/a",IF(H14*C14<=0,"n/m",H14/C14-1)) -> 0.19607843 | I15: =IF(COUNT(I14,D14)<2,"n/a",IF(I14*D14<=0,"n/m",I14/D14-1)) -> 0.75 | J15: =IF(COUNT(J14,E14)<2,"n/a",IF(J14*E14<=0,"n/m",J14/E14-1)) -> -0.015873016
B16: Q/Q change (units) | D16: =IF(COUNT(D14,C14)<2,"n/a",D14-C14) -> -11 | E16: =IF(COUNT(E14,D14)<2,"n/a",E14-D14) -> 23 | F16: =IF(COUNT(F14,E14)<2,"n/a",F14-E14) -> 10 | H16: =IF(COUNT(H14,F14)<2,"n/a",H14-F14) -> -12 | I16: =IF(COUNT(I14,H14)<2,"n/a",I14-H14) -> 9 | J16: =IF(COUNT(J14,I14)<2,"n/a",J14-I14) -> -8
B17: P&W Canada engines shipped (ex-APU) | C17: 518 | D17: 521 | E17: 516 | F17: 571 | G17: =SUM(C17:F17) -> 2126 | H17: 497 | I17: 522 | J17: 515 | K17: S15 | L17: 3Q26E: forecast input (blue)
B18: % Y/Y | H18: =IF(COUNT(H17,C17)<2,"n/a",IF(H17*C17<=0,"n/m",H17/C17-1)) -> -0.040540541 | I18: =IF(COUNT(I17,D17)<2,"n/a",IF(I17*D17<=0,"n/m",I17/D17-1)) -> 0.0019193858 | J18: =IF(COUNT(J17,E17)<2,"n/a",IF(J17*E17<=0,"n/m",J17/E17-1)) -> -0.0019379845
B19: Q/Q change (units) | D19: =IF(COUNT(D17,C17)<2,"n/a",D17-C17) -> 3 | E19: =IF(COUNT(E17,D17)<2,"n/a",E17-D17) -> -5 | F19: =IF(COUNT(F17,E17)<2,"n/a",F17-E17) -> 55 | H19: =IF(COUNT(H17,F17)<2,"n/a",H17-F17) -> -74 | I19: =IF(COUNT(I17,H17)<2,"n/a",I17-H17) -> 25 | J19: =IF(COUNT(J17,I17)<2,"n/a",J17-I17) -> -7
B20: Total engines shipped | C20: =SUM(C11,C14,C17) -> 819 | D20: =SUM(D11,D14,D17) -> 788 | E20: =SUM(E11,E14,E17) -> 845 | F20: =SUM(F11,F14,F17) -> 956 | G20: =SUM(G11,G14,G17) -> 3408 | H20: =SUM(H11,H14,H17) -> 793 | I20: =SUM(I11,I14,I17) -> 852 | J20: =SUM(J11,J14,J17) -> 857
B21: % Y/Y | H21: =IF(COUNT(H20,C20)<2,"n/a",IF(H20*C20<=0,"n/m",H20/C20-1)) -> -0.031746032 | I21: =IF(COUNT(I20,D20)<2,"n/a",IF(I20*D20<=0,"n/m",I20/D20-1)) -> 0.081218274 | J21: =IF(COUNT(J20,E20)<2,"n/a",IF(J20*E20<=0,"n/m",J20/E20-1)) -> 0.014201183
B22: Q/Q change (units) | D22: =IF(COUNT(D20,C20)<2,"n/a",D20-C20) -> -31 | E22: =IF(COUNT(E20,D20)<2,"n/a",E20-D20) -> 57 | F22: =IF(COUNT(F20,E20)<2,"n/a",F20-E20) -> 111 | H22: =IF(COUNT(H20,F20)<2,"n/a",H20-F20) -> -163 | I22: =IF(COUNT(I20,H20)<2,"n/a",I20-H20) -> 59 | J22: =IF(COUNT(J20,I20)<2,"n/a",J20-I20) -> 5
B23: Large commercial % of units | C23: =IF(COUNT(C11,C20)<2,"n/a",C11/C20) -> 0.30525031 | D23: =IF(COUNT(D11,D20)<2,"n/a",D11/D20) -> 0.28807107 | E23: =IF(COUNT(E11,E20)<2,"n/a",E11/E20) -> 0.3147929 | F23: =IF(COUNT(F11,F20)<2,"n/a",F11/F20) -> 0.32635983 | G23: =IF(COUNT(G11,G20)<2,"n/a",G11/G20) -> 0.30956573 | H23: =IF(COUNT(H11,H20)<2,"n/a",H11/H20) -> 0.296343 | I23: =IF(COUNT(I11,I20)<2,"n/a",I11/I20) -> 0.30516432 | J23: =IF(COUNT(J11,J20)<2,"n/a",J11/J20) -> 0.32672112
B25: Disclosed channel growth (reported/adjusted, % Y/Y) - drives commercial and military lines
B26: Commercial OE growth | C26: 0.03 | D26: 0.15 | E26: 0.05 | F26: 0.28 | H26: -0.01 | I26: -0.08 | J26: =(1+J12)*(1+J35)-1 -> -0.03 | K26: S03-S08 | L26: 3Q26E: formula = (1 + unit growth) x (1 + revenue per unit/mix factor) - 1
B27: Y/Y change (bps) | H27: =IF(COUNT(H26,C26)<2,"n/a",(H26-C26)*10000) -> -400 | I27: =IF(COUNT(I26,D26)<2,"n/a",(I26-D26)*10000) -> -2300 | J27: =IF(COUNT(J26,E26)<2,"n/a",(J26-E26)*10000) -> -800
B28: Q/Q change (bps) | D28: =IF(COUNT(D26,C26)<2,"n/a",(D26-C26)*10000) -> 1200 | E28: =IF(COUNT(E26,D26)<2,"n/a",(E26-D26)*10000) -> -1000 | F28: =IF(COUNT(F26,E26)<2,"n/a",(F26-E26)*10000) -> 2300 | H28: =IF(COUNT(H26,F26)<2,"n/a",(H26-F26)*10000) -> -2900 | I28: =IF(COUNT(I26,H26)<2,"n/a",(I26-H26)*10000) -> -700 | J28: =IF(COUNT(J26,I26)<2,"n/a",(J26-I26)*10000) -> 500
B29: Commercial aftermarket growth | C29: 0.28 | D29: 0.19 | E29: 0.23 | F29: 0.21 | H29: 0.19 | I29: 0.25 | J29: 0.17 | K29: S03-S08 | L29: Hist: issuer text; 3Q26E: forecast input (blue)
B30: Y/Y change (bps) | H30: =IF(COUNT(H29,C29)<2,"n/a",(H29-C29)*10000) -> -900 | I30: =IF(COUNT(I29,D29)<2,"n/a",(I29-D29)*10000) -> 600 | J30: =IF(COUNT(J29,E29)<2,"n/a",(J29-E29)*10000) -> -600
B31: Q/Q change (bps) | D31: =IF(COUNT(D29,C29)<2,"n/a",(D29-C29)*10000) -> -900 | E31: =IF(COUNT(E29,D29)<2,"n/a",(E29-D29)*10000) -> 400 | F31: =IF(COUNT(F29,E29)<2,"n/a",(F29-E29)*10000) -> -200 | H31: =IF(COUNT(H29,F29)<2,"n/a",(H29-F29)*10000) -> -200 | I31: =IF(COUNT(I29,H29)<2,"n/a",(I29-H29)*10000) -> 600 | J31: =IF(COUNT(J29,I29)<2,"n/a",(J29-I29)*10000) -> -800
B32: Military growth | C32: 0.04 | D32: 0 | E32: 0.15 | F32: 0.3 | H32: 0.07 | I32: 0.23 | J32: =(1+J15)*(1+J38)-1 -> -0.06000127 | K32: S03-S08 | L32: 3Q26E: formula = (1 + unit growth) x (1 + revenue per unit/mix factor) - 1
B33: Y/Y change (bps) | H33: =IF(COUNT(H32,C32)<2,"n/a",(H32-C32)*10000) -> 300 | I33: =IF(COUNT(I32,D32)<2,"n/a",(I32-D32)*10000) -> 2300 | J33: =IF(COUNT(J32,E32)<2,"n/a",(J32-E32)*10000) -> -2100.0127
B34: Q/Q change (bps) | D34: =IF(COUNT(D32,C32)<2,"n/a",(D32-C32)*10000) -> -400 | E34: =IF(COUNT(E32,D32)<2,"n/a",(E32-D32)*10000) -> 1500 | F34: =IF(COUNT(F32,E32)<2,"n/a",(F32-E32)*10000) -> 1500 | H34: =IF(COUNT(H32,F32)<2,"n/a",(H32-F32)*10000) -> -2300 | I34: =IF(COUNT(I32,H32)<2,"n/a",(I32-H32)*10000) -> 1600 | J34: =IF(COUNT(J32,I32)<2,"n/a",(J32-I32)*10000) -> -2900.0127
B35: Commercial OE revenue per unit / mix factor | H35: =IF(COUNT(H26,H12)<2,"n/a",(1+H26)/(1+H12)-1) -> 0.053191489 | I35: =IF(COUNT(I26,I12)<2,"n/a",(1+I26)/(1+I12)-1) -> -0.19676923 | J35: -0.0785 | L35: Hist: (1+channel growth)/(1+unit shipment growth)-1; 3Q26E input (install-heavy mix, fewer spares per 2Q26 call)
B36: Y/Y change (bps) | H36: =IF(COUNT(H35,C35)<2,"n/a",(H35-C35)*10000) -> n/a | I36: =IF(COUNT(I35,D35)<2,"n/a",(I35-D35)*10000) -> n/a | J36: =IF(COUNT(J35,E35)<2,"n/a",(J35-E35)*10000) -> n/a
B37: Q/Q change (bps) | D37: =IF(COUNT(D35,C35)<2,"n/a",(D35-C35)*10000) -> n/a | E37: =IF(COUNT(E35,D35)<2,"n/a",(E35-D35)*10000) -> n/a | F37: =IF(COUNT(F35,E35)<2,"n/a",(F35-E35)*10000) -> n/a | H37: =IF(COUNT(H35,F35)<2,"n/a",(H35-F35)*10000) -> n/a | I37: =IF(COUNT(I35,H35)<2,"n/a",(I35-H35)*10000) -> -2499.6072 | J37: =IF(COUNT(J35,I35)<2,"n/a",(J35-I35)*10000) -> 1182.6923
B38: Military revenue per unit / mix factor | H38: =IF(COUNT(H32,H15)<2,"n/a",(1+H32)/(1+H15)-1) -> -0.10540984 | I38: =IF(COUNT(I32,I15)<2,"n/a",(1+I32)/(1+I15)-1) -> -0.29714286 | J38: -0.04484 | L38: Hist: (1+channel growth)/(1+unit shipment growth)-1; 3Q26E input (laps F135 Lot 18 catch-up in 3Q25)
B39: Y/Y change (bps) | H39: =IF(COUNT(H38,C38)<2,"n/a",(H38-C38)*10000) -> n/a | I39: =IF(COUNT(I38,D38)<2,"n/a",(I38-D38)*10000) -> n/a | J39: =IF(COUNT(J38,E38)<2,"n/a",(J38-E38)*10000) -> n/a
B40: Q/Q change (bps) | D40: =IF(COUNT(D38,C38)<2,"n/a",(D38-C38)*10000) -> n/a | E40: =IF(COUNT(E38,D38)<2,"n/a",(E38-D38)*10000) -> n/a | F40: =IF(COUNT(F38,E38)<2,"n/a",(F38-E38)*10000) -> n/a | H40: =IF(COUNT(H38,F38)<2,"n/a",(H38-F38)*10000) -> n/a | I40: =IF(COUNT(I38,H38)<2,"n/a",(I38-H38)*10000) -> -1917.3302 | J40: =IF(COUNT(J38,I38)<2,"n/a",(J38-I38)*10000) -> 2523.0286
B41: Aftermarket share of commercial | J41: 0.7 | L41: Not disclosed by issuer: analyst assumption
B42: Y/Y change (bps) | H42: =IF(COUNT(H41,C41)<2,"n/a",(H41-C41)*10000) -> n/a | I42: =IF(COUNT(I41,D41)<2,"n/a",(I41-D41)*10000) -> n/a | J42: =IF(COUNT(J41,E41)<2,"n/a",(J41-E41)*10000) -> n/a
B43: Q/Q change (bps) | D43: =IF(COUNT(D41,C41)<2,"n/a",(D41-C41)*10000) -> n/a | E43: =IF(COUNT(E41,D41)<2,"n/a",(E41-D41)*10000) -> n/a | F43: =IF(COUNT(F41,E41)<2,"n/a",(F41-E41)*10000) -> n/a | H43: =IF(COUNT(H41,F41)<2,"n/a",(H41-F41)*10000) -> n/a | I43: =IF(COUNT(I41,H41)<2,"n/a",(I41-H41)*10000) -> n/a | J43: =IF(COUNT(J41,I41)<2,"n/a",(J41-I41)*10000) -> n/a
B44: Blended commercial growth | J44: =J41*J29+(1-J41)*J26 -> 0.11
B45: Y/Y change (bps) | H45: =IF(COUNT(H44,C44)<2,"n/a",(H44-C44)*10000) -> n/a | I45: =IF(COUNT(I44,D44)<2,"n/a",(I44-D44)*10000) -> n/a | J45: =IF(COUNT(J44,E44)<2,"n/a",(J44-E44)*10000) -> n/a
B46: Q/Q change (bps) | D46: =IF(COUNT(D44,C44)<2,"n/a",(D44-C44)*10000) -> n/a | E46: =IF(COUNT(E44,D44)<2,"n/a",(E44-D44)*10000) -> n/a | F46: =IF(COUNT(F44,E44)<2,"n/a",(F44-E44)*10000) -> n/a | H46: =IF(COUNT(H44,F44)<2,"n/a",(H44-F44)*10000) -> n/a | I46: =IF(COUNT(I44,H44)<2,"n/a",(I44-H44)*10000) -> n/a | J46: =IF(COUNT(J44,I44)<2,"n/a",(J44-I44)*10000) -> n/a
B48: Revenue build by customer type (external sales) - 10-Q segment note
B49: U.S. government (excl. FMS) | C49: 1585 | D49: 1470 | E49: 1759 | F49: 1964 | G49: =SUM(C49:F49) -> 6778 | H49: 1673 | I49: 1606 | J49: =E49*(1+J32) -> 1653.4578 | K49: S11-S14
B50: % Y/Y | H50: =IF(COUNT(H49,C49)<2,"n/a",IF(H49*C49<=0,"n/m",H49/C49-1)) -> 0.055520505 | I50: =IF(COUNT(I49,D49)<2,"n/a",IF(I49*D49<=0,"n/m",I49/D49-1)) -> 0.092517007 | J50: =IF(COUNT(J49,E49)<2,"n/a",IF(J49*E49<=0,"n/m",J49/E49-1)) -> -0.06000127
B51: Q/Q change ($) | D51: =IF(COUNT(D49,C49)<2,"n/a",D49-C49) -> -115 | E51: =IF(COUNT(E49,D49)<2,"n/a",E49-D49) -> 289 | F51: =IF(COUNT(F49,E49)<2,"n/a",F49-E49) -> 205 | H51: =IF(COUNT(H49,F49)<2,"n/a",H49-F49) -> -291 | I51: =IF(COUNT(I49,H49)<2,"n/a",I49-H49) -> -67 | J51: =IF(COUNT(J49,I49)<2,"n/a",J49-I49) -> 47.457766
B52: Organic / M&A / FX split | C52: n/a | D52: n/a | E52: n/a | F52: n/a | G52: n/a | H52: n/a | I52: n/a | J52: n/a | L52: Not disclosed by the issuer for this line (unavailable); segment-level split below
B53: Foreign military sales (via USG) | C53: 379 | D53: 404 | E53: 607 | F53: 396 | G53: =SUM(C53:F53) -> 1786 | H53: 411 | I53: 703 | J53: =E53*(1+J32) -> 570.57923 | K53: S11-S14
B54: % Y/Y | H54: =IF(COUNT(H53,C53)<2,"n/a",IF(H53*C53<=0,"n/m",H53/C53-1)) -> 0.084432718 | I54: =IF(COUNT(I53,D53)<2,"n/a",IF(I53*D53<=0,"n/m",I53/D53-1)) -> 0.74009901 | J54: =IF(COUNT(J53,E53)<2,"n/a",IF(J53*E53<=0,"n/m",J53/E53-1)) -> -0.06000127
B55: Q/Q change ($) | D55: =IF(COUNT(D53,C53)<2,"n/a",D53-C53) -> 25 | E55: =IF(COUNT(E53,D53)<2,"n/a",E53-D53) -> 203 | F55: =IF(COUNT(F53,E53)<2,"n/a",F53-E53) -> -211 | H55: =IF(COUNT(H53,F53)<2,"n/a",H53-F53) -> 15 | I55: =IF(COUNT(I53,H53)<2,"n/a",I53-H53) -> 292 | J55: =IF(COUNT(J53,I53)<2,"n/a",J53-I53) -> -132.42077
B56: Organic / M&A / FX split | C56: n/a | D56: n/a | E56: n/a | F56: n/a | G56: n/a | H56: n/a | I56: n/a | J56: n/a | L56: Not disclosed by the issuer for this line (unavailable); segment-level split below
B57: Foreign gov. direct commercial | C57: 148 | D57: 180 | E57: 188 | F57: 276 | G57: =SUM(C57:F57) -> 792 | H57: 180 | I57: 210 | J57: =E57*(1+J32) -> 176.71976 | K57: S11-S14
B58: % Y/Y | H58: =IF(COUNT(H57,C57)<2,"n/a",IF(H57*C57<=0,"n/m",H57/C57-1)) -> 0.21621622 | I58: =IF(COUNT(I57,D57)<2,"n/a",IF(I57*D57<=0,"n/m",I57/D57-1)) -> 0.16666667 | J58: =IF(COUNT(J57,E57)<2,"n/a",IF(J57*E57<=0,"n/m",J57/E57-1)) -> -0.06000127
B59: Q/Q change ($) | D59: =IF(COUNT(D57,C57)<2,"n/a",D57-C57) -> 32 | E59: =IF(COUNT(E57,D57)<2,"n/a",E57-D57) -> 8 | F59: =IF(COUNT(F57,E57)<2,"n/a",F57-E57) -> 88 | H59: =IF(COUNT(H57,F57)<2,"n/a",H57-F57) -> -96 | I59: =IF(COUNT(I57,H57)<2,"n/a",I57-H57) -> 30 | J59: =IF(COUNT(J57,I57)<2,"n/a",J57-I57) -> -33.280239
B60: Organic / M&A / FX split | C60: n/a | D60: n/a | E60: n/a | F60: n/a | G60: n/a | H60: n/a | I60: n/a | J60: n/a | L60: Not disclosed by the issuer for this line (unavailable); segment-level split below
B61: Commercial aerospace & other | C61: 5253 | D61: 5577 | E61: 5870 | F61: 6860 | G61: =SUM(C61:F61) -> 23560 | H61: 5909 | I61: 6362 | J61: =E61*(1+J44) -> 6515.7 | K61: S11-S14
B62: % Y/Y | H62: =IF(COUNT(H61,C61)<2,"n/a",IF(H61*C61<=0,"n/m",H61/C61-1)) -> 0.12488102 | I62: =IF(COUNT(I61,D61)<2,"n/a",IF(I61*D61<=0,"n/m",I61/D61-1)) -> 0.14075668 | J62: =IF(COUNT(J61,E61)<2,"n/a",IF(J61*E61<=0,"n/m",J61/E61-1)) -> 0.11
B63: Q/Q change ($) | D63: =IF(COUNT(D61,C61)<2,"n/a",D61-C61) -> 324 | E63: =IF(COUNT(E61,D61)<2,"n/a",E61-D61) -> 293 | F63: =IF(COUNT(F61,E61)<2,"n/a",F61-E61) -> 990 | H63: =IF(COUNT(H61,F61)<2,"n/a",H61-F61) -> -951 | I63: =IF(COUNT(I61,H61)<2,"n/a",I61-H61) -> 453 | J63: =IF(COUNT(J61,I61)<2,"n/a",J61-I61) -> 153.7
B64: Organic / M&A / FX split | C64: n/a | D64: n/a | E64: n/a | F64: n/a | G64: n/a | H64: n/a | I64: n/a | J64: n/a | L64: Not disclosed by the issuer for this line (unavailable); segment-level split below
B65: Defense & government sales | C65: =C49+C53+C57 -> 2112 | D65: =D49+D53+D57 -> 2054 | E65: =E49+E53+E57 -> 2554 | F65: =F49+F53+F57 -> 2636 | G65: =G49+G53+G57 -> 9356 | H65: =H49+H53+H57 -> 2264 | I65: =I49+I53+I57 -> 2519 | J65: =J49+J53+J57 -> 2400.7568
B66: % Y/Y | H66: =IF(COUNT(H65,C65)<2,"n/a",IF(H65*C65<=0,"n/m",H65/C65-1)) -> 0.071969697 | I66: =IF(COUNT(I65,D65)<2,"n/a",IF(I65*D65<=0,"n/m",I65/D65-1)) -> 0.22638754 | J66: =IF(COUNT(J65,E65)<2,"n/a",IF(J65*E65<=0,"n/m",J65/E65-1)) -> -0.06000127
B67: Q/Q change ($) | D67: =IF(COUNT(D65,C65)<2,"n/a",D65-C65) -> -58 | E67: =IF(COUNT(E65,D65)<2,"n/a",E65-D65) -> 500 | F67: =IF(COUNT(F65,E65)<2,"n/a",F65-E65) -> 82 | H67: =IF(COUNT(H65,F65)<2,"n/a",H65-F65) -> -372 | I67: =IF(COUNT(I65,H65)<2,"n/a",I65-H65) -> 255 | J67: =IF(COUNT(J65,I65)<2,"n/a",J65-I65) -> -118.24324
B68: Organic / M&A / FX split | C68: n/a | D68: n/a | E68: n/a | F68: n/a | G68: n/a | H68: n/a | I68: n/a | J68: n/a | L68: Not disclosed for this line (unavailable)
B69: External (consolidated) net sales | C69: =C65+C61 -> 7365 | D69: =D65+D61 -> 7631 | E69: =E65+E61 -> 8424 | F69: =F65+F61 -> 9496 | G69: =G65+G61 -> 32916 | H69: =H65+H61 -> 8173 | I69: =I65+I61 -> 8881 | J69: =J65+J61 -> 8916.4568
B70: % Y/Y | H70: =IF(COUNT(H69,C69)<2,"n/a",IF(H69*C69<=0,"n/m",H69/C69-1)) -> 0.10970808 | I70: =IF(COUNT(I69,D69)<2,"n/a",IF(I69*D69<=0,"n/m",I69/D69-1)) -> 0.16380553 | J70: =IF(COUNT(J69,E69)<2,"n/a",IF(J69*E69<=0,"n/m",J69/E69-1)) -> 0.058458779
B71: Q/Q change ($) | D71: =IF(COUNT(D69,C69)<2,"n/a",D69-C69) -> 266 | E71: =IF(COUNT(E69,D69)<2,"n/a",E69-D69) -> 793 | F71: =IF(COUNT(F69,E69)<2,"n/a",F69-E69) -> 1072 | H71: =IF(COUNT(H69,F69)<2,"n/a",H69-F69) -> -1323 | I71: =IF(COUNT(I69,H69)<2,"n/a",I69-H69) -> 708 | J71: =IF(COUNT(J69,I69)<2,"n/a",J69-I69) -> 35.456757
B72: Organic / M&A / FX split | C72: n/a | D72: n/a | E72: n/a | F72: n/a | G72: n/a | H72: n/a | I72: n/a | J72: n/a | L72: Not disclosed for this line (unavailable)
B73: Inter-segment sales | C73: 1 | D73: 0 | E73: -1 | F73: 0 | G73: =SUM(C73:F73) -> 0 | H73: 0 | I73: 8 | J73: =I73 -> 8 | K73: S11-S14 | L73: 3Q26E: held at 2Q26
B74: % Y/Y | H74: =IF(COUNT(H73,C73)<2,"n/a",IF(H73*C73<=0,"n/m",H73/C73-1)) -> n/m | I74: =IF(COUNT(I73,D73)<2,"n/a",IF(I73*D73<=0,"n/m",I73/D73-1)) -> n/m | J74: =IF(COUNT(J73,E73)<2,"n/a",IF(J73*E73<=0,"n/m",J73/E73-1)) -> n/m
B75: Q/Q change ($) | D75: =IF(COUNT(D73,C73)<2,"n/a",D73-C73) -> -1 | E75: =IF(COUNT(E73,D73)<2,"n/a",E73-D73) -> -1 | F75: =IF(COUNT(F73,E73)<2,"n/a",F73-E73) -> 1 | H75: =IF(COUNT(H73,F73)<2,"n/a",H73-F73) -> 0 | I75: =IF(COUNT(I73,H73)<2,"n/a",I73-H73) -> 8 | J75: =IF(COUNT(J73,I73)<2,"n/a",J73-I73) -> 0
B76: Organic / M&A / FX split | C76: n/a | D76: n/a | E76: n/a | F76: n/a | G76: n/a | H76: n/a | I76: n/a | J76: n/a | L76: Not disclosed for this line (unavailable)
B77: Pratt & Whitney segment net sales | C77: =C69+C73 -> 7366 | D77: =D69+D73 -> 7631 | E77: =E69+E73 -> 8423 | F77: =F69+F73 -> 9496 | G77: =G69+G73 -> 32916 | H77: =H69+H73 -> 8173 | I77: =I69+I73 -> 8889 | J77: =J69+J73 -> 8924.4568
B78: Prior-year adjusted sales | C78: 6456 | D78: 6802 | E78: 7239 | F78: 7569 | G78: =SUM(C78:F78) -> 28066 | H78: =C77 -> 7366 | I78: =D77 -> 7631 | J78: =E77 -> 8423 | K78: S03-S08 | L78: 1Q25-4Q25: issuer reconciliation (2024 bases); 1Q26-3Q26 link to the 2025 columns
B79: % Y/Y | C79: =IF(COUNT(C77,C78)<2,"n/a",IF(C77*C78<=0,"n/m",C77/C78-1)) -> 0.14095415 | D79: =IF(COUNT(D77,D78)<2,"n/a",IF(D77*D78<=0,"n/m",D77/D78-1)) -> 0.12187592 | E79: =IF(COUNT(E77,E78)<2,"n/a",IF(E77*E78<=0,"n/m",E77/E78-1)) -> 0.1635585 | F79: =IF(COUNT(F77,F78)<2,"n/a",IF(F77*F78<=0,"n/m",F77/F78-1)) -> 0.2545911 | G79: =IF(COUNT(G77,G78)<2,"n/a",IF(G77*G78<=0,"n/m",G77/G78-1)) -> 0.17280696 | H79: =IF(COUNT(H77,H78)<2,"n/a",IF(H77*H78<=0,"n/m",H77/H78-1)) -> 0.10955743 | I79: =IF(COUNT(I77,I78)<2,"n/a",IF(I77*I78<=0,"n/m",I77/I78-1)) -> 0.16485389 | J79: =IF(COUNT(J77,J78)<2,"n/a",IF(J77*J78<=0,"n/m",J77/J78-1)) -> 0.059534223
B80: Q/Q change ($) | D80: =IF(COUNT(D77,C77)<2,"n/a",D77-C77) -> 265 | E80: =IF(COUNT(E77,D77)<2,"n/a",E77-D77) -> 792 | F80: =IF(COUNT(F77,E77)<2,"n/a",F77-E77) -> 1073 | H80: =IF(COUNT(H77,F77)<2,"n/a",H77-F77) -> -1323 | I80: =IF(COUNT(I77,H77)<2,"n/a",I77-H77) -> 716 | J80: =IF(COUNT(J77,I77)<2,"n/a",J77-I77) -> 35.456757
B81: U.S. government - % of segment | C81: =IF(COUNT(C49,C77)<2,"n/a",C49/C77) -> 0.21517784 | D81: =IF(COUNT(D49,D77)<2,"n/a",D49/D77) -> 0.1926353 | E81: =IF(COUNT(E49,E77)<2,"n/a",E49/E77) -> 0.20883296 | F81: =IF(COUNT(F49,F77)<2,"n/a",F49/F77) -> 0.20682393 | G81: =IF(COUNT(G49,G77)<2,"n/a",G49/G77) -> 0.20591809 | H81: =IF(COUNT(H49,H77)<2,"n/a",H49/H77) -> 0.2046984 | I81: =IF(COUNT(I49,I77)<2,"n/a",I49/I77) -> 0.18067274 | J81: =IF(COUNT(J49,J77)<2,"n/a",J49/J77) -> 0.18527265
B82: Y/Y change (bps) | H82: =IF(COUNT(H81,C81)<2,"n/a",(H81-C81)*10000) -> -104.79447 | I82: =IF(COUNT(I81,D81)<2,"n/a",(I81-D81)*10000) -> -119.62562 | J82: =IF(COUNT(J81,E81)<2,"n/a",(J81-E81)*10000) -> -235.60306
B83: Q/Q change (bps) | D83: =IF(COUNT(D81,C81)<2,"n/a",(D81-C81)*10000) -> -225.42541 | E83: =IF(COUNT(E81,D81)<2,"n/a",(E81-D81)*10000) -> 161.97654 | F83: =IF(COUNT(F81,E81)<2,"n/a",(F81-E81)*10000) -> -20.090315 | H83: =IF(COUNT(H81,F81)<2,"n/a",(H81-F81)*10000) -> -21.255287 | I83: =IF(COUNT(I81,H81)<2,"n/a",(I81-H81)*10000) -> -240.25656 | J83: =IF(COUNT(J81,I81)<2,"n/a",(J81-I81)*10000) -> 45.999099
B84: FMS - % of segment | C84: =IF(COUNT(C53,C77)<2,"n/a",C53/C77) -> 0.05145262 | D84: =IF(COUNT(D53,D77)<2,"n/a",D53/D77) -> 0.052941947 | E84: =IF(COUNT(E53,E77)<2,"n/a",E53/E77) -> 0.072064585 | F84: =IF(COUNT(F53,F77)<2,"n/a",F53/F77) -> 0.041701769 | G84: =IF(COUNT(G53,G77)<2,"n/a",G53/G77) -> 0.054259327 | H84: =IF(COUNT(H53,H77)<2,"n/a",H53/H77) -> 0.050287532 | I84: =IF(COUNT(I53,I77)<2,"n/a",I53/I77) -> 0.079086511 | J84: =IF(COUNT(J53,J77)<2,"n/a",J53/J77) -> 0.063934337
B85: Y/Y change (bps) | H85: =IF(COUNT(H84,C84)<2,"n/a",(H84-C84)*10000) -> -11.65088 | I85: =IF(COUNT(I84,D84)<2,"n/a",(I84-D84)*10000) -> 261.44564 | J85: =IF(COUNT(J84,E84)<2,"n/a",(J84-E84)*10000) -> -81.302477
B86: Q/Q change (bps) | D86: =IF(COUNT(D84,C84)<2,"n/a",(D84-C84)*10000) -> 14.893272 | E86: =IF(COUNT(E84,D84)<2,"n/a",(E84-D84)*10000) -> 191.22638 | F86: =IF(COUNT(F84,E84)<2,"n/a",(F84-E84)*10000) -> -303.62816 | H86: =IF(COUNT(H84,F84)<2,"n/a",(H84-F84)*10000) -> 85.85763 | I86: =IF(COUNT(I84,H84)<2,"n/a",(I84-H84)*10000) -> 287.98979 | J86: =IF(COUNT(J84,I84)<2,"n/a",(J84-I84)*10000) -> -151.52174
B87: Foreign gov. direct - % of segment | C87: =IF(COUNT(C57,C77)<2,"n/a",C57/C77) -> 0.020092316 | D87: =IF(COUNT(D57,D77)<2,"n/a",D57/D77) -> 0.023587996 | E87: =IF(COUNT(E57,E77)<2,"n/a",E57/E77) -> 0.022319839 | F87: =IF(COUNT(F57,F77)<2,"n/a",F57/F77) -> 0.029064869 | G87: =IF(COUNT(G57,G77)<2,"n/a",G57/G77) -> 0.024061247 | H87: =IF(COUNT(H57,H77)<2,"n/a",H57/H77) -> 0.022023737 | I87: =IF(COUNT(I57,I77)<2,"n/a",I57/I77) -> 0.023624705 | J87: =IF(COUNT(J57,J77)<2,"n/a",J57/J77) -> 0.019801739
B88: Y/Y change (bps) | H88: =IF(COUNT(H87,C87)<2,"n/a",(H87-C87)*10000) -> 19.314206 | I88: =IF(COUNT(I87,D87)<2,"n/a",(I87-D87)*10000) -> 0.3670836 | J88: =IF(COUNT(J87,E87)<2,"n/a",(J87-E87)*10000) -> -25.180998
B89: Q/Q change (bps) | D89: =IF(COUNT(D87,C87)<2,"n/a",(D87-C87)*10000) -> 34.956803 | E89: =IF(COUNT(E87,D87)<2,"n/a",(E87-D87)*10000) -> -12.681578 | F89: =IF(COUNT(F87,E87)<2,"n/a",(F87-E87)*10000) -> 67.450309 | H89: =IF(COUNT(H87,F87)<2,"n/a",(H87-F87)*10000) -> -70.411327 | I89: =IF(COUNT(I87,H87)<2,"n/a",(I87-H87)*10000) -> 16.00968 | J89: =IF(COUNT(J87,I87)<2,"n/a",(J87-I87)*10000) -> -38.229659
B90: Commercial - % of segment | C90: =IF(COUNT(C61,C77)<2,"n/a",C61/C77) -> 0.71314146 | D90: =IF(COUNT(D61,D77)<2,"n/a",D61/D77) -> 0.73083475 | E90: =IF(COUNT(E61,E77)<2,"n/a",E61/E77) -> 0.69690134 | F90: =IF(COUNT(F61,F77)<2,"n/a",F61/F77) -> 0.72240944 | G90: =IF(COUNT(G61,G77)<2,"n/a",G61/G77) -> 0.71576133 | H90: =IF(COUNT(H61,H77)<2,"n/a",H61/H77) -> 0.72299033 | I90: =IF(COUNT(I61,I77)<2,"n/a",I61/I77) -> 0.71571605 | J90: =IF(COUNT(J61,J77)<2,"n/a",J61/J77) -> 0.73009486
B91: Y/Y change (bps) | H91: =IF(COUNT(H90,C90)<2,"n/a",(H90-C90)*10000) -> 98.488733 | I91: =IF(COUNT(I90,D90)<2,"n/a",(I90-D90)*10000) -> -151.18699 | J91: =IF(COUNT(J90,E90)<2,"n/a",(J90-E90)*10000) -> 331.93518
B92: Q/Q change (bps) | D92: =IF(COUNT(D90,C90)<2,"n/a",(D90-C90)*10000) -> 176.93292 | E92: =IF(COUNT(E90,D90)<2,"n/a",(E90-D90)*10000) -> -339.33411 | F92: =IF(COUNT(F90,E90)<2,"n/a",(F90-E90)*10000) -> 255.08094 | H92: =IF(COUNT(H90,F90)<2,"n/a",(H90-F90)*10000) -> 5.8089847 | I92: =IF(COUNT(I90,H90)<2,"n/a",(I90-H90)*10000) -> -72.742805 | J92: =IF(COUNT(J90,I90)<2,"n/a",(J90-I90)*10000) -> 143.78806
B93: Defense & government - % of segment | C93: =IF(COUNT(C65,C77)<2,"n/a",C65/C77) -> 0.28672278 | D93: =IF(COUNT(D65,D77)<2,"n/a",D65/D77) -> 0.26916525 | E93: =IF(COUNT(E65,E77)<2,"n/a",E65/E77) -> 0.30321738 | F93: =IF(COUNT(F65,F77)<2,"n/a",F65/F77) -> 0.27759056 | G93: =IF(COUNT(G65,G77)<2,"n/a",G65/G77) -> 0.28423867 | H93: =IF(COUNT(H65,H77)<2,"n/a",H65/H77) -> 0.27700967 | I93: =IF(COUNT(I65,I77)<2,"n/a",I65/I77) -> 0.28338396 | J93: =IF(COUNT(J65,J77)<2,"n/a",J65/J77) -> 0.26900873
B94: Y/Y change (bps) | H94: =IF(COUNT(H93,C93)<2,"n/a",(H93-C93)*10000) -> -97.131144 | I94: =IF(COUNT(I93,D93)<2,"n/a",(I93-D93)*10000) -> 142.18711 | J94: =IF(COUNT(J93,E93)<2,"n/a",(J93-E93)*10000) -> -342.08653
B95: Q/Q change (bps) | D95: =IF(COUNT(D93,C93)<2,"n/a",(D93-C93)*10000) -> -175.57533 | E95: =IF(COUNT(E93,D93)<2,"n/a",(E93-D93)*10000) -> 340.52134 | F95: =IF(COUNT(F93,E93)<2,"n/a",(F93-E93)*10000) -> -256.26817 | H95: =IF(COUNT(H93,F93)<2,"n/a",(H93-F93)*10000) -> -5.8089847 | I95: =IF(COUNT(I93,H93)<2,"n/a",(I93-H93)*10000) -> 63.742917 | J95: =IF(COUNT(J93,I93)<2,"n/a",(J93-I93)*10000) -> -143.7523
B96: Segment net sales as reported | C96: 7366 | D96: 7631 | E96: 8423 | F96: 9496 | G96: =SUM(C96:F96) -> 32916 | H96: 8173 | I96: 8889 | K96: S03-S08
B97: Check: build - reported | C97: =C77-C96 -> 0 | D97: =D77-D96 -> 0 | E97: =E77-E96 -> 0 | F97: =F77-F96 -> 0 | G97: =G77-G96 -> 0 | H97: =H77-H96 -> 0 | I97: =I77-I96 -> 0
B99: Sales by type (external) - 10-Q segment note
B100: Products | C100: 4032 | D100: 4123 | E100: 4767 | F100: 5545 | G100: =SUM(C100:F100) -> 18467 | H100: 4288 | I100: 4660 | J100: =J69*I100/I69 -> 4678.6047 | K100: S11-S14 | L100: 3Q26E: external sales x 2Q26 product mix (latest quarter)
B101: % Y/Y | H101: =IF(COUNT(H100,C100)<2,"n/a",IF(H100*C100<=0,"n/m",H100/C100-1)) -> 0.063492063 | I101: =IF(COUNT(I100,D100)<2,"n/a",IF(I100*D100<=0,"n/m",I100/D100-1)) -> 0.13024497 | J101: =IF(COUNT(J100,E100)<2,"n/a",IF(J100*E100<=0,"n/m",J100/E100-1)) -> -0.018543168
B102: Q/Q change ($) | D102: =IF(COUNT(D100,C100)<2,"n/a",D100-C100) -> 91 | E102: =IF(COUNT(E100,D100)<2,"n/a",E100-D100) -> 644 | F102: =IF(COUNT(F100,E100)<2,"n/a",F100-E100) -> 778 | H102: =IF(COUNT(H100,F100)<2,"n/a",H100-F100) -> -1257 | I102: =IF(COUNT(I100,H100)<2,"n/a",I100-H100) -> 372 | J102: =IF(COUNT(J100,I100)<2,"n/a",J100-I100) -> 18.604716
B103: Organic / M&A / FX split | C103: n/a | D103: n/a | E103: n/a | F103: n/a | G103: n/a | H103: n/a | I103: n/a | J103: n/a | L103: Not disclosed for products (unavailable)
B104: Services | C104: 3333 | D104: 3508 | E104: 3657 | F104: 3951 | G104: =SUM(C104:F104) -> 14449 | H104: 3885 | I104: 4221 | J104: =J69-J100 -> 4237.852 | K104: S11-S14
B105: % Y/Y | H105: =IF(COUNT(H104,C104)<2,"n/a",IF(H104*C104<=0,"n/m",H104/C104-1)) -> 0.16561656 | I105: =IF(COUNT(I104,D104)<2,"n/a",IF(I104*D104<=0,"n/m",I104/D104-1)) -> 0.20324971 | J105: =IF(COUNT(J104,E104)<2,"n/a",IF(J104*E104<=0,"n/m",J104/E104-1)) -> 0.15883293
B106: Q/Q change ($) | D106: =IF(COUNT(D104,C104)<2,"n/a",D104-C104) -> 175 | E106: =IF(COUNT(E104,D104)<2,"n/a",E104-D104) -> 149 | F106: =IF(COUNT(F104,E104)<2,"n/a",F104-E104) -> 294 | H106: =IF(COUNT(H104,F104)<2,"n/a",H104-F104) -> -66 | I106: =IF(COUNT(I104,H104)<2,"n/a",I104-H104) -> 336 | J106: =IF(COUNT(J104,I104)<2,"n/a",J104-I104) -> 16.85204
...

Sheet Segment - Raytheon
B2: RTX Corporation (NYSE: RTX)
B3: Segment - Raytheon: revenue drivers, build and profit
B4: $ millions, except per share
B6: Period | C6: 1Q25A | D6: 2Q25A | E6: 3Q25A | F6: 4Q25A | G6: FY25A | H6: 1Q26A | I6: 2Q26A | J6: 3Q26E | K6: Source | L6: Notes
B7: Period end | C7: 45747 | D7: 45838 | E7: 45930 | F7: 46022 | G7: 46022 | H7: 46112 | I7: 46203 | J7: 46295 | L7: Basis: rows 7-8 are RTX consolidated calendar quarters (context). Raytheon reports on fiscal quarters (3Q26 ends Sep 27, 2026 per Cover C12); fiscal dates/days not sourced, band left unchanged
B8: Days in period | C8: =C7-EOMONTH(C7,-3) -> 90 | D8: =D7-C7 -> 91 | E8: =E7-D7 -> 92 | F8: =F7-E7 -> 92 | G8: =G7-EOMONTH(G7,-12) -> 365 | H8: =H7-F7 -> 90 | I8: =I7-H7 -> 91 | J8: =J7-I7 -> 92
B10: Operating drivers - Raytheon backlog ladder
B11: Opening backlog | F11: =E15 -> 72000 | H11: =F15 -> 75000 | I11: =H15 -> 74000 | J11: =I15 -> 86000 | K11: S17-S19 | L11: Equals prior quarter closing backlog
B12: Bookings | E12: 15900 | F12: 10300 | H12: 6600 | I12: 19900 | J12: =-J17*J13 -> 11610 | K12: S16-S19 | L12: 1Q25-2Q25 bookings not captured (unavailable)
B13: Less: sales (revenue burn) | E13: =-E59 -> -7045 | F13: =-F59 -> -7657 | H13: =-H59 -> -6945 | I13: =-I59 -> -8269 | J13: =-J11*J18 -> -7740 | L13: 3Q26E: opening backlog x conversion rate
B14: Other / rounding (derived) | F14: =F15-F11-F12-F13 -> 357 | H14: =H15-H11-H12-H13 -> -655 | I14: =I15-I11-I12-I13 -> 369 | J14: 0 | L14: Backlog disclosed rounded to $bn; residual
B15: Closing backlog | E15: 72000 | F15: 75000 | G15: =F15 -> 75000 | H15: 74000 | I15: 86000 | J15: =J11+J12+J13+J14 -> 89870 | K15: S16-S19
B16: % Y/Y | H16: =IF(COUNT(H15,C15)<2,"n/a",IF(H15*C15<=0,"n/m",H15/C15-1)) -> n/a | I16: =IF(COUNT(I15,D15)<2,"n/a",IF(I15*D15<=0,"n/m",I15/D15-1)) -> n/a | J16: =IF(COUNT(J15,E15)<2,"n/a",IF(J15*E15<=0,"n/m",J15/E15-1)) -> 0.24819444 | L16: Y/Y vs prior-year closing backlog (1Q25-2Q25 unavailable)
B17: Book-to-bill (x) | E17: =_xlfn.IFERROR(E12/-E13,"n/a") -> 2.2569198 | F17: =_xlfn.IFERROR(F12/-F13,"n/a") -> 1.3451744 | H17: =_xlfn.IFERROR(H12/-H13,"n/a") -> 0.95032397 | I17: =_xlfn.IFERROR(I12/-I13,"n/a") -> 2.4065788 | J17: 1.5 | L17: 3Q26E: input (Tomahawk/AMRAAM/SM-6 multiyear awards announced in Q3; ceilings not all booked)
B18: Backlog conversion (sales/opening) | F18: =_xlfn.IFERROR(-F13/F11,"n/a") -> 0.10634722 | H18: =_xlfn.IFERROR(-H13/H11,"n/a") -> 0.0926 | I18: =_xlfn.IFERROR(-I13/I11,"n/a") -> 0.11174324 | J18: 0.09 | L18: 3Q26E: input; falling as long-dated multiyear awards swell backlog
B19: Y/Y change (bps) | H19: =IF(COUNT(H18,C18)<2,"n/a",(H18-C18)*10000) -> n/a | I19: =IF(COUNT(I18,D18)<2,"n/a",(I18-D18)*10000) -> n/a | J19: =IF(COUNT(J18,E18)<2,"n/a",(J18-E18)*10000) -> n/a
B20: Q/Q change (bps) | D20: =IF(COUNT(D18,C18)<2,"n/a",(D18-C18)*10000) -> n/a | E20: =IF(COUNT(E18,D18)<2,"n/a",(E18-D18)*10000) -> n/a | F20: =IF(COUNT(F18,E18)<2,"n/a",(F18-E18)*10000) -> n/a | H20: =IF(COUNT(H18,F18)<2,"n/a",(H18-F18)*10000) -> -137.47222 | I20: =IF(COUNT(I18,H18)<2,"n/a",(I18-H18)*10000) -> 191.43243 | J20: =IF(COUNT(J18,I18)<2,"n/a",(J18-I18)*10000) -> -217.43243
B21: Average backlog (opening + closing) / 2 | F21: =(F11+F15)/2 -> 73500 | H21: =(H11+H15)/2 -> 74500 | I21: =(I11+I15)/2 -> 80000 | J21: =(J11+J15)/2 -> 87935
B22: Average backlog % Y/Y | H22: =IF(COUNT(H21,C21)<2,"n/a",IF(H21*C21<=0,"n/m",H21/C21-1)) -> n/a | I22: =IF(COUNT(I21,D21)<2,"n/a",IF(I21*D21<=0,"n/m",I21/D21-1)) -> n/a | J22: =IF(COUNT(J21,E21)<2,"n/a",IF(J21*E21<=0,"n/m",J21/E21-1)) -> n/a
B23: Average backlog Q/Q change ($) | D23: =IF(COUNT(D21,C21)<2,"n/a",D21-C21) -> n/a | E23: =IF(COUNT(E21,D21)<2,"n/a",E21-D21) -> n/a | F23: =IF(COUNT(F21,E21)<2,"n/a",F21-E21) -> n/a | H23: =IF(COUNT(H21,F21)<2,"n/a",H21-F21) -> 1000 | I23: =IF(COUNT(I21,H21)<2,"n/a",I21-H21) -> 5500 | J23: =IF(COUNT(J21,I21)<2,"n/a",J21-I21) -> 7935
B24: Closing backlog Q/Q change ($) | D24: =IF(COUNT(D15,C15)<2,"n/a",D15-C15) -> n/a | E24: =IF(COUNT(E15,D15)<2,"n/a",E15-D15) -> n/a | F24: =IF(COUNT(F15,E15)<2,"n/a",F15-E15) -> 3000 | H24: =IF(COUNT(H15,F15)<2,"n/a",H15-F15) -> -1000 | I24: =IF(COUNT(I15,H15)<2,"n/a",I15-H15) -> 12000 | J24: =IF(COUNT(J15,I15)<2,"n/a",J15-I15) -> 3870
B25: Bookings % Y/Y | H25: =IF(COUNT(H12,C12)<2,"n/a",IF(H12*C12<=0,"n/m",H12/C12-1)) -> n/a | I25: =IF(COUNT(I12,D12)<2,"n/a",IF(I12*D12<=0,"n/m",I12/D12-1)) -> n/a | J25: =IF(COUNT(J12,E12)<2,"n/a",IF(J12*E12<=0,"n/m",J12/E12-1)) -> -0.26981132
B26: Bookings Q/Q change ($) | D26: =IF(COUNT(D12,C12)<2,"n/a",D12-C12) -> n/a | E26: =IF(COUNT(E12,D12)<2,"n/a",E12-D12) -> n/a | F26: =IF(COUNT(F12,E12)<2,"n/a",F12-E12) -> -5600 | H26: =IF(COUNT(H12,F12)<2,"n/a",H12-F12) -> -3700 | I26: =IF(COUNT(I12,H12)<2,"n/a",I12-H12) -> 13300 | J26: =IF(COUNT(J12,I12)<2,"n/a",J12-I12) -> -8290
B27: Book-to-bill Q/Q change (x) | F27: =_xlfn.IFERROR(F17-E17,"n/m") -> -0.91174545 | H27: =_xlfn.IFERROR(H17-F17,"n/m") -> -0.39485038 | I27: =_xlfn.IFERROR(I17-H17,"n/m") -> 1.4562548 | J27: =_xlfn.IFERROR(J17-I17,"n/m") -> -0.90657879
B28: Book-to-bill Y/Y change (x) | J28: =J17-E17 -> -0.7569198 | L28: Only 3Q26E vs 3Q25 available (1Q25-2Q25 bookings unavailable)
B30: Revenue build by customer type (external sales) - 10-Q segment note
B31: U.S. government (excl. FMS) | C31: 4435 | D31: 4900 | E31: 4834 | F31: 5068 | G31: =SUM(C31:F31) -> 19237 | H31: 4528 | I31: 5768 | J31: =-J13*I31/I59 -> 5398.9987 | K31: S11-S14
B32: % Y/Y | H32: =IF(COUNT(H31,C31)<2,"n/a",IF(H31*C31<=0,"n/m",H31/C31-1)) -> 0.02096956 | I32: =IF(COUNT(I31,D31)<2,"n/a",IF(I31*D31<=0,"n/m",I31/D31-1)) -> 0.17714286 | J32: =IF(COUNT(J31,E31)<2,"n/a",IF(J31*E31<=0,"n/m",J31/E31-1)) -> 0.11688016
B33: Q/Q change ($) | D33: =IF(COUNT(D31,C31)<2,"n/a",D31-C31) -> 465 | E33: =IF(COUNT(E31,D31)<2,"n/a",E31-D31) -> -66 | F33: =IF(COUNT(F31,E31)<2,"n/a",F31-E31) -> 234 | H33: =IF(COUNT(H31,F31)<2,"n/a",H31-F31) -> -540 | I33: =IF(COUNT(I31,H31)<2,"n/a",I31-H31) -> 1240 | J33: =IF(COUNT(J31,I31)<2,"n/a",J31-I31) -> -369.00133
B34: Organic / M&A / FX split | C34: n/a | D34: n/a | E34: n/a | F34: n/a | G34: n/a | H34: n/a | I34: n/a | J34: n/a | L34: Not disclosed by the issuer for this line (unavailable); segment-level split below
B35: Foreign military sales (via USG) | C35: 976 | D35: 1127 | E35: 1119 | F35: 1258 | G35: =SUM(C35:F35) -> 4480 | H35: 1235 | I35: 1210 | J35: =-J13*I35/I59 -> 1132.5916 | K35: S11-S14
B36: % Y/Y | H36: =IF(COUNT(H35,C35)<2,"n/a",IF(H35*C35<=0,"n/m",H35/C35-1)) -> 0.26536885 | I36: =IF(COUNT(I35,D35)<2,"n/a",IF(I35*D35<=0,"n/m",I35/D35-1)) -> 0.07364685 | J36: =IF(COUNT(J35,E35)<2,"n/a",IF(J35*E35<=0,"n/m",J35/E35-1)) -> 0.012146208
B37: Q/Q change ($) | D37: =IF(COUNT(D35,C35)<2,"n/a",D35-C35) -> 151 | E37: =IF(COUNT(E35,D35)<2,"n/a",E35-D35) -> -8 | F37: =IF(COUNT(F35,E35)<2,"n/a",F35-E35) -> 139 | H37: =IF(COUNT(H35,F35)<2,"n/a",H35-F35) -> -23 | I37: =IF(COUNT(I35,H35)<2,"n/a",I35-H35) -> -25 | J37: =IF(COUNT(J35,I35)<2,"n/a",J35-I35) -> -77.408393
B38: Organic / M&A / FX split | C38: n/a | D38: n/a | E38: n/a | F38: n/a | G38: n/a | H38: n/a | I38: n/a | J38: n/a | L38: Not disclosed by the issuer for this line (unavailable); segment-level split below
B39: Foreign gov. direct commercial | C39: 876 | D39: 932 | E39: 1025 | F39: 1266 | G39: =SUM(C39:F39) -> 4099 | H39: 1100 | I39: 1228 | J39: =-J13*I39/I59 -> 1149.4401 | K39: S11-S14
B40: % Y/Y | H40: =IF(COUNT(H39,C39)<2,"n/a",IF(H39*C39<=0,"n/m",H39/C39-1)) -> 0.25570776 | I40: =IF(COUNT(I39,D39)<2,"n/a",IF(I39*D39<=0,"n/m",I39/D39-1)) -> 0.31759657 | J40: =IF(COUNT(J39,E39)<2,"n/a",IF(J39*E39<=0,"n/m",J39/E39-1)) -> 0.12140495
B41: Q/Q change ($) | D41: =IF(COUNT(D39,C39)<2,"n/a",D39-C39) -> 56 | E41: =IF(COUNT(E39,D39)<2,"n/a",E39-D39) -> 93 | F41: =IF(COUNT(F39,E39)<2,"n/a",F39-E39) -> 241 | H41: =IF(COUNT(H39,F39)<2,"n/a",H39-F39) -> -166 | I41: =IF(COUNT(I39,H39)<2,"n/a",I39-H39) -> 128 | J41: =IF(COUNT(J39,I39)<2,"n/a",J39-I39) -> -78.559923
B42: Organic / M&A / FX split | C42: n/a | D42: n/a | E42: n/a | F42: n/a | G42: n/a | H42: n/a | I42: n/a | J42: n/a | L42: Not disclosed by the issuer for this line (unavailable); segment-level split below
B43: Commercial aerospace & other | C43: 13 | D43: 8 | E43: 25 | F43: 30 | G43: =SUM(C43:F43) -> 76 | H43: 51 | I43: 14 | J43: =-J13*I43/I59 -> 13.104366 | K43: S11-S14
B44: % Y/Y | H44: =IF(COUNT(H43,C43)<2,"n/a",IF(H43*C43<=0,"n/m",H43/C43-1)) -> 2.9230769 | I44: =IF(COUNT(I43,D43)<2,"n/a",IF(I43*D43<=0,"n/m",I43/D43-1)) -> 0.75 | J44: =IF(COUNT(J43,E43)<2,"n/a",IF(J43*E43<=0,"n/m",J43/E43-1)) -> -0.47582537
B45: Q/Q change ($) | D45: =IF(COUNT(D43,C43)<2,"n/a",D43-C43) -> -5 | E45: =IF(COUNT(E43,D43)<2,"n/a",E43-D43) -> 17 | F45: =IF(COUNT(F43,E43)<2,"n/a",F43-E43) -> 5 | H45: =IF(COUNT(H43,F43)<2,"n/a",H43-F43) -> 21 | I45: =IF(COUNT(I43,H43)<2,"n/a",I43-H43) -> -37 | J45: =IF(COUNT(J43,I43)<2,"n/a",J43-I43) -> -0.8956343
B46: Organic / M&A / FX split | C46: n/a | D46: n/a | E46: n/a | F46: n/a | G46: n/a | H46: n/a | I46: n/a | J46: n/a | L46: Not disclosed by the issuer for this line (unavailable); segment-level split below
B47: Defense & government sales | C47: =C31+C35+C39 -> 6287 | D47: =D31+D35+D39 -> 6959 | E47: =E31+E35+E39 -> 6978 | F47: =F31+F35+F39 -> 7592 | G47: =G31+G35+G39 -> 27816 | H47: =H31+H35+H39 -> 6863 | I47: =I31+I35+I39 -> 8206 | J47: =J31+J35+J39 -> 7681.0304
B48: % Y/Y | H48: =IF(COUNT(H47,C47)<2,"n/a",IF(H47*C47<=0,"n/m",H47/C47-1)) -> 0.091617624 | I48: =IF(COUNT(I47,D47)<2,"n/a",IF(I47*D47<=0,"n/m",I47/D47-1)) -> 0.17919241 | J48: =IF(COUNT(J47,E47)<2,"n/a",IF(J47*E47<=0,"n/m",J47/E47-1)) -> 0.10074955
B49: Q/Q change ($) | D49: =IF(COUNT(D47,C47)<2,"n/a",D47-C47) -> 672 | E49: =IF(COUNT(E47,D47)<2,"n/a",E47-D47) -> 19 | F49: =IF(COUNT(F47,E47)<2,"n/a",F47-E47) -> 614 | H49: =IF(COUNT(H47,F47)<2,"n/a",H47-F47) -> -729 | I49: =IF(COUNT(I47,H47)<2,"n/a",I47-H47) -> 1343 | J49: =IF(COUNT(J47,I47)<2,"n/a",J47-I47) -> -524.96965
B50: Organic / M&A / FX split | C50: n/a | D50: n/a | E50: n/a | F50: n/a | G50: n/a | H50: n/a | I50: n/a | J50: n/a | L50: Not disclosed for this line (unavailable)
B51: External (consolidated) net sales | C51: =C47+C43 -> 6300 | D51: =D47+D43 -> 6967 | E51: =E47+E43 -> 7003 | F51: =F47+F43 -> 7622 | G51: =G47+G43 -> 27892 | H51: =H47+H43 -> 6914 | I51: =I47+I43 -> 8220 | J51: =J47+J43 -> 7694.1347
B52: % Y/Y | H52: =IF(COUNT(H51,C51)<2,"n/a",IF(H51*C51<=0,"n/m",H51/C51-1)) -> 0.097460317 | I52: =IF(COUNT(I51,D51)<2,"n/a",IF(I51*D51<=0,"n/m",I51/D51-1)) -> 0.17984785 | J52: =IF(COUNT(J51,E51)<2,"n/a",IF(J51*E51<=0,"n/m",J51/E51-1)) -> 0.098691235
B53: Q/Q change ($) | D53: =IF(COUNT(D51,C51)<2,"n/a",D51-C51) -> 667 | E53: =IF(COUNT(E51,D51)<2,"n/a",E51-D51) -> 36 | F53: =IF(COUNT(F51,E51)<2,"n/a",F51-E51) -> 619 | H53: =IF(COUNT(H51,F51)<2,"n/a",H51-F51) -> -708 | I53: =IF(COUNT(I51,H51)<2,"n/a",I51-H51) -> 1306 | J53: =IF(COUNT(J51,I51)<2,"n/a",J51-I51) -> -525.86528
B54: Organic / M&A / FX split | C54: n/a | D54: n/a | E54: n/a | F54: n/a | G54: n/a | H54: n/a | I54: n/a | J54: n/a | L54: Not disclosed for this line (unavailable)
B55: Inter-segment sales | C55: 40 | D55: 34 | E55: 42 | F55: 35 | G55: =SUM(C55:F55) -> 151 | H55: 31 | I55: 49 | J55: =-J13*I55/I59 -> 45.86528 | K55: S11-S14 | L55: 3Q26E: 2Q26 mix of segment sales
B56: % Y/Y | H56: =IF(COUNT(H55,C55)<2,"n/a",IF(H55*C55<=0,"n/m",H55/C55-1)) -> -0.225 | I56: =IF(COUNT(I55,D55)<2,"n/a",IF(I55*D55<=0,"n/m",I55/D55-1)) -> 0.44117647 | J56: =IF(COUNT(J55,E55)<2,"n/a",IF(J55*E55<=0,"n/m",J55/E55-1)) -> 0.092030475
B57: Q/Q change ($) | D57: =IF(COUNT(D55,C55)<2,"n/a",D55-C55) -> -6 | E57: =IF(COUNT(E55,D55)<2,"n/a",E55-D55) -> 8 | F57: =IF(COUNT(F55,E55)<2,"n/a",F55-E55) -> -7 | H57: =IF(COUNT(H55,F55)<2,"n/a",H55-F55) -> -4 | I57: =IF(COUNT(I55,H55)<2,"n/a",I55-H55) -> 18 | J57: =IF(COUNT(J55,I55)<2,"n/a",J55-I55) -> -3.13472
B58: Organic / M&A / FX split | C58: n/a | D58: n/a | E58: n/a | F58: n/a | G58: n/a | H58: n/a | I58: n/a | J58: n/a | L58: Not disclosed for this line (unavailable)
B59: Raytheon segment net sales | C59: =C51+C55 -> 6340 | D59: =D51+D55 -> 7001 | E59: =E51+E55 -> 7045 | F59: =F51+F55 -> 7657 | G59: =G51+G55 -> 28043 | H59: =H51+H55 -> 6945 | I59: =I51+I55 -> 8269 | J59: =J51+J55 -> 7740
B60: Prior-year adjusted sales | C60: 6659 | D60: 6581 | E60: 6386 | F60: 7157 | G60: =SUM(C60:F60) -> 26783 | H60: =C59 -> 6340 | I60: =D59 -> 7001 | J60: =E59 -> 7045 | K60: S03-S08 | L60: 1Q25-4Q25: issuer reconciliation (2024 bases); 1Q26-3Q26 link to the 2025 columns
B61: % Y/Y | C61: =IF(COUNT(C59,C60)<2,"n/a",IF(C59*C60<=0,"n/m",C59/C60-1)) -> -0.047905091 | D61: =IF(COUNT(D59,D60)<2,"n/a",IF(D59*D60<=0,"n/m",D59/D60-1)) -> 0.063820088 | E61: =IF(COUNT(E59,E60)<2,"n/a",IF(E59*E60<=0,"n/m",E59/E60-1)) -> 0.10319449 | F61: =IF(COUNT(F59,F60)<2,"n/a",IF(F59*F60<=0,"n/m",F59/F60-1)) -> 0.069861674 | G61: =IF(COUNT(G59,G60)<2,"n/a",IF(G59*G60<=0,"n/m",G59/G60-1)) -> 0.047044767 | H61: =IF(COUNT(H59,H60)<2,"n/a",IF(H59*H60<=0,"n/m",H59/H60-1)) -> 0.095425868 | I61: =IF(COUNT(I59,I60)<2,"n/a",IF(I59*I60<=0,"n/m",I59/I60-1)) -> 0.18111698 | J61: =IF(COUNT(J59,J60)<2,"n/a",IF(J59*J60<=0,"n/m",J59/J60-1)) -> 0.098651526
B62: Q/Q change ($) | D62: =IF(COUNT(D59,C59)<2,"n/a",D59-C59) -> 661 | E62: =IF(COUNT(E59,D59)<2,"n/a",E59-D59) -> 44 | F62: =IF(COUNT(F59,E59)<2,"n/a",F59-E59) -> 612 | H62: =IF(COUNT(H59,F59)<2,"n/a",H59-F59) -> -712 | I62: =IF(COUNT(I59,H59)<2,"n/a",I59-H59) -> 1324 | J62: =IF(COUNT(J59,I59)<2,"n/a",J59-I59) -> -529
B63: U.S. government - % of segment | C63: =IF(COUNT(C31,C59)<2,"n/a",C31/C59) -> 0.69952681 | D63: =IF(COUNT(D31,D59)<2,"n/a",D31/D59) -> 0.69990001 | E63: =IF(COUNT(E31,E59)<2,"n/a",E31/E59) -> 0.6861604 | F63: =IF(COUNT(F31,F59)<2,"n/a",F31/F59) -> 0.66187802 | G63: =IF(COUNT(G31,G59)<2,"n/a",G31/G59) -> 0.68598224 | H63: =IF(COUNT(H31,H59)<2,"n/a",H31/H59) -> 0.65197984 | I63: =IF(COUNT(I31,I59)<2,"n/a",I31/I59) -> 0.69754505 | J63: =IF(COUNT(J31,J59)<2,"n/a",J31/J59) -> 0.69754505
B64: Y/Y change (bps) | H64: =IF(COUNT(H63,C63)<2,"n/a",(H63-C63)*10000) -> -475.46972 | I64: =IF(COUNT(I63,D63)<2,"n/a",(I63-D63)*10000) -> -23.549665 | J64: =IF(COUNT(J63,E63)<2,"n/a",(J63-E63)*10000) -> 113.8465
B65: Q/Q change (bps) | D65: =IF(COUNT(D63,C63)<2,"n/a",(D63-C63)*10000) -> 3.732004 | E65: =IF(COUNT(E63,D63)<2,"n/a",(E63-D63)*10000) -> -137.39617 | F65: =IF(COUNT(F63,E63)<2,"n/a",(F63-E63)*10000) -> -242.82377 | H65: =IF(COUNT(H63,F63)<2,"n/a",(H63-F63)*10000) -> -98.981785 | I65: =IF(COUNT(I63,H63)<2,"n/a",(I63-H63)*10000) -> 455.65206 | J65: =IF(COUNT(J63,I63)<2,"n/a",(J63-I63)*10000) -> 0
B66: FMS - % of segment | C66: =IF(COUNT(C35,C59)<2,"n/a",C35/C59) -> 0.15394322 | D66: =IF(COUNT(D35,D59)<2,"n/a",D35/D59) -> 0.160977 | E66: =IF(COUNT(E35,E59)<2,"n/a",E35/E59) -> 0.15883605 | F66: =IF(COUNT(F35,F59)<2,"n/a",F35/F59) -> 0.16429411 | G66: =IF(COUNT(G35,G59)<2,"n/a",G35/G59) -> 0.15975466 | H66: =IF(COUNT(H35,H59)<2,"n/a",H35/H59) -> 0.17782577 | I66: =IF(COUNT(I35,I59)<2,"n/a",I35/I59) -> 0.14632967 | J66: =IF(COUNT(J35,J59)<2,"n/a",J35/J59) -> 0.14632967
B67: Y/Y change (bps) | H67: =IF(COUNT(H66,C66)<2,"n/a",(H66-C66)*10000) -> 238.82556 | I67: =IF(COUNT(I66,D66)<2,"n/a",(I66-D66)*10000) -> -146.47338 | J67: =IF(COUNT(J66,E66)<2,"n/a",(J66-E66)*10000) -> -125.06389
B68: Q/Q change (bps) | D68: =IF(COUNT(D66,C66)<2,"n/a",(D66-C66)*10000) -> 70.337856 | E68: =IF(COUNT(E66,D66)<2,"n/a",(E66-D66)*10000) -> -21.409493 | F68: =IF(COUNT(F66,E66)<2,"n/a",(F66-E66)*10000) -> 54.58056 | H68: =IF(COUNT(H66,F66)<2,"n/a",(H66-F66)*10000) -> 135.31664 | I68: =IF(COUNT(I66,H66)<2,"n/a",(I66-H66)*10000) -> -314.96109 | J68: =IF(COUNT(J66,I66)<2,"n/a",(J66-I66)*10000) -> 0
B69: Foreign gov. direct - % of segment | C69: =IF(COUNT(C39,C59)<2,"n/a",C39/C59) -> 0.13817035 | D69: =IF(COUNT(D39,D59)<2,"n/a",D39/D59) -> 0.13312384 | E69: =IF(COUNT(E39,E59)<2,"n/a",E39/E59) -> 0.14549326 | F69: =IF(COUNT(F39,F59)<2,"n/a",F39/F59) -> 0.16533891 | G69: =IF(COUNT(G39,G59)<2,"n/a",G39/G59) -> 0.14616838 | H69: =IF(COUNT(H39,H59)<2,"n/a",H39/H59) -> 0.15838733 | I69: =IF(COUNT(I39,I59)<2,"n/a",I39/I59) -> 0.14850647 | J69: =IF(COUNT(J39,J59)<2,"n/a",J39/J59) -> 0.14850647
B70: Y/Y change (bps) | H70: =IF(COUNT(H69,C69)<2,"n/a",(H69-C69)*10000) -> 202.16982 | I70: =IF(COUNT(I69,D69)<2,"n/a",(I69-D69)*10000) -> 153.8263 | J70: =IF(COUNT(J69,E69)<2,"n/a",(J69-E69)*10000) -> 30.132123
B71: Q/Q change (bps) | D71: =IF(COUNT(D69,C69)<2,"n/a",(D69-C69)*10000) -> -50.465076 | E71: =IF(COUNT(E69,D69)<2,"n/a",(E69-D69)*10000) -> 123.69418 | F71: =IF(COUNT(F69,E69)<2,"n/a",(F69-E69)*10000) -> 198.45648 | H71: =IF(COUNT(H69,F69)<2,"n/a",(H69-F69)*10000) -> -69.515766 | I71: =IF(COUNT(I69,H69)<2,"n/a",(I69-H69)*10000) -> -98.808591 | J71: =IF(COUNT(J69,I69)<2,"n/a",(J69-I69)*10000) -> 0
B72: Commercial - % of segment | C72: =IF(COUNT(C43,C59)<2,"n/a",C43/C59) -> 0.0020504732 | D72: =IF(COUNT(D43,D59)<2,"n/a",D43/D59) -> 0.0011426939 | E72: =IF(COUNT(E43,E59)<2,"n/a",E43/E59) -> 0.003548616 | F72: =IF(COUNT(F43,F59)<2,"n/a",F43/F59) -> 0.0039179835 | G72: =IF(COUNT(G43,G59)<2,"n/a",G43/G59) -> 0.0027101237 | H72: =IF(COUNT(H43,H59)<2,"n/a",H43/H59) -> 0.0073434125 | I72: =IF(COUNT(I43,I59)<2,"n/a",I43/I59) -> 0.0016930705 | J72: =IF(COUNT(J43,J59)<2,"n/a",J43/J59) -> 0.0016930705
B73: Y/Y change (bps) | H73: =IF(COUNT(H72,C72)<2,"n/a",(H72-C72)*10000) -> 52.929393 | I73: =IF(COUNT(I72,D72)<2,"n/a",(I72-D72)*10000) -> 5.503766 | J73: =IF(COUNT(J72,E72)<2,"n/a",(J72-E72)*10000) -> -18.555455
B74: Q/Q change (bps) | D74: =IF(COUNT(D72,C72)<2,"n/a",(D72-C72)*10000) -> -9.0777929 | E74: =IF(COUNT(E72,D72)<2,"n/a",(E72-D72)*10000) -> 24.059221 | F74: =IF(COUNT(F72,E72)<2,"n/a",(F72-E72)*10000) -> 3.693675 | H74: =IF(COUNT(H72,F72)<2,"n/a",(H72-F72)*10000) -> 34.25429 | I74: =IF(COUNT(I72,H72)<2,"n/a",(I72-H72)*10000) -> -56.50342 | J74: =IF(COUNT(J72,I72)<2,"n/a",(J72-I72)*10000) -> 0
B75: Defense & government - % of segment | C75: =IF(COUNT(C47,C59)<2,"n/a",C47/C59) -> 0.99164038 | D75: =IF(COUNT(D47,D59)<2,"n/a",D47/D59) -> 0.99400086 | E75: =IF(COUNT(E47,E59)<2,"n/a",E47/E59) -> 0.99048971 | F75: =IF(COUNT(F47,F59)<2,"n/a",F47/F59) -> 0.99151104 | G75: =IF(COUNT(G47,G59)<2,"n/a",G47/G59) -> 0.99190529 | H75: =IF(COUNT(H47,H59)<2,"n/a",H47/H59) -> 0.98819294 | I75: =IF(COUNT(I47,I59)<2,"n/a",I47/I59) -> 0.99238118 | J75: =IF(COUNT(J47,J59)<2,"n/a",J47/J59) -> 0.99238118
B76: Y/Y change (bps) | H76: =IF(COUNT(H75,C75)<2,"n/a",(H75-C75)*10000) -> -34.47434 | I76: =IF(COUNT(I75,D75)<2,"n/a",(I75-D75)*10000) -> -16.196743 | J76: =IF(COUNT(J75,E75)<2,"n/a",(J75-E75)*10000) -> 18.914737
B77: Q/Q change (bps) | D77: =IF(COUNT(D75,C75)<2,"n/a",(D75-C75)*10000) -> 23.604785 | E77: =IF(COUNT(E75,D75)<2,"n/a",(E75-D75)*10000) -> -35.11148 | F77: =IF(COUNT(F75,E75)<2,"n/a",(F75-E75)*10000) -> 10.213266 | H77: =IF(COUNT(H75,F75)<2,"n/a",(H75-F75)*10000) -> -33.180911 | I77: =IF(COUNT(I75,H75)<2,"n/a",(I75-H75)*10000) -> 41.882382 | J77: =IF(COUNT(J75,I75)<2,"n/a",(J75-I75)*10000) -> 0
B78: Segment net sales as reported | C78: 6340 | D78: 7001 | E78: 7045 | F78: 7657 | G78: =SUM(C78:F78) -> 28043 | H78: 6945 | I78: 8269 | K78: S03-S08
B79: Check: build - reported | C79: =C59-C78 -> 0 | D79: =D59-D78 -> 0 | E79: =E59-E78 -> 0 | F79: =F59-F78 -> 0 | G79: =G59-G78 -> 0 | H79: =H59-H78 -> 0 | I79: =I59-I78 -> 0
B81: Sales by type (external) - 10-Q segment note
B82: Products | C82: 5406 | D82: 5975 | E82: 6013 | F82: 6669 | G82: =SUM(C82:F82) -> 24063 | H82: 6006 | I82: 7297 | J82: =J51*I82/I51 -> 6830.1826 | K82: S11-S14 | L82: 3Q26E: external sales x 2Q26 product mix (latest quarter)
B83: % Y/Y | H83: =IF(COUNT(H82,C82)<2,"n/a",IF(H82*C82<=0,"n/m",H82/C82-1)) -> 0.11098779 | I83: =IF(COUNT(I82,D82)<2,"n/a",IF(I82*D82<=0,"n/m",I82/D82-1)) -> 0.22125523 | J83: =IF(COUNT(J82,E82)<2,"n/a",IF(J82*E82<=0,"n/m",J82/E82-1)) -> 0.13590265
B84: Q/Q change ($) | D84: =IF(COUNT(D82,C82)<2,"n/a",D82-C82) -> 569 | E84: =IF(COUNT(E82,D82)<2,"n/a",E82-D82) -> 38 | F84: =IF(COUNT(F82,E82)<2,"n/a",F82-E82) -> 656 | H84: =IF(COUNT(H82,F82)<2,"n/a",H82-F82) -> -663 | I84: =IF(COUNT(I82,H82)<2,"n/a",I82-H82) -> 1291 | J84: =IF(COUNT(J82,I82)<2,"n/a",J82-I82) -> -466.81739
B85: Organic / M&A / FX split | C85: n/a | D85: n/a | E85: n/a | F85: n/a | G85: n/a | H85: n/a | I85: n/a | J85: n/a | L85: Not disclosed for products (unavailable)
B86: Services | C86: 894 | D86: 992 | E86: 990 | F86: 953 | G86: =SUM(C86:F86) -> 3829 | H86: 908 | I86: 923 | J86: =J51-J82 -> 863.95211 | K86: S11-S14
B87: % Y/Y | H87: =IF(COUNT(H86,C86)<2,"n/a",IF(H86*C86<=0,"n/m",H86/C86-1)) -> 0.015659955 | I87: =IF(COUNT(I86,D86)<2,"n/a",IF(I86*D86<=0,"n/m",I86/D86-1)) -> -0.069556452 | J87: =IF(COUNT(J86,E86)<2,"n/a",IF(J86*E86<=0,"n/m",J86/E86-1)) -> -0.1273211
B88: Q/Q change ($) | D88: =IF(COUNT(D86,C86)<2,"n/a",D86-C86) -> 98 | E88: =IF(COUNT(E86,D86)<2,"n/a",E86-D86) -> -2 | F88: =IF(COUNT(F86,E86)<2,"n/a",F86-E86) -> -37 | H88: =IF(COUNT(H86,F86)<2,"n/a",H86-F86) -> -45 | I88: =IF(COUNT(I86,H86)<2,"n/a",I86-H86) -> 15 | J88: =IF(COUNT(J86,I86)<2,"n/a",J86-I86) -> -59.04789
B89: Organic / M&A / FX split | C89: n/a | D89: n/a | E89: n/a | F89: n/a | G89: n/a | H89: n/a | I89: n/a | J89: n/a | L89: Not disclosed for services (unavailable)
B90: Products - % of external sales | C90: =IF(COUNT(C82,C51)<2,"n/a",C82/C51) -> 0.85809524 | D90: =IF(COUNT(D82,D51)<2,"n/a",D82/D51) -> 0.85761447 | E90: =IF(COUNT(E82,E51)<2,"n/a",E82/E51) -> 0.85863201 | F90: =IF(COUNT(F82,F51)<2,"n/a",F82/F51) -> 0.8749672 | G90: =IF(COUNT(G82,G51)<2,"n/a",G82/G51) -> 0.86272049 | H90: =IF(COUNT(H82,H51)<2,"n/a",H82/H51) -> 0.86867226 | I90: =IF(COUNT(I82,I51)<2,"n/a",I82/I51) -> 0.8877129 | J90: =IF(COUNT(J82,J51)<2,"n/a",J82/J51) -> 0.8877129
B91: Y/Y change (bps) | H91: =IF(COUNT(H90,C90)<2,"n/a",(H90-C90)*10000) -> 105.77021 | I91: =IF(COUNT(I90,D90)<2,"n/a",(I90-D90)*10000) -> 300.98427 | J91: =IF(COUNT(J90,E90)<2,"n/a",(J90-E90)*10000) -> 290.80881
B92: Q/Q change (bps) | D92: =IF(COUNT(D90,C90)<2,"n/a",(D90-C90)*10000) -> -4.8076989 | E92: =IF(COUNT(E90,D90)<2,"n/a",(E90-D90)*10000) -> 10.175466 | F92: =IF(COUNT(F90,E90)<2,"n/a",(F90-E90)*10000) -> 163.35185 | H92: =IF(COUNT(H90,F90)<2,"n/a",(H90-F90)*10000) -> -62.94941 | I92: =IF(COUNT(I90,H90)<2,"n/a",(I90-H90)*10000) -> 190.40636 | J92: =IF(COUNT(J90,I90)<2,"n/a",(J90-I90)*10000) -> 0
B93: Check: products + services - external | C93: =C82+C86-C51 -> 0 | D93: =D82+D86-D51 -> 0 | E93: =E82+E86-E51 -> 0 | F93: =F82+F86-F51 -> 0 | G93: =G82+G86-G51 -> 0 | H93: =H82+H86-H51 -> 0 | I93: =I82+I86-I51 -> 0 | J93: =J82+J86-J51 -> 0
B94: Fixed-price contract sales | C94: 3605 | D94: 3991 | E94: 4089 | F94: 4962 | G94: =SUM(C94:F94) -> 16647 | H94: 4062 | I94: 5106 | J94: =J51*I94/I51 -> 4779.3494 | K94: S11-S14 | L94: 3Q26E: 2Q26 fixed-price mix
B95: % Y/Y | H95: =IF(COUNT(H94,C94)<2,"n/a",IF(H94*C94<=0,"n/m",H94/C94-1)) -> 0.12676838 | I95: =IF(COUNT(I94,D94)<2,"n/a",IF(I94*D94<=0,"n/m",I94/D94-1)) -> 0.2793786 | J95: =IF(COUNT(J94,E94)<2,"n/a",IF(J94*E94<=0,"n/m",J94/E94-1)) -> 0.16883086
B96: Q/Q change ($) | D96: =IF(COUNT(D94,C94)<2,"n/a",D94-C94) -> 386 | E96: =IF(COUNT(E94,D94)<2,"n/a",E94-D94) -> 98 | F96: =IF(COUNT(F94,E94)<2,"n/a",F94-E94) -> 873 | H96: =IF(COUNT(H94,F94)<2,"n/a",H94-F94) -> -900 | I96: =IF(COUNT(I94,H94)<2,"n/a",I94-H94) -> 1044 | J96: =IF(COUNT(J94,I94)<2,"n/a",J94-I94) -> -326.65062
B97: Cost-type contract sales | C97: 2695 | D97: 2976 | E97: 2914 | F97: 2660 | G97: =SUM(C97:F97) -> 11245 | H97: 2852 | I97: 3114 | J97: =J51-J94 -> 2914.7853 | K97: S11-S14
B98: % Y/Y | H98: =IF(COUNT(H97,C97)<2,"n/a",IF(H97*C97<=0,"n/m",H97/C97-1)) -> 0.05825603 | I98: =IF(COUNT(I97,D97)<2,"n/a",IF(I97*D97<=0,"n/m",I97/D97-1)) -> 0.046370968 | J98: =IF(COUNT(J97,E97)<2,"n/a",IF(J97*E97<=0,"n/m",J97/E97-1)) -> 0.00026950681
B99: Q/Q change ($) | D99: =IF(COUNT(D97,C97)<2,"n/a",D97-C97) -> 281 | E99: =IF(COUNT(E97,D97)<2,"n/a",E97-D97) -> -62 | F99: =IF(COUNT(F97,E97)<2,"n/a",F97-E97) -> -254 | H99: =IF(COUNT(H97,F97)<2,"n/a",H97-F97) -> 192 | I99: =IF(COUNT(I97,H97)<2,"n/a",I97-H97) -> 262 | J99: =IF(COUNT(J97,I97)<2,"n/a",J97-I97) -> -199.21466
B100: Fixed-price - % of external sales | C100: =IF(COUNT(C94,C51)<2,"n/a",C94/C51) -> 0.57222222 | D100: =IF(COUNT(D94,D51)<2,"n/a",D94/D51) -> 0.5728434 | E100: =IF(COUNT(E94,E51)<2,"n/a",E94/E51) -> 0.58389262 | F100: =IF(COUNT(F94,F51)<2,"n/a",F94/F51) -> 0.65101023 | G100: =IF(COUNT(G94,G51)<2,"n/a",G94/G51) -> 0.5968378 | H100: =IF(COUNT(H94,H51)<2,"n/a",H94/H51) -> 0.58750362 | I100: =IF(COUNT(I94,I51)<2,"n/a",I94/I51) -> 0.62116788 | J100: =IF(COUNT(J94,J51)<2,"n/a",J94/J51) -> 0.62116788
B101: Y/Y change (bps) | H101: =IF(COUNT(H100,C100)<2,"n/a",(H100-C100)*10000) -> 152.81394 | I101: =IF(COUNT(I100,D100)<2,"n/a",(I100-D100)*10000) -> 483.24479 | J101: =IF(COUNT(J100,E100)<2,"n/a",(J100-E100)*10000) -> 372.75266
B102: Q/Q change (bps) | D102: =IF(COUNT(D100,C100)<2,"n/a",(D100-C100)*10000) -> 6.211824 | E102: =IF(COUNT(E100,D100)<2,"n/a",(E100-D100)*10000) -> 110.49213 | F102: =IF(COUNT(F100,E100)<2,"n/a",(F100-E100)*10000) -> 671.17616 | H102: =IF(COUNT(H100,F100)<2,"n/a",(H100-F100)*10000) -> -635.06618 | I102: =IF(COUNT(I100,H100)<2,"n/a",(I100-H100)*10000) -> 336.64267 | J102: =IF(COUNT(J100,I100)<2,"n/a",(J100-I100)*10000) -> 0
B104: Growth decomposition (issuer organic-sales reconciliation)
B105: Total reported change ($) | C105: -319 | D105: 490 | E105: 659 | F105: 500 | G105: =SUM(C105:F105) -> 1330 | H105: 605 | I105: 1268 | J105: =J59-J60 -> 695 | K105: S03-S08 | L105: Hist: as disclosed (2Q25 includes $70M prior-year Raytheon sales adjustment in FX/other); 3Q26E: sales - PY sales
B106: Acquisitions & divestitures chg ($) | C106: -460 | D106: 0 | E106: 0 | F106: 0 | G106: =SUM(C106:F106) -> -460 | H106: 0 | I106: 0 | J106: 0 | K106: S03-S08 | L106: Blue Canyon sale ($620m, signed 2026-06-19) closing not confirmed before cutoff: no scope change assumed
...

Sheet Income Statement
B2: RTX Corporation (NYSE: RTX)
B3: Income statement - as reported to GAAP diluted EPS, adjusted (normalized) EPS bridge
B4: $ millions, except per share
B6: Period | C6: 1Q25A | D6: 2Q25A | E6: 3Q25A | F6: 4Q25A | G6: FY25A | H6: 1Q26A | I6: 2Q26A | J6: 3Q26E | K6: Source | L6: Notes
B7: Period end | C7: 45747 | D7: 45838 | E7: 45930 | F7: 46022 | G7: 46022 | H7: 46112 | I7: 46203 | J7: 46295
B8: Days in period | C8: =C7-EOMONTH(C7,-3) -> 90 | D8: =D7-C7 -> 91 | E8: =E7-D7 -> 92 | F8: =F7-E7 -> 92 | G8: =G7-EOMONTH(G7,-12) -> 365 | H8: =H7-F7 -> 90 | I8: =I7-H7 -> 91 | J8: =J7-I7 -> 92
B10: Income statement (as reported; 3Q26E forecast)
B11: Net sales - products | C11: ='Segment - Collins Aerospace'!C93+'Segment - Pratt & Whitney'!C100+'Segment - Raytheon'!C82+'Revenue summary'!C28 -> 14591 | D11: ='Segment - Collins Aerospace'!D93+'Segment - Pratt & Whitney'!D100+'Segment - Raytheon'!D82+'Revenue summary'!D28 -> 15551 | E11: ='Segment - Collins Aerospace'!E93+'Segment - Pratt & Whitney'!E100+'Segment - Raytheon'!E82+'Revenue summary'!E28 -> 16264 | F11: ='Segment - Collins Aerospace'!F93+'Segment - Pratt & Whitney'!F100+'Segment - Raytheon'!F82+'Revenue summary'!F28 -> 17765 | G11: ='Segment - Collins Aerospace'!G93+'Segment - Pratt & Whitney'!G100+'Segment - Raytheon'!G82+'Revenue summary'!G28 -> 64171 | H11: ='Segment - Collins Aerospace'!H93+'Segment - Pratt & Whitney'!H100+'Segment - Raytheon'!H82+'Revenue summary'!H28 -> 15765 | I11: ='Segment - Collins Aerospace'!I93+'Segment - Pratt & Whitney'!I100+'Segment - Raytheon'!I82+'Revenue summary'!I28 -> 17944 | J11: ='Segment - Collins Aerospace'!J93+'Segment - Pratt & Whitney'!J100+'Segment - Raytheon'!J82+'Revenue summary'!J28 -> 17502.068 | K11: S11-S14 | L11: Sum of segment product sales (10-Q segment note) + other operations
B12: % Y/Y | H12: =IF(COUNT(H11,C11)<2,"n/a",IF(H11*C11<=0,"n/m",H11/C11-1)) -> 0.080460558 | I12: =IF(COUNT(I11,D11)<2,"n/a",IF(I11*D11<=0,"n/m",I11/D11-1)) -> 0.15388078 | J12: =IF(COUNT(J11,E11)<2,"n/a",IF(J11*E11<=0,"n/m",J11/E11-1)) -> 0.076123187
B13: Q/Q change ($) | D13: =IF(COUNT(D11,C11)<2,"n/a",D11-C11) -> 960 | E13: =IF(COUNT(E11,D11)<2,"n/a",E11-D11) -> 713 | F13: =IF(COUNT(F11,E11)<2,"n/a",F11-E11) -> 1501 | H13: =IF(COUNT(H11,F11)<2,"n/a",H11-F11) -> -2000 | I13: =IF(COUNT(I11,H11)<2,"n/a",I11-H11) -> 2179 | J13: =IF(COUNT(J11,I11)<2,"n/a",J11-I11) -> -441.93248
B14: Organic / M&A / FX split | C14: n/a | D14: n/a | E14: n/a | F14: n/a | G14: n/a | H14: n/a | I14: n/a | J14: n/a | L14: Not disclosed for this line (unavailable)
B15: Net sales - services | C15: ='Segment - Collins Aerospace'!C97+'Segment - Pratt & Whitney'!C104+'Segment - Raytheon'!C86+'Revenue summary'!C32 -> 5715 | D15: ='Segment - Collins Aerospace'!D97+'Segment - Pratt & Whitney'!D104+'Segment - Raytheon'!D86+'Revenue summary'!D32 -> 6030 | E15: ='Segment - Collins Aerospace'!E97+'Segment - Pratt & Whitney'!E104+'Segment - Raytheon'!E86+'Revenue summary'!E32 -> 6214 | F15: ='Segment - Collins Aerospace'!F97+'Segment - Pratt & Whitney'!F104+'Segment - Raytheon'!F86+'Revenue summary'!F32 -> 6473 | G15: ='Segment - Collins Aerospace'!G97+'Segment - Pratt & Whitney'!G104+'Segment - Raytheon'!G86+'Revenue summary'!G32 -> 24432 | H15: ='Segment - Collins Aerospace'!H97+'Segment - Pratt & Whitney'!H104+'Segment - Raytheon'!H86+'Revenue summary'!H32 -> 6311 | I15: ='Segment - Collins Aerospace'!I97+'Segment - Pratt & Whitney'!I104+'Segment - Raytheon'!I86+'Revenue summary'!I32 -> 6764 | J15: ='Segment - Collins Aerospace'!J97+'Segment - Pratt & Whitney'!J104+'Segment - Raytheon'!J86+'Revenue summary'!J32 -> 6723.5071 | K15: S11-S14 | L15: Sum of segment service sales + other operations
B16: % Y/Y | H16: =IF(COUNT(H15,C15)<2,"n/a",IF(H15*C15<=0,"n/m",H15/C15-1)) -> 0.10428696 | I16: =IF(COUNT(I15,D15)<2,"n/a",IF(I15*D15<=0,"n/m",I15/D15-1)) -> 0.12172471 | J16: =IF(COUNT(J15,E15)<2,"n/a",IF(J15*E15<=0,"n/m",J15/E15-1)) -> 0.081993423
B17: Q/Q change ($) | D17: =IF(COUNT(D15,C15)<2,"n/a",D15-C15) -> 315 | E17: =IF(COUNT(E15,D15)<2,"n/a",E15-D15) -> 184 | F17: =IF(COUNT(F15,E15)<2,"n/a",F15-E15) -> 259 | H17: =IF(COUNT(H15,F15)<2,"n/a",H15-F15) -> -162 | I17: =IF(COUNT(I15,H15)<2,"n/a",I15-H15) -> 453 | J17: =IF(COUNT(J15,I15)<2,"n/a",J15-I15) -> -40.492872
B18: Organic / M&A / FX split | C18: n/a | D18: n/a | E18: n/a | F18: n/a | G18: n/a | H18: n/a | I18: n/a | J18: n/a | L18: Not disclosed for this line (unavailable)
B19: Net sales | C19: =C11+C15 -> 20306 | D19: =D11+D15 -> 21581 | E19: =E11+E15 -> 22478 | F19: =F11+F15 -> 24238 | G19: =G11+G15 -> 88603 | H19: =H11+H15 -> 22076 | I19: =I11+I15 -> 24708 | J19: =J11+J15 -> 24225.575
B20: % Y/Y | C20: =C19/'Revenue summary'!C52-1 -> 0.051851852 | D20: =D19/'Revenue summary'!D52-1 -> 0.090445152 | E20: =E19/'Revenue summary'!E52-1 -> 0.1189208 | F20: =F19/'Revenue summary'!F52-1 -> 0.12093604 | G20: =G19/'Revenue summary'!G52-1 -> 0.096463221 | H20: =H19/'Revenue summary'!H52-1 -> 0.087166355 | I20: =I19/'Revenue summary'!I52-1 -> 0.14489597 | J20: =J19/'Revenue summary'!J52-1 -> 0.077746003
B21: Q/Q change ($) | D21: =IF(COUNT(D19,C19)<2,"n/a",D19-C19) -> 1275 | E21: =IF(COUNT(E19,D19)<2,"n/a",E19-D19) -> 897 | F21: =IF(COUNT(F19,E19)<2,"n/a",F19-E19) -> 1760 | H21: =IF(COUNT(H19,F19)<2,"n/a",H19-F19) -> -2162 | I21: =IF(COUNT(I19,H19)<2,"n/a",I19-H19) -> 2632 | J21: =IF(COUNT(J19,I19)<2,"n/a",J19-I19) -> -482.42536
B22: M&A / scope impact (Revenue summary) | C22: ='Revenue summary'!C78 -> -0.025485625 | D22: ='Revenue summary'!D78 -> -0.0015158405 | E22: ='Revenue summary'!E78 -> -0.012693514 | F22: ='Revenue summary'!F78 -> -0.018591315 | G22: ='Revenue summary'!G78 -> -0.01459014 | H22: ='Revenue summary'!H78 -> -0.018221215 | I22: ='Revenue summary'!I78 -> -0.018117789 | J22: ='Revenue summary'!J78 -> -0.0075629504
B23: FX / other impact (Revenue summary) | C23: ='Revenue summary'!C79 -> -0.0014504015 | D23: ='Revenue summary'!D79 -> 0.0054064979 | E23: ='Revenue summary'!E79 -> 0.0012942406 | F23: ='Revenue summary'!F79 -> 0.0020811173 | G23: ='Revenue summary'!G79 -> 0.0018562519 | H23: ='Revenue summary'!H79 -> 0.0031025313 | I23: ='Revenue summary'!I79 -> 0.00032435939 | J23: ='Revenue summary'!J79 -> 0
B24: Organic growth (issuer additive) | C24: ='Revenue summary'!C81 -> 0.078787879 | D24: ='Revenue summary'!D81 -> 0.090091456 | E24: ='Revenue summary'!E81 -> 0.13032008 | F24: ='Revenue summary'!F81 -> 0.13744624 | G24: ='Revenue summary'!G81 -> 0.11006336 | H24: ='Revenue summary'!H81 -> 0.10228504 | I24: ='Revenue summary'!I81 -> 0.1626894 | J24: ='Revenue summary'!J81 -> 0.085308953
B25: Check: net sales - Revenue summary total | C25: =C19-'Revenue summary'!C50 -> 0 | D25: =D19-'Revenue summary'!D50 -> 0 | E25: =E19-'Revenue summary'!E50 -> 0 | F25: =F19-'Revenue summary'!F50 -> 0 | G25: =G19-'Revenue summary'!G50 -> 0 | H25: =H19-'Revenue summary'!H50 -> 0 | I25: =I19-'Revenue summary'!I50 -> 0 | J25: =J19-'Revenue summary'!J50 -> 0
B26: Cost of sales - products | C26: 12283 | D26: 12989 | E26: 13593 | F26: 14915 | G26: =SUM(C26:F26) -> 53780 | H26: 13000 | I26: 14802 | J26: =J32-J29 -> 14513.431 | K26: S11-S14 | L26: 3Q26E: total cost of sales less services cost
B27: % Y/Y | H27: =IF(COUNT(H26,C26)<2,"n/a",IF(H26*C26<=0,"n/m",H26/C26-1)) -> 0.058373362 | I27: =IF(COUNT(I26,D26)<2,"n/a",IF(I26*D26<=0,"n/m",I26/D26-1)) -> 0.13957964 | J27: =IF(COUNT(J26,E26)<2,"n/a",IF(J26*E26<=0,"n/m",J26/E26-1)) -> 0.067713629
B28: Q/Q change ($) | D28: =IF(COUNT(D26,C26)<2,"n/a",D26-C26) -> 706 | E28: =IF(COUNT(E26,D26)<2,"n/a",E26-D26) -> 604 | F28: =IF(COUNT(F26,E26)<2,"n/a",F26-E26) -> 1322 | H28: =IF(COUNT(H26,F26)<2,"n/a",H26-F26) -> -1915 | I28: =IF(COUNT(I26,H26)<2,"n/a",I26-H26) -> 1802 | J28: =IF(COUNT(J26,I26)<2,"n/a",J26-I26) -> -288.56865
B29: Cost of sales - services | C29: 3907 | D29: 4216 | E29: 4305 | F29: 4606 | G29: =SUM(C29:F29) -> 17034 | H29: 4482 | I29: 4773 | J29: =J15*I29/I15 -> 4744.4263 | K29: S11-S14 | L29: 3Q26E: services sales x 2Q26 services cost ratio
B30: % Y/Y | H30: =IF(COUNT(H29,C29)<2,"n/a",IF(H29*C29<=0,"n/m",H29/C29-1)) -> 0.14717174 | I30: =IF(COUNT(I29,D29)<2,"n/a",IF(I29*D29<=0,"n/m",I29/D29-1)) -> 0.13211575 | J30: =IF(COUNT(J29,E29)<2,"n/a",IF(J29*E29<=0,"n/m",J29/E29-1)) -> 0.10207347
B31: Q/Q change ($) | D31: =IF(COUNT(D29,C29)<2,"n/a",D29-C29) -> 309 | E31: =IF(COUNT(E29,D29)<2,"n/a",E29-D29) -> 89 | F31: =IF(COUNT(F29,E29)<2,"n/a",F29-E29) -> 301 | H31: =IF(COUNT(H29,F29)<2,"n/a",H29-F29) -> -124 | I31: =IF(COUNT(I29,H29)<2,"n/a",I29-H29) -> 291 | J31: =IF(COUNT(J29,I29)<2,"n/a",J29-I29) -> -28.573696
B32: Cost of sales | C32: =C26+C29 -> 16190 | D32: =D26+D29 -> 17205 | E32: =E26+E29 -> 17898 | F32: =F26+F29 -> 19521 | G32: =G26+G29 -> 70814 | H32: =H26+H29 -> 17482 | I32: =I26+I29 -> 19575 | J32: =J19-J41-J47+J55-J58 -> 19257.858 | L32: 3Q26E: derived so that operating profit equals the segment-based build - RESIDUAL plug: cost of sales, gross profit (J35) and gross margin (J38) follow from segment OP and R&D/SG&A/other-income judgments, not from a cost driver
B33: % Y/Y | H33: =IF(COUNT(H32,C32)<2,"n/a",IF(H32*C32<=0,"n/m",H32/C32-1)) -> 0.079802347 | I33: =IF(COUNT(I32,D32)<2,"n/a",IF(I32*D32<=0,"n/m",I32/D32-1)) -> 0.13775065 | J33: =IF(COUNT(J32,E32)<2,"n/a",IF(J32*E32<=0,"n/m",J32/E32-1)) -> 0.075978191
B34: Q/Q change ($) | D34: =IF(COUNT(D32,C32)<2,"n/a",D32-C32) -> 1015 | E34: =IF(COUNT(E32,D32)<2,"n/a",E32-D32) -> 693 | F34: =IF(COUNT(F32,E32)<2,"n/a",F32-E32) -> 1623 | H34: =IF(COUNT(H32,F32)<2,"n/a",H32-F32) -> -2039 | I34: =IF(COUNT(I32,H32)<2,"n/a",I32-H32) -> 2093 | J34: =IF(COUNT(J32,I32)<2,"n/a",J32-I32) -> -317.14234
B35: Gross profit (derived) | C35: =C19-C32 -> 4116 | D35: =D19-D32 -> 4376 | E35: =E19-E32 -> 4580 | F35: =F19-F32 -> 4717 | G35: =G19-G32 -> 17789 | H35: =H19-H32 -> 4594 | I35: =I19-I32 -> 5133 | J35: =J19-J32 -> 4967.717 | L35: Derived; RTX does not report a gross profit subtotal. 3Q26E is a residual of the J32 cost-of-sales plug (not independently validated)
B36: % Y/Y | H36: =IF(COUNT(H35,C35)<2,"n/a",IF(H35*C35<=0,"n/m",H35/C35-1)) -> 0.11613217 | I36: =IF(COUNT(I35,D35)<2,"n/a",IF(I35*D35<=0,"n/m",I35/D35-1)) -> 0.17298903 | J36: =IF(COUNT(J35,E35)<2,"n/a",IF(J35*E35<=0,"n/m",J35/E35-1)) -> 0.084654364
B37: Q/Q change ($) | D37: =IF(COUNT(D35,C35)<2,"n/a",D35-C35) -> 260 | E37: =IF(COUNT(E35,D35)<2,"n/a",E35-D35) -> 204 | F37: =IF(COUNT(F35,E35)<2,"n/a",F35-E35) -> 137 | H37: =IF(COUNT(H35,F35)<2,"n/a",H35-F35) -> -123 | I37: =IF(COUNT(I35,H35)<2,"n/a",I35-H35) -> 539 | J37: =IF(COUNT(J35,I35)<2,"n/a",J35-I35) -> -165.28301
B38: Gross margin | C38: =C35/C19 -> 0.20269871 | D38: =D35/D19 -> 0.20277096 | E38: =E35/E19 -> 0.20375478 | F38: =F35/F19 -> 0.19461177 | G38: =G35/G19 -> 0.20077198 | H38: =H35/H19 -> 0.20809929 | I38: =I35/I19 -> 0.20774648 | J38: =J35/J19 -> 0.20506085 | L38: 3Q26E: residual of the J32 cost-of-sales plug (not independently validated)
B39: Y/Y change (bps) | H39: =IF(COUNT(H38,C38)<2,"n/a",(H38-C38)*10000) -> 54.005836 | I39: =IF(COUNT(I38,D38)<2,"n/a",(I38-D38)*10000) -> 49.755229 | J39: =IF(COUNT(J38,E38)<2,"n/a",(J38-E38)*10000) -> 13.0607
B40: Q/Q change (bps) | D40: =IF(COUNT(D38,C38)<2,"n/a",(D38-C38)*10000) -> 0.72246192 | E40: =IF(COUNT(E38,D38)<2,"n/a",(E38-D38)*10000) -> 9.8382652 | F40: =IF(COUNT(F38,E38)<2,"n/a",(F38-E38)*10000) -> -91.430158 | H40: =IF(COUNT(H38,F38)<2,"n/a",(H38-F38)*10000) -> 134.87527 | I40: =IF(COUNT(I38,H38)<2,"n/a",(I38-H38)*10000) -> -3.5281448 | J40: =IF(COUNT(J38,I38)<2,"n/a",(J38-I38)*10000) -> -26.856264
B41: Research and development | C41: 637 | D41: 697 | E41: 684 | F41: 789 | G41: =SUM(C41:F41) -> 2807 | H41: 627 | I41: 726 | J41: =J19*J44 -> 702.54166 | K41: S06,S11-S14
B42: % Y/Y | H42: =IF(COUNT(H41,C41)<2,"n/a",IF(H41*C41<=0,"n/m",H41/C41-1)) -> -0.015698587 | I42: =IF(COUNT(I41,D41)<2,"n/a",IF(I41*D41<=0,"n/m",I41/D41-1)) -> 0.041606887 | J42: =IF(COUNT(J41,E41)<2,"n/a",IF(J41*E41<=0,"n/m",J41/E41-1)) -> 0.027107697
B43: Q/Q change ($) | D43: =IF(COUNT(D41,C41)<2,"n/a",D41-C41) -> 60 | E43: =IF(COUNT(E41,D41)<2,"n/a",E41-D41) -> -13 | F43: =IF(COUNT(F41,E41)<2,"n/a",F41-E41) -> 105 | H43: =IF(COUNT(H41,F41)<2,"n/a",H41-F41) -> -162 | I43: =IF(COUNT(I41,H41)<2,"n/a",I41-H41) -> 99 | J43: =IF(COUNT(J41,I41)<2,"n/a",J41-I41) -> -23.458335
B44: R&D - % of net sales | C44: =C41/C19 -> 0.031370038 | D44: =D41/D19 -> 0.032296928 | E44: =E41/E19 -> 0.030429754 | F44: =F41/F19 -> 0.032552191 | G44: =G41/G19 -> 0.031680643 | H44: =H41/H19 -> 0.028401884 | I44: =I41/I19 -> 0.029383196 | J44: 0.029 | L44: 3Q26E input (2Q26 2.9%, 3Q25 3.0%)
B45: Y/Y change (bps) | H45: =IF(COUNT(H44,C44)<2,"n/a",(H44-C44)*10000) -> -29.68154 | I45: =IF(COUNT(I44,D44)<2,"n/a",(I44-D44)*10000) -> -29.137321 | J45: =IF(COUNT(J44,E44)<2,"n/a",(J44-E44)*10000) -> -14.297535
B46: Q/Q change (bps) | D46: =IF(COUNT(D44,C44)<2,"n/a",(D44-C44)*10000) -> 9.2688944 | E46: =IF(COUNT(E44,D44)<2,"n/a",(E44-D44)*10000) -> -18.671743 | F46: =IF(COUNT(F44,E44)<2,"n/a",(F44-E44)*10000) -> 21.224372 | H46: =IF(COUNT(H44,F44)<2,"n/a",(H44-F44)*10000) -> -41.503064 | I46: =IF(COUNT(I44,H44)<2,"n/a",(I44-H44)*10000) -> 9.8131133 | J46: =IF(COUNT(J44,I44)<2,"n/a",(J44-I44)*10000) -> -3.8319573
B47: Selling, general & administrative | C47: 1448 | D47: 1573 | E47: 1436 | F47: 1638 | G47: =SUM(C47:F47) -> 6095 | H47: 1476 | I47: 1658 | J47: =J19*J50 -> 1598.8879 | K47: S06,S11-S14
B48: % Y/Y | H48: =IF(COUNT(H47,C47)<2,"n/a",IF(H47*C47<=0,"n/m",H47/C47-1)) -> 0.019337017 | I48: =IF(COUNT(I47,D47)<2,"n/a",IF(I47*D47<=0,"n/m",I47/D47-1)) -> 0.054036872 | J48: =IF(COUNT(J47,E47)<2,"n/a",IF(J47*E47<=0,"n/m",J47/E47-1)) -> 0.1134317
B49: Q/Q change ($) | D49: =IF(COUNT(D47,C47)<2,"n/a",D47-C47) -> 125 | E49: =IF(COUNT(E47,D47)<2,"n/a",E47-D47) -> -137 | F49: =IF(COUNT(F47,E47)<2,"n/a",F47-E47) -> 202 | H49: =IF(COUNT(H47,F47)<2,"n/a",H47-F47) -> -162 | I49: =IF(COUNT(I47,H47)<2,"n/a",I47-H47) -> 182 | J49: =IF(COUNT(J47,I47)<2,"n/a",J47-I47) -> -59.112073
B50: SG&A - % of net sales | C50: =C47/C19 -> 0.071308973 | D50: =D47/D19 -> 0.072888189 | E50: =E47/E19 -> 0.063884687 | F50: =F47/F19 -> 0.067579833 | G50: =G47/G19 -> 0.068789996 | H50: =H47/H19 -> 0.066859938 | I50: =I47/I19 -> 0.067103772 | J50: 0.066 | L50: 3Q26E input (2Q26 6.7%, 3Q25 6.4%)
B51: Y/Y change (bps) | H51: =IF(COUNT(H50,C50)<2,"n/a",(H50-C50)*10000) -> -44.490343 | I51: =IF(COUNT(I50,D50)<2,"n/a",(I50-D50)*10000) -> -57.844166 | J51: =IF(COUNT(J50,E50)<2,"n/a",(J50-E50)*10000) -> 21.153128
B52: Q/Q change (bps) | D52: =IF(COUNT(D50,C50)<2,"n/a",(D50-C50)*10000) -> 15.79216 | E52: =IF(COUNT(E50,D50)<2,"n/a",(E50-D50)*10000) -> -90.035014 | F52: =IF(COUNT(F50,E50)<2,"n/a",(F50-E50)*10000) -> 36.951461 | H52: =IF(COUNT(H50,F50)<2,"n/a",(H50-F50)*10000) -> -7.1989492 | I52: =IF(COUNT(I50,H50)<2,"n/a",(I50-H50)*10000) -> 2.4383366 | J52: =IF(COUNT(J50,I50)<2,"n/a",(J50-I50)*10000) -> -11.037721
B53: Total costs and expenses | C53: =C32+C41+C47 -> 18275 | D53: =D32+D41+D47 -> 19475 | E53: =E32+E41+E47 -> 20018 | F53: =F32+F41+F47 -> 21948 | G53: =G32+G41+G47 -> 79716 | H53: =H32+H41+H47 -> 19585 | I53: =I32+I41+I47 -> 21959 | J53: =J32+J41+J47 -> 21559.287
B54: % Y/Y | H54: =IF(COUNT(H53,C53)<2,"n/a",IF(H53*C53<=0,"n/m",H53/C53-1)) -> 0.071682627 | I54: =IF(COUNT(I53,D53)<2,"n/a",IF(I53*D53<=0,"n/m",I53/D53-1)) -> 0.12754814 | J54: =IF(COUNT(J53,E53)<2,"n/a",IF(J53*E53<=0,"n/m",J53/E53-1)) -> 0.076995067
B55: Other income (expense), net | C55: 4 | D55: 40 | E55: 63 | F55: 306 | G55: =SUM(C55:F55) -> 413 | H55: 64 | I55: 62 | J55: 60 | K55: S06,S11-S14 | L55: 3Q26E input
B56: % Y/Y | H56: =IF(COUNT(H55,C55)<2,"n/a",IF(H55*C55<=0,"n/m",H55/C55-1)) -> 15 | I56: =IF(COUNT(I55,D55)<2,"n/a",IF(I55*D55<=0,"n/m",I55/D55-1)) -> 0.55 | J56: =IF(COUNT(J55,E55)<2,"n/a",IF(J55*E55<=0,"n/m",J55/E55-1)) -> -0.047619048
B57: Q/Q change ($) | D57: =IF(COUNT(D55,C55)<2,"n/a",D55-C55) -> 36 | E57: =IF(COUNT(E55,D55)<2,"n/a",E55-D55) -> 23 | F57: =IF(COUNT(F55,E55)<2,"n/a",F55-E55) -> 243 | H57: =IF(COUNT(H55,F55)<2,"n/a",H55-F55) -> -242 | I57: =IF(COUNT(I55,H55)<2,"n/a",I55-H55) -> -2 | J57: =IF(COUNT(J55,I55)<2,"n/a",J55-I55) -> -2
B58: Operating profit | C58: =C19-C53+C55 -> 2035 | D58: =D19-D53+D55 -> 2146 | E58: =E19-E53+E55 -> 2523 | F58: =F19-F53+F55 -> 2596 | G58: =G19-G53+G55 -> 9300 | H58: =H19-H53+H55 -> 2555 | I58: =I19-I53+I55 -> 2811 | J58: =J120 -> 2726.2874
B59: % Y/Y | H59: =IF(COUNT(H58,C58)<2,"n/a",IF(H58*C58<=0,"n/m",H58/C58-1)) -> 0.25552826 | I59: =IF(COUNT(I58,D58)<2,"n/a",IF(I58*D58<=0,"n/m",I58/D58-1)) -> 0.30987884 | J59: =IF(COUNT(J58,E58)<2,"n/a",IF(J58*E58<=0,"n/m",J58/E58-1)) -> 0.080573681
B60: Q/Q change ($) | D60: =IF(COUNT(D58,C58)<2,"n/a",D58-C58) -> 111 | E60: =IF(COUNT(E58,D58)<2,"n/a",E58-D58) -> 377 | F60: =IF(COUNT(F58,E58)<2,"n/a",F58-E58) -> 73 | H60: =IF(COUNT(H58,F58)<2,"n/a",H58-F58) -> -41 | I60: =IF(COUNT(I58,H58)<2,"n/a",I58-H58) -> 256 | J60: =IF(COUNT(J58,I58)<2,"n/a",J58-I58) -> -84.712604
B61: Operating margin | C61: =C58/C19 -> 0.10021668 | D61: =D58/D19 -> 0.099439322 | E61: =E58/E19 -> 0.11224308 | F61: =F58/F19 -> 0.10710455 | G61: =G58/G19 -> 0.10496259 | H61: =H58/H19 -> 0.11573655 | I61: =I58/I19 -> 0.11376882 | J61: =J58/J19 -> 0.11253757
B62: Y/Y change (bps) | H62: =IF(COUNT(H61,C61)<2,"n/a",(H61-C61)*10000) -> 155.19862 | I62: =IF(COUNT(I61,D61)<2,"n/a",(I61-D61)*10000) -> 143.29498 | J62: =IF(COUNT(J61,E61)<2,"n/a",(J61-E61)*10000) -> 2.9449176
B63: Q/Q change (bps) | D63: =IF(COUNT(D61,C61)<2,"n/a",(D61-C61)*10000) -> -7.773631 | E63: =IF(COUNT(E61,D61)<2,"n/a",(E61-D61)*10000) -> 128.0376 | F63: =IF(COUNT(F61,E61)<2,"n/a",(F61-E61)*10000) -> -51.385355 | H63: =IF(COUNT(H61,F61)<2,"n/a",(H61-F61)*10000) -> 86.319999 | I63: =IF(COUNT(I61,H61)<2,"n/a",(I61-H61)*10000) -> -19.677267 | J63: =IF(COUNT(J61,I61)<2,"n/a",(J61-I61)*10000) -> -12.312459
B64: Non-service pension (income) | C64: -366 | D64: -351 | E64: -364 | F64: -101 | G64: =SUM(C64:F64) -> -1182 | H64: -355 | I64: -348 | J64: =-(J214+J169) -> -344.5 | K64: S06,S11-S14 | L64: 3Q26E: -(adjusted pension income input + pension items)
B65: % Y/Y | H65: =IF(COUNT(H64,C64)<2,"n/a",IF(H64*C64<=0,"n/m",H64/C64-1)) -> -0.030054645 | I65: =IF(COUNT(I64,D64)<2,"n/a",IF(I64*D64<=0,"n/m",I64/D64-1)) -> -0.0085470085 | J65: =IF(COUNT(J64,E64)<2,"n/a",IF(J64*E64<=0,"n/m",J64/E64-1)) -> -0.053571429
B66: Q/Q change ($) | D66: =IF(COUNT(D64,C64)<2,"n/a",D64-C64) -> 15 | E66: =IF(COUNT(E64,D64)<2,"n/a",E64-D64) -> -13 | F66: =IF(COUNT(F64,E64)<2,"n/a",F64-E64) -> 263 | H66: =IF(COUNT(H64,F64)<2,"n/a",H64-F64) -> -254 | I66: =IF(COUNT(I64,H64)<2,"n/a",I64-H64) -> 7 | J66: =IF(COUNT(J64,I64)<2,"n/a",J64-I64) -> 3.5
B67: Interest expense, net | C67: 443 | D67: 457 | E67: 449 | F67: 400 | G67: =SUM(C67:F67) -> 1749 | H67: 390 | I67: 417 | J67: =J217-J172 -> 409 | K67: S06,S11-S14 | L67: 3Q26E: adjusted interest input less interest items
B68: % Y/Y | H68: =IF(COUNT(H67,C67)<2,"n/a",IF(H67*C67<=0,"n/m",H67/C67-1)) -> -0.11963883 | I68: =IF(COUNT(I67,D67)<2,"n/a",IF(I67*D67<=0,"n/m",I67/D67-1)) -> -0.087527352 | J68: =IF(COUNT(J67,E67)<2,"n/a",IF(J67*E67<=0,"n/m",J67/E67-1)) -> -0.08908686
B69: Q/Q change ($) | D69: =IF(COUNT(D67,C67)<2,"n/a",D67-C67) -> 14 | E69: =IF(COUNT(E67,D67)<2,"n/a",E67-D67) -> -8 | F69: =IF(COUNT(F67,E67)<2,"n/a",F67-E67) -> -49 | H69: =IF(COUNT(H67,F67)<2,"n/a",H67-F67) -> -10 | I69: =IF(COUNT(I67,H67)<2,"n/a",I67-H67) -> 27 | J69: =IF(COUNT(J67,I67)<2,"n/a",J67-I67) -> -8
B70: Income before income taxes | C70: =C58-C64-C67 -> 1958 | D70: =D58-D64-D67 -> 2040 | E70: =E58-E64-E67 -> 2438 | F70: =F58-F64-F67 -> 2297 | G70: =G58-G64-G67 -> 8733 | H70: =H58-H64-H67 -> 2520 | I70: =I58-I64-I67 -> 2742 | J70: =J58-J64-J67 -> 2661.7874
B71: % Y/Y | H71: =IF(COUNT(H70,C70)<2,"n/a",IF(H70*C70<=0,"n/m",H70/C70-1)) -> 0.28702758 | I71: =IF(COUNT(I70,D70)<2,"n/a",IF(I70*D70<=0,"n/m",I70/D70-1)) -> 0.34411765 | J71: =IF(COUNT(J70,E70)<2,"n/a",IF(J70*E70<=0,"n/m",J70/E70-1)) -> 0.091791385
B72: Pre-tax margin | C72: =C70/C19 -> 0.096424702 | D72: =D70/D19 -> 0.094527594 | E72: =E70/E19 -> 0.10846161 | F72: =F70/F19 -> 0.094768545 | G72: =G70/G19 -> 0.098563254 | H72: =H70/H19 -> 0.11415111 | I72: =I70/I19 -> 0.1109762 | J72: =J70/J19 -> 0.1098751
B73: Y/Y change (bps) | H73: =IF(COUNT(H72,C72)<2,"n/a",(H72-C72)*10000) -> 177.26412 | I73: =IF(COUNT(I72,D72)<2,"n/a",(I72-D72)*10000) -> 164.48608 | J73: =IF(COUNT(J72,E72)<2,"n/a",(J72-E72)*10000) -> 14.134914
B74: Q/Q change (bps) | D74: =IF(COUNT(D72,C72)<2,"n/a",(D72-C72)*10000) -> -18.971083 | E74: =IF(COUNT(E72,D72)<2,"n/a",(E72-D72)*10000) -> 139.34013 | F74: =IF(COUNT(F72,E72)<2,"n/a",(F72-E72)*10000) -> -136.93062 | H74: =IF(COUNT(H72,F72)<2,"n/a",(H72-F72)*10000) -> 193.82569 | I74: =IF(COUNT(I72,H72)<2,"n/a",(I72-H72)*10000) -> -31.749123 | J74: =IF(COUNT(J72,I72)<2,"n/a",(J72-I72)*10000) -> -11.011037
B75: Income tax expense | C75: 333 | D75: 315 | E75: 432 | F75: 584 | G75: =SUM(C75:F75) -> 1664 | H75: 363 | I75: 493 | J75: =J206-J175-J178 -> 471.5862 | K75: S06,S11-S14 | L75: 3Q26E: adjusted tax less tax effect of adjustments less tax items
B76: % Y/Y | H76: =IF(COUNT(H75,C75)<2,"n/a",IF(H75*C75<=0,"n/m",H75/C75-1)) -> 0.09009009 | I76: =IF(COUNT(I75,D75)<2,"n/a",IF(I75*D75<=0,"n/m",I75/D75-1)) -> 0.56507937 | J76: =IF(COUNT(J75,E75)<2,"n/a",IF(J75*E75<=0,"n/m",J75/E75-1)) -> 0.091634722
B77: Q/Q change ($) | D77: =IF(COUNT(D75,C75)<2,"n/a",D75-C75) -> -18 | E77: =IF(COUNT(E75,D75)<2,"n/a",E75-D75) -> 117 | F77: =IF(COUNT(F75,E75)<2,"n/a",F75-E75) -> 152 | H77: =IF(COUNT(H75,F75)<2,"n/a",H75-F75) -> -221 | I77: =IF(COUNT(I75,H75)<2,"n/a",I75-H75) -> 130 | J77: =IF(COUNT(J75,I75)<2,"n/a",J75-I75) -> -21.4138
B78: Effective tax rate (GAAP) | C78: =C75/C70 -> 0.1700715 | D78: =D75/D70 -> 0.15441176 | E78: =E75/E70 -> 0.17719442 | F78: =F75/F70 -> 0.25424467 | G78: =G75/G70 -> 0.19054162 | H78: =H75/H70 -> 0.14404762 | I78: =I75/I70 -> 0.17979577 | J78: =J75/J70 -> 0.177169
B79: Y/Y change (bps) | H79: =IF(COUNT(H78,C78)<2,"n/a",(H78-C78)*10000) -> -260.23882 | I79: =IF(COUNT(I78,D78)<2,"n/a",(I78-D78)*10000) -> 253.84005 | J79: =IF(COUNT(J78,E78)<2,"n/a",(J78-E78)*10000) -> -0.25425936
B80: Q/Q change (bps) | D80: =IF(COUNT(D78,C78)<2,"n/a",(D78-C78)*10000) -> -156.59737 | E80: =IF(COUNT(E78,D78)<2,"n/a",(E78-D78)*10000) -> 227.82657 | F80: =IF(COUNT(F78,E78)<2,"n/a",(F78-E78)*10000) -> 770.50245 | H80: =IF(COUNT(H78,F78)<2,"n/a",(H78-F78)*10000) -> -1101.9705 | I80: =IF(COUNT(I78,H78)<2,"n/a",(I78-H78)*10000) -> 357.4815 | J80: =IF(COUNT(J78,I78)<2,"n/a",(J78-I78)*10000) -> -26.267738
B81: Net income | C81: =C70-C75 -> 1625 | D81: =D70-D75 -> 1725 | E81: =E70-E75 -> 2006 | F81: =F70-F75 -> 1713 | G81: =G70-G75 -> 7069 | H81: =H70-H75 -> 2157 | I81: =I70-I75 -> 2249 | J81: =J70-J75 -> 2190.2012
B82: % Y/Y | H82: =IF(COUNT(H81,C81)<2,"n/a",IF(H81*C81<=0,"n/m",H81/C81-1)) -> 0.32738462 | I82: =IF(COUNT(I81,D81)<2,"n/a",IF(I81*D81<=0,"n/m",I81/D81-1)) -> 0.30376812 | J82: =IF(COUNT(J81,E81)<2,"n/a",IF(J81*E81<=0,"n/m",J81/E81-1)) -> 0.091825123
B83: Q/Q change ($) | D83: =IF(COUNT(D81,C81)<2,"n/a",D81-C81) -> 100 | E83: =IF(COUNT(E81,D81)<2,"n/a",E81-D81) -> 281 | F83: =IF(COUNT(F81,E81)<2,"n/a",F81-E81) -> -293 | H83: =IF(COUNT(H81,F81)<2,"n/a",H81-F81) -> 444 | I83: =IF(COUNT(I81,H81)<2,"n/a",I81-H81) -> 92 | J83: =IF(COUNT(J81,I81)<2,"n/a",J81-I81) -> -58.798803
B84: Less: noncontrolling interest | C84: 90 | D84: 68 | E84: 88 | F84: 91 | G84: =SUM(C84:F84) -> 337 | H84: 98 | I84: 110 | J84: 105 | K84: S06,S11-S14 | L84: 3Q26E input (1Q26 98, 2Q26 110, 3Q25 88)
B85: % Y/Y | H85: =IF(COUNT(H84,C84)<2,"n/a",IF(H84*C84<=0,"n/m",H84/C84-1)) -> 0.088888889 | I85: =IF(COUNT(I84,D84)<2,"n/a",IF(I84*D84<=0,"n/m",I84/D84-1)) -> 0.61764706 | J85: =IF(COUNT(J84,E84)<2,"n/a",IF(J84*E84<=0,"n/m",J84/E84-1)) -> 0.19318182
B86: Q/Q change ($) | D86: =IF(COUNT(D84,C84)<2,"n/a",D84-C84) -> -22 | E86: =IF(COUNT(E84,D84)<2,"n/a",E84-D84) -> 20 | F86: =IF(COUNT(F84,E84)<2,"n/a",F84-E84) -> 3 | H86: =IF(COUNT(H84,F84)<2,"n/a",H84-F84) -> 7 | I86: =IF(COUNT(I84,H84)<2,"n/a",I84-H84) -> 12 | J86: =IF(COUNT(J84,I84)<2,"n/a",J84-I84) -> -5
B87: Net income to common - GAAP | C87: =C81-C84 -> 1535 | D87: =D81-D84 -> 1657 | E87: =E81-E84 -> 1918 | F87: =F81-F84 -> 1622 | G87: =G81-G84 -> 6732 | H87: =H81-H84 -> 2059 | I87: =I81-I84 -> 2139 | J87: =J81-J84 -> 2085.2012
B88: % Y/Y | H88: =IF(COUNT(H87,C87)<2,"n/a",IF(H87*C87<=0,"n/m",H87/C87-1)) -> 0.34136808 | I88: =IF(COUNT(I87,D87)<2,"n/a",IF(I87*D87<=0,"n/m",I87/D87-1)) -> 0.29088715 | J88: =IF(COUNT(J87,E87)<2,"n/a",IF(J87*E87<=0,"n/m",J87/E87-1)) -> 0.087174764
B89: Q/Q change ($) | D89: =IF(COUNT(D87,C87)<2,"n/a",D87-C87) -> 122 | E89: =IF(COUNT(E87,D87)<2,"n/a",E87-D87) -> 261 | F89: =IF(COUNT(F87,E87)<2,"n/a",F87-E87) -> -296 | H89: =IF(COUNT(H87,F87)<2,"n/a",H87-F87) -> 437 | I89: =IF(COUNT(I87,H87)<2,"n/a",I87-H87) -> 80 | J89: =IF(COUNT(J87,I87)<2,"n/a",J87-I87) -> -53.798803
B90: Net margin (attributable) | C90: =C87/C19 -> 0.075593421 | D90: =D87/D19 -> 0.076780501 | E90: =E87/E19 -> 0.085327876 | F90: =F87/F19 -> 0.066919713 | G90: =G87/G19 -> 0.075979369 | H90: =H87/H19 -> 0.093268708 | I90: =I87/I19 -> 0.086571151 | J90: =J87/J19 -> 0.086074375
B91: Y/Y change (bps) | H91: =IF(COUNT(H90,C90)<2,"n/a",(H90-C90)*10000) -> 176.75287 | I91: =IF(COUNT(I90,D90)<2,"n/a",(I90-D90)*10000) -> 97.906497 | J91: =IF(COUNT(J90,E90)<2,"n/a",(J90-E90)*10000) -> 7.4649886
B92: Q/Q change (bps) | D92: =IF(COUNT(D90,C90)<2,"n/a",(D90-C90)*10000) -> 11.870807 | E92: =IF(COUNT(E90,D90)<2,"n/a",(E90-D90)*10000) -> 85.473748 | F92: =IF(COUNT(F90,E90)<2,"n/a",(F90-E90)*10000) -> -184.08163 | H92: =IF(COUNT(H90,F90)<2,"n/a",(H90-F90)*10000) -> 263.48995 | I92: =IF(COUNT(I90,H90)<2,"n/a",(I90-H90)*10000) -> -66.975571 | J92: =IF(COUNT(J90,I90)<2,"n/a",(J90-I90)*10000) -> -4.9677604
B93: Weighted-average basic shares (m) | C93: ='Share Count'!C11 -> 1337.1 | D93: ='Share Count'!D11 -> 1340.6 | E93: ='Share Count'!E11 -> 1343.1 | F93: ='Share Count'!F11 -> 1344.9 | G93: ='Share Count'!G11 -> 1341.4 | H93: ='Share Count'!H11 -> 1348 | I93: ='Share Count'!I11 -> 1350.7 | J93: ='Share Count'!J11 -> 1352.2
B94: Weighted-average diluted shares (m) | C94: ='Share Count'!C14 -> 1351.8 | D94: ='Share Count'!D14 -> 1354 | E94: ='Share Count'!E14 -> 1358.4 | F94: ='Share Count'!F14 -> 1361.7 | G94: ='Share Count'!G14 -> 1356.4 | H94: ='Share Count'!H14 -> 1364.6 | I94: ='Share Count'!I14 -> 1365 | J94: ='Share Count'!J14 -> 1366.7
B95: Basic EPS - GAAP | C95: =C87/C93 -> 1.1480069 | D95: =D87/D93 -> 1.2360137 | E95: =E87/E93 -> 1.4280396 | F95: =F87/F93 -> 1.2060376 | G95: =G87/G93 -> 5.0186372 | H95: =H87/H93 -> 1.5274481 | I95: =I87/I93 -> 1.5836233 | J95: =J87/J93 -> 1.5420805
B96: Diluted EPS - GAAP | C96: =C87/C94 -> 1.135523 | D96: =D87/D94 -> 1.2237814 | E96: =E87/E94 -> 1.4119552 | F96: =F87/F94 -> 1.1911581 | G96: =G87/G94 -> 4.9631377 | H96: =H87/H94 -> 1.5088671 | I96: =I87/I94 -> 1.567033 | J96: =J87/J94 -> 1.5257198
B97: % Y/Y | H97: =IF(COUNT(H96,C96)<2,"n/a",IF(H96*C96<=0,"n/m",H96/C96-1)) -> 0.32878599 | I97: =IF(COUNT(I96,D96)<2,"n/a",IF(I96*D96<=0,"n/m",I96/D96-1)) -> 0.28048439 | J97: =IF(COUNT(J96,E96)<2,"n/a",IF(J96*E96<=0,"n/m",J96/E96-1)) -> 0.080572327
B98: Q/Q change ($/share) | D98: =IF(COUNT(D96,C96)<2,"n/a",D96-C96) -> 0.088258382 | E98: =IF(COUNT(E96,D96)<2,"n/a",E96-D96) -> 0.18817385 | F98: =IF(COUNT(F96,E96)<2,"n/a",F96-E96) -> -0.22079713 | H98: =IF(COUNT(H96,F96)<2,"n/a",H96-F96) -> 0.31770896 | I98: =IF(COUNT(I96,H96)<2,"n/a",I96-H96) -> 0.0581659 | J98: =IF(COUNT(J96,I96)<2,"n/a",J96-I96) -> -0.041313207
B99: Check: GAAP EPS - NI / diluted shares | C99: =C96-C87/C94 -> 0 | D99: =D96-D87/D94 -> 0 | E99: =E96-E87/E94 -> 0 | F99: =F96-F87/F94 -> 0 | G99: =G96-G87/G94 -> 0 | H99: =H96-H87/H94 -> 0 | I99: =I96-I87/I94 -> 0 | J99: =J96-J87/J94 -> 0 | L99: 3Q26E: true by construction (J96 = J87/J94) - structural check only
B100: Diluted EPS - GAAP as reported | C100: 1.14 | D100: 1.22 | E100: 1.41 | F100: 1.19 | G100: 4.96 | H100: 1.51 | I100: 1.57 | K100: S06,S11-S14
B101: Check: ROUND(GAAP EPS,2) - reported | C101: =ROUND(C96,2)-C100 -> 0 | D101: =ROUND(D96,2)-D100 -> 0 | E101: =ROUND(E96,2)-E100 -> 0 | F101: =ROUND(F96,2)-F100 -> 0 | G101: =ROUND(G96,2)-G100 -> 0 | H101: =ROUND(H96,2)-H100 -> 0 | I101: =ROUND(I96,2)-I100 -> 0
B102: Basic EPS - GAAP as reported | C102: 1.15 | D102: 1.24 | E102: 1.43 | F102: 1.21 | G102: 5.02 | H102: 1.53 | I102: 1.58 | K102: S06,S11-S14
B103: Check: ROUND(basic EPS,2) - reported | C103: =ROUND(C95,2)-C102 -> 0 | D103: =ROUND(D95,2)-D102 -> 0 | E103: =ROUND(E95,2)-E102 -> 0 | F103: =ROUND(F95,2)-F102 -> 0 | G103: =ROUND(G95,2)-G102 -> 0 | H103: =ROUND(H95,2)-H102 -> 0 | I103: =ROUND(I95,2)-I102 -> 0
...

Sheet Balance Sheet
B2: RTX Corporation (NYSE: RTX)
B3: Balance sheet - as reported; 3Q26E rolled forward from the cash flow statement
B4: $ millions, except per share
B6: Period | C6: 1Q25A | D6: 2Q25A | E6: 3Q25A | F6: 4Q25A | G6: FY25A | H6: 1Q26A | I6: 2Q26A | J6: 3Q26E | K6: Source | L6: Notes
B7: Period end | C7: 45747 | D7: 45838 | E7: 45930 | F7: 46022 | G7: 46022 | H7: 46112 | I7: 46203 | J7: 46295
B8: Days in period | C8: =C7-EOMONTH(C7,-3) -> 90 | D8: =D7-C7 -> 91 | E8: =E7-D7 -> 92 | F8: =F7-E7 -> 92 | G8: =G7-EOMONTH(G7,-12) -> 365 | H8: =H7-F7 -> 90 | I8: =I7-H7 -> 91 | J8: =J7-I7 -> 92
B10: Assets
B11: Cash and cash equivalents | C11: 5157 | D11: 4782 | E11: 5966 | F11: 7435 | G11: =F11 -> 7435 | H11: 6818 | I11: 8305 | J11: ='Cash Flow Statement'!J107 -> 9352.0952 | K11: S09-S14 | L11: 3Q26E: from cash flow statement
B12: Accounts receivable, net | C12: 11426 | D12: 12385 | E12: 12837 | F12: 14701 | G12: =F12 -> 14701 | H12: 12945 | I12: 13942 | J12: =I12-'Cash Flow Statement'!J29 -> 14342 | K12: S09-S14
B13: Contract assets, net | C13: 15241 | D13: 15686 | E13: 16604 | F13: 17092 | G13: =F13 -> 17092 | H13: 18070 | I13: 18980 | J13: =I13-'Cash Flow Statement'!J32 -> 19680 | K13: S09-S14
B14: Inventory, net | C14: 13618 | D14: 14012 | E14: 13806 | F14: 13364 | G14: =F14 -> 13364 | H14: 14153 | I14: 14409 | J14: =I14-'Cash Flow Statement'!J35 -> 14709 | K14: S09-S14
B15: Other assets, current | C15: 7474 | D15: 7792 | E15: 7905 | F15: 7740 | G15: =F15 -> 7740 | H15: 8023 | I15: 8276 | J15: =I15-'Cash Flow Statement'!J38 -> 8376 | K15: S09-S14 | L15: Includes restricted cash (held flat)
B16: Total current assets | C16: =SUM(C11:C15) -> 52916 | D16: =SUM(D11:D15) -> 54657 | E16: =SUM(E11:E15) -> 57118 | F16: =SUM(F11:F15) -> 60332 | G16: =SUM(G11:G15) -> 60332 | H16: =SUM(H11:H15) -> 60009 | I16: =SUM(I11:I15) -> 63912 | J16: =SUM(J11:J15) -> 66459.095
B17: Customer financing assets | C17: 2135 | D17: 2104 | E17: 2071 | F17: 2132 | G17: =F17 -> 2132 | H17: 2041 | I17: 1902 | J17: =I17 -> 1902 | K17: S09-S14 | L17: 3Q26E: held flat
B18: Memo: acq.-accounting amortization | C18: 489 | D18: 506 | E18: 526 | F18: 562 | G18: =SUM(C18:F18) -> 2083 | H18: 487 | I18: 488 | J18: =I18 -> 488 | K18: S11-S14 | L18: 3Q26E: held at 2Q26; used to split D&A between intangibles and PP&E
B19: Fixed assets, gross | C19: 33348 | D19: 33947 | E19: 34370 | F19: 35335 | G19: =F19 -> 35335 | H19: 35681 | I19: 36106 | J19: =I19-'Cash Flow Statement'!J57 -> 36906 | K19: S09-S11,S13,S14
B20: Accumulated depreciation | C20: -17213 | D20: -17742 | E20: -18045 | F20: -18467 | G20: =F20 -> -18467 | H20: -18839 | I20: -19141 | J20: =I20-('Cash Flow Statement'!J14-J18) -> -19732 | K20: S09-S11,S13,S14
B21: Fixed assets, net | C21: =C19+C20 -> 16135 | D21: =D19+D20 -> 16205 | E21: =E19+E20 -> 16325 | F21: =F19+F20 -> 16868 | G21: =G19+G20 -> 16868 | H21: =H19+H20 -> 16842 | I21: =I19+I20 -> 16965 | J21: =J19+J20 -> 17174
B22: Operating lease right-of-use assets | C22: 1899 | D22: 1869 | E22: 1899 | F22: 1887 | G22: =F22 -> 1887 | H22: 1773 | I22: 1727 | J22: =I22 -> 1727 | K22: S09-S14
B23: Goodwill | C23: 53045 | D23: 53327 | E23: 53311 | F23: 53343 | G23: =F23 -> 53343 | H23: 53276 | I23: 52928 | J23: =I23-'Cash Flow Statement'!J60 -> 52928 | K23: S09-S14 | L23: 3Q26E: reduced by any disposal proceeds (none assumed)
B24: Intangible assets, net | C24: 33116 | D24: 32748 | E24: 32260 | F24: 31845 | G24: =F24 -> 31845 | H24: 31482 | I24: 31043 | J24: =I24-'Cash Flow Statement'!J63-J18 -> 30655 | K24: S09-S14
B25: Other assets | C25: 5618 | D25: 6229 | E25: 5688 | F25: 4672 | G25: =F25 -> 4672 | H25: 5008 | I25: 5495 | J25: =I25-'Cash Flow Statement'!J17-'Cash Flow Statement'!J66-'Cash Flow Statement'!J69 -> 5495 | K25: S09-S14 | L25: 3Q26E: less deferred tax provision, derivative and other investing flows
B26: Total assets | C26: =C16+C17+C21+SUM(C22:C25) -> 164864 | D26: =D16+D17+D21+SUM(D22:D25) -> 167139 | E26: =E16+E17+E21+SUM(E22:E25) -> 168672 | F26: =F16+F17+F21+SUM(F22:F25) -> 171079 | G26: =G16+G17+G21+SUM(G22:G25) -> 171079 | H26: =H16+H17+H21+SUM(H22:H25) -> 170431 | I26: =I16+I17+I21+SUM(I22:I25) -> 173972 | J26: =J16+J17+J21+SUM(J22:J25) -> 176340.1
B27: Liabilities
B28: Short-term borrowings | C28: 212 | D28: 1635 | E28: 215 | F28: 204 | G28: =F28 -> 204 | H28: 226 | I28: 229 | J28: =I28+'Cash Flow Statement'!J81 -> 229 | K28: S09-S14
B29: Accounts payable | C29: 13444 | D29: 13433 | E29: 14552 | F29: 15895 | G29: =F29 -> 15895 | H29: 15979 | I29: 16998 | J29: =I29+'Cash Flow Statement'!J41 -> 17898 | K29: S09-S14 | L29: 3Q26E: CF AP & accrued line mapped to AP
B30: Accrued employee compensation | C30: 1867 | D30: 2133 | E30: 2937 | F30: 3308 | G30: =F30 -> 3308 | H30: 2004 | I30: 2356 | J30: =I30 -> 2356 | K30: S09-S14
B31: Other accrued liabilities | C31: 15219 | D31: 15861 | E31: 14835 | F31: 14350 | G31: =F31 -> 14350 | H31: 14217 | I31: 15695 | J31: =I31 -> 15695 | K31: S09-S14
B32: Contract liabilities | C32: 19038 | D32: 19186 | E32: 20111 | F32: 21615 | G32: =F32 -> 21615 | H32: 21940 | I32: 22671 | J32: =I32+'Cash Flow Statement'!J44 -> 23071 | K32: S09-S14
B33: Long-term debt currently due | C33: 2844 | D33: 2084 | E33: 584 | F33: 3412 | G33: =F33 -> 3412 | H33: 4213 | I33: 5296 | J33: =I33+'Cash Flow Statement'!J78 -> 5296 | K33: S09-S14
B34: Total current liabilities | C34: =SUM(C28:C33) -> 52624 | D34: =SUM(D28:D33) -> 54332 | E34: =SUM(E28:E33) -> 53234 | F34: =SUM(F28:F33) -> 58784 | G34: =SUM(G28:G33) -> 58784 | H34: =SUM(H28:H33) -> 58579 | I34: =SUM(I28:I33) -> 63245 | J34: =SUM(J28:J33) -> 64545
B35: Long-term debt | C35: 38244 | D35: 38259 | E35: 38260 | F35: 34288 | G35: =F35 -> 34288 | H35: 32974 | I35: 31858 | J35: =I35 -> 31858 | K35: S09-S14
B36: Operating lease liabilities, LT | C36: 1646 | D36: 1617 | E36: 1650 | F36: 1602 | G36: =F36 -> 1602 | H36: 1522 | I36: 1473 | J36: =I36 -> 1473 | K36: S09-S14
B37: Pension & postretirement obligations | C37: 2060 | D37: 2038 | E37: 1981 | F37: 2067 | G37: =F37 -> 2067 | H37: 2015 | I37: 1956 | J37: =I37+'Cash Flow Statement'!J23 -> 1651 | K37: S09-S14
B38: Other long-term liabilities | C38: 6946 | D38: 6646 | E38: 7154 | F38: 7200 | G38: =F38 -> 7200 | H38: 7307 | I38: 7296 | J38: =I38+'Cash Flow Statement'!J47 -> 7246 | K38: S09-S14
B39: Total liabilities | C39: =C34+SUM(C35:C38) -> 101520 | D39: =D34+SUM(D35:D38) -> 102892 | E39: =E34+SUM(E35:E38) -> 102279 | F39: =F34+SUM(F35:F38) -> 103941 | G39: =G34+SUM(G35:G38) -> 103941 | H39: =H34+SUM(H35:H38) -> 102397 | I39: =I34+SUM(I35:I38) -> 105828 | J39: =J34+SUM(J35:J38) -> 106773
B40: Redeemable noncontrolling interest | C40: 37 | D40: 41 | E40: 34 | F40: 36 | G40: =F40 -> 36 | H40: 37 | I40: 28 | J40: =I40 -> 28 | K40: S09-S14
B41: Shareowners' equity
B42: Common stock | C42: 37515 | D42: 37680 | E42: 37869 | F42: 38126 | G42: =F42 -> 38126 | H42: 38178 | I42: 38424 | J42: =I42+'Cash Flow Statement'!J20+'Cash Flow Statement'!J26+'Cash Flow Statement'!J89 -> 38644 | K42: S09-S14 | L42: 3Q26E: also absorbs other financing CF J89 (incl. other ST borrowings) - mapping approximation; not allocated to borrowings/NCI
B43: Treasury stock | C43: -27069 | D43: -26995 | E43: -26937 | F43: -26881 | G43: =F43 -> -26881 | H43: -26814 | I43: -26758 | J43: =I43+'Cash Flow Statement'!J87 -> -26758 | K43: S09-S14
B44: Retained earnings | C44: 54277 | D44: 54104 | E44: 56014 | F44: 56718 | G44: =F44 -> 56718 | H44: 57861 | I44: 58020 | J44: =I44+'Income Statement'!J87+'Cash Flow Statement'!J84 -> 59118.095 | K44: S09-S14 | L44: 3Q26E: dividends PAID (CF J84) used as proxy for dividends declared
B45: Accumulated other comprehensive loss | C45: -3207 | D45: -2391 | E45: -2432 | F45: -2718 | G45: =F45 -> -2718 | H45: -2945 | I45: -3309 | J45: =I45+'Cash Flow Statement'!J97 -> -3309 | K45: S09-S14
B46: Total shareowners' equity | C46: =SUM(C42:C45) -> 61516 | D46: =SUM(D42:D45) -> 62398 | E46: =SUM(E42:E45) -> 64514 | F46: =SUM(F42:F45) -> 65245 | G46: =SUM(G42:G45) -> 65245 | H46: =SUM(H42:H45) -> 66280 | I46: =SUM(I42:I45) -> 66377 | J46: =SUM(J42:J45) -> 67695.095
B47: Noncontrolling interest | C47: 1791 | D47: 1808 | E47: 1845 | F47: 1857 | G47: =F47 -> 1857 | H47: 1717 | I47: 1739 | J47: =I47+'Income Statement'!J84 -> 1844 | K47: S09-S14 | L47: 3Q26E: prior + NCI share of net income only; excludes NCI distributions (not forecast)
B48: Total equity | C48: =C46+C47 -> 63307 | D48: =D46+D47 -> 64206 | E48: =E46+E47 -> 66359 | F48: =F46+F47 -> 67102 | G48: =G46+G47 -> 67102 | H48: =H46+H47 -> 67997 | I48: =I46+I47 -> 68116 | J48: =J46+J47 -> 69539.095
B49: Total liabilities, red. NCI & equity | C49: =C39+C40+C48 -> 164864 | D49: =D39+D40+D48 -> 167139 | E49: =E39+E40+E48 -> 168672 | F49: =F39+F40+F48 -> 171079 | G49: =G39+G40+G48 -> 171079 | H49: =H39+H40+H48 -> 170431 | I49: =I39+I40+I48 -> 173972 | J49: =J39+J40+J48 -> 176340.1
B50: Check: assets - liabilities - equity | C50: =C26-C39-C40-C48 -> 0 | D50: =D26-D39-D40-D48 -> 0 | E50: =E26-E39-E40-E48 -> 0 | F50: =F26-F39-F40-F48 -> 0 | G50: =G26-G39-G40-G48 -> 0 | H50: =H26-H39-H40-H48 -> 0 | I50: =I26-I39-I40-I48 -> 0 | J50: =J26-J39-J40-J48 -> 0
B52: Balance sheet metrics
B53: Net debt (borrowings + LTD - cash) | C53: =C28+C33+C35-C11 -> 36143 | D53: =D28+D33+D35-D11 -> 37196 | E53: =E28+E33+E35-E11 -> 33093 | F53: =F28+F33+F35-F11 -> 30469 | G53: =G28+G33+G35-G11 -> 30469 | H53: =H28+H33+H35-H11 -> 30595 | I53: =I28+I33+I35-I11 -> 29078 | J53: =J28+J33+J35-J11 -> 28030.905
B54: Q/Q change ($) | D54: =IF(COUNT(D53,C53)<2,"n/a",D53-C53) -> 1053 | E54: =IF(COUNT(E53,D53)<2,"n/a",E53-D53) -> -4103 | F54: =IF(COUNT(F53,E53)<2,"n/a",F53-E53) -> -2624 | H54: =IF(COUNT(H53,F53)<2,"n/a",H53-F53) -> 126 | I54: =IF(COUNT(I53,H53)<2,"n/a",I53-H53) -> -1517 | J54: =IF(COUNT(J53,I53)<2,"n/a",J53-I53) -> -1047.0952
B55: Contract liabilities - contract assets | C55: =C32-C13 -> 3797 | D55: =D32-D13 -> 3500 | E55: =E32-E13 -> 3507 | F55: =F32-F13 -> 4523 | G55: =G32-G13 -> 4523 | H55: =H32-H13 -> 3870 | I55: =I32-I13 -> 3691 | J55: =J32-J13 -> 3391
B56: Q/Q change ($) | D56: =IF(COUNT(D55,C55)<2,"n/a",D55-C55) -> -297 | E56: =IF(COUNT(E55,D55)<2,"n/a",E55-D55) -> 7 | F56: =IF(COUNT(F55,E55)<2,"n/a",F55-E55) -> 1016 | H56: =IF(COUNT(H55,F55)<2,"n/a",H55-F55) -> -653 | I56: =IF(COUNT(I55,H55)<2,"n/a",I55-H55) -> -179 | J56: =IF(COUNT(J55,I55)<2,"n/a",J55-I55) -> -300
B57: Inventory - % of quarterly sales | C57: =C14/'Income Statement'!C19 -> 0.67063922 | D57: =D14/'Income Statement'!D19 -> 0.64927483 | E57: =E14/'Income Statement'!E19 -> 0.61420055 | F57: =F14/'Income Statement'!F19 -> 0.55136562 | H57: =H14/'Income Statement'!H19 -> 0.64110346 | I57: =I14/'Income Statement'!I19 -> 0.58317144 | J57: =J14/'Income Statement'!J19 -> 0.60716826
B58: Y/Y change (bps) | H58: =IF(COUNT(H57,C57)<2,"n/a",(H57-C57)*10000) -> -295.35759 | I58: =IF(COUNT(I57,D57)<2,"n/a",(I57-D57)*10000) -> -661.03383 | J58: =IF(COUNT(J57,E57)<2,"n/a",(J57-E57)*10000) -> -70.322918
B59: Q/Q change (bps) | D59: =IF(COUNT(D57,C57)<2,"n/a",(D57-C57)*10000) -> -213.64395 | E59: =IF(COUNT(E57,D57)<2,"n/a",(E57-D57)*10000) -> -350.74273 | F59: =IF(COUNT(F57,E57)<2,"n/a",(F57-E57)*10000) -> -628.34927 | H59: =IF(COUNT(H57,F57)<2,"n/a",(H57-F57)*10000) -> 897.37837 | I59: =IF(COUNT(I57,H57)<2,"n/a",(I57-H57)*10000) -> -579.32018 | J59: =IF(COUNT(J57,I57)<2,"n/a",(J57-I57)*10000) -> 239.96817

Sheet Cash Flow Statement
B2: RTX Corporation (NYSE: RTX)
B3: Cash flow statement - operating, investing, financing; FCF; cash tie to balance sheet
B4: $ millions, except per share
B6: Period | C6: 1Q25A | D6: 2Q25A | E6: 3Q25A | F6: 4Q25A | G6: FY25A | H6: 1Q26A | I6: 2Q26A | J6: 3Q26E | K6: Source | L6: Notes
B7: Period end | C7: 45747 | D7: 45838 | E7: 45930 | F7: 46022 | G7: 46022 | H7: 46112 | I7: 46203 | J7: 46295
B8: Days in period | C8: =C7-EOMONTH(C7,-3) -> 90 | D8: =D7-C7 -> 91 | E8: =E7-D7 -> 92 | F8: =F7-E7 -> 92 | G8: =G7-EOMONTH(G7,-12) -> 365 | H8: =H7-F7 -> 90 | I8: =I7-H7 -> 91 | J8: =J7-I7 -> 92
B10: Operating activities
B11: Net income (incl. NCI) | C11: ='Income Statement'!C81 -> 1625 | D11: ='Income Statement'!D81 -> 1725 | E11: ='Income Statement'!E81 -> 2006 | F11: ='Income Statement'!F81 -> 1713 | G11: ='Income Statement'!G81 -> 7069 | H11: ='Income Statement'!H81 -> 2157 | I11: ='Income Statement'!I81 -> 2249 | J11: ='Income Statement'!J81 -> 2190.2012
B12: % Y/Y | H12: =IF(COUNT(H11,C11)<2,"n/a",IF(H11*C11<=0,"n/m",H11/C11-1)) -> 0.32738462 | I12: =IF(COUNT(I11,D11)<2,"n/a",IF(I11*D11<=0,"n/m",I11/D11-1)) -> 0.30376812 | J12: =IF(COUNT(J11,E11)<2,"n/a",IF(J11*E11<=0,"n/m",J11/E11-1)) -> 0.091825123
B13: Q/Q change ($) | D13: =IF(COUNT(D11,C11)<2,"n/a",D11-C11) -> 100 | E13: =IF(COUNT(E11,D11)<2,"n/a",E11-D11) -> 281 | F13: =IF(COUNT(F11,E11)<2,"n/a",F11-E11) -> -293 | H13: =IF(COUNT(H11,F11)<2,"n/a",H11-F11) -> 444 | I13: =IF(COUNT(I11,H11)<2,"n/a",I11-H11) -> 92 | J13: =IF(COUNT(J11,I11)<2,"n/a",J11-I11) -> -58.798803
B14: Depreciation and amortization | C14: 1052 | D14: 1076 | E14: 1091 | F14: 1159 | G14: =SUM(C14:F14) -> 4378 | H14: 1071 | I14: 1079 | J14: =I14 -> 1079 | K14: S03-S06,S08,S12,S13 | L14: 3Q26E: held at 2Q26 (segment D&A held flat)
B15: % Y/Y | H15: =IF(COUNT(H14,C14)<2,"n/a",IF(H14*C14<=0,"n/m",H14/C14-1)) -> 0.018060837 | I15: =IF(COUNT(I14,D14)<2,"n/a",IF(I14*D14<=0,"n/m",I14/D14-1)) -> 0.0027881041 | J15: =IF(COUNT(J14,E14)<2,"n/a",IF(J14*E14<=0,"n/m",J14/E14-1)) -> -0.010999083
B16: Q/Q change ($) | D16: =IF(COUNT(D14,C14)<2,"n/a",D14-C14) -> 24 | E16: =IF(COUNT(E14,D14)<2,"n/a",E14-D14) -> 15 | F16: =IF(COUNT(F14,E14)<2,"n/a",F14-E14) -> 68 | H16: =IF(COUNT(H14,F14)<2,"n/a",H14-F14) -> -88 | I16: =IF(COUNT(I14,H14)<2,"n/a",I14-H14) -> 8 | J16: =IF(COUNT(J14,I14)<2,"n/a",J14-I14) -> 0
B17: Deferred income tax provision | C17: 67 | D17: 54 | E17: 477 | F17: 191 | G17: =SUM(C17:F17) -> 789 | H17: 26 | I17: -56 | J17: 50 | K17: S03-S06,S08,S12,S13 | L17: 3Q26E input
B18: % Y/Y | H18: =IF(COUNT(H17,C17)<2,"n/a",IF(H17*C17<=0,"n/m",H17/C17-1)) -> -0.6119403 | I18: =IF(COUNT(I17,D17)<2,"n/a",IF(I17*D17<=0,"n/m",I17/D17-1)) -> n/m | J18: =IF(COUNT(J17,E17)<2,"n/a",IF(J17*E17<=0,"n/m",J17/E17-1)) -> -0.8951782
B19: Q/Q change ($) | D19: =IF(COUNT(D17,C17)<2,"n/a",D17-C17) -> -13 | E19: =IF(COUNT(E17,D17)<2,"n/a",E17-D17) -> 423 | F19: =IF(COUNT(F17,E17)<2,"n/a",F17-E17) -> -286 | H19: =IF(COUNT(H17,F17)<2,"n/a",H17-F17) -> -165 | I19: =IF(COUNT(I17,H17)<2,"n/a",I17-H17) -> -82 | J19: =IF(COUNT(J17,I17)<2,"n/a",J17-I17) -> 106
B20: Stock compensation cost | C20: 111 | D20: 113 | E20: 113 | F20: 182 | G20: =SUM(C20:F20) -> 519 | H20: 132 | I20: 164 | J20: 140 | K20: S03-S06,S08,S12,S13 | L20: 3Q26E input
B21: % Y/Y | H21: =IF(COUNT(H20,C20)<2,"n/a",IF(H20*C20<=0,"n/m",H20/C20-1)) -> 0.18918919 | I21: =IF(COUNT(I20,D20)<2,"n/a",IF(I20*D20<=0,"n/m",I20/D20-1)) -> 0.45132743 | J21: =IF(COUNT(J20,E20)<2,"n/a",IF(J20*E20<=0,"n/m",J20/E20-1)) -> 0.23893805
B22: Q/Q change ($) | D22: =IF(COUNT(D20,C20)<2,"n/a",D20-C20) -> 2 | E22: =IF(COUNT(E20,D20)<2,"n/a",E20-D20) -> 0 | F22: =IF(COUNT(F20,E20)<2,"n/a",F20-E20) -> 69 | H22: =IF(COUNT(H20,F20)<2,"n/a",H20-F20) -> -50 | I22: =IF(COUNT(I20,H20)<2,"n/a",I20-H20) -> 32 | J22: =IF(COUNT(J20,I20)<2,"n/a",J20-I20) -> -24
B23: Net periodic pension & PRB income | C23: -324 | D23: -312 | E23: -320 | F23: -55 | G23: =SUM(C23:F23) -> -1011 | H23: -313 | I23: -303 | J23: -305 | K23: S03-S06,S08,S12,S13 | L23: 3Q26E input
B24: % Y/Y | H24: =IF(COUNT(H23,C23)<2,"n/a",IF(H23*C23<=0,"n/m",H23/C23-1)) -> -0.033950617 | I24: =IF(COUNT(I23,D23)<2,"n/a",IF(I23*D23<=0,"n/m",I23/D23-1)) -> -0.028846154 | J24: =IF(COUNT(J23,E23)<2,"n/a",IF(J23*E23<=0,"n/m",J23/E23-1)) -> -0.046875
B25: Q/Q change ($) | D25: =IF(COUNT(D23,C23)<2,"n/a",D23-C23) -> 12 | E25: =IF(COUNT(E23,D23)<2,"n/a",E23-D23) -> -8 | F25: =IF(COUNT(F23,E23)<2,"n/a",F23-E23) -> 265 | H25: =IF(COUNT(H23,F23)<2,"n/a",H23-F23) -> -258 | I25: =IF(COUNT(I23,H23)<2,"n/a",I23-H23) -> 10 | J25: =IF(COUNT(J23,I23)<2,"n/a",J23-I23) -> -2
B26: Share-based 401(k) matching | C26: 167 | D26: 140 | E26: 128 | F26: 138 | G26: =SUM(C26:F26) -> 573 | H26: 192 | I26: 147 | J26: 140 | K26: S03-S06,S08,S12,S13 | L26: 3Q26E input
B27: % Y/Y | H27: =IF(COUNT(H26,C26)<2,"n/a",IF(H26*C26<=0,"n/m",H26/C26-1)) -> 0.1497006 | I27: =IF(COUNT(I26,D26)<2,"n/a",IF(I26*D26<=0,"n/m",I26/D26-1)) -> 0.05 | J27: =IF(COUNT(J26,E26)<2,"n/a",IF(J26*E26<=0,"n/m",J26/E26-1)) -> 0.09375
B28: Q/Q change ($) | D28: =IF(COUNT(D26,C26)<2,"n/a",D26-C26) -> -27 | E28: =IF(COUNT(E26,D26)<2,"n/a",E26-D26) -> -12 | F28: =IF(COUNT(F26,E26)<2,"n/a",F26-E26) -> 10 | H28: =IF(COUNT(H26,F26)<2,"n/a",H26-F26) -> 54 | I28: =IF(COUNT(I26,H26)<2,"n/a",I26-H26) -> -45 | J28: =IF(COUNT(J26,I26)<2,"n/a",J26-I26) -> -7
B29: Change in accounts receivable | C29: -372 | D29: -765 | E29: -351 | F29: -1747 | G29: =SUM(C29:F29) -> -3235 | H29: 1823 | I29: -729 | J29: -400 | K29: S03-S06,S08,S12,S13 | L29: 3Q26E input
B30: % Y/Y | H30: =IF(COUNT(H29,C29)<2,"n/a",IF(H29*C29<=0,"n/m",H29/C29-1)) -> n/m | I30: =IF(COUNT(I29,D29)<2,"n/a",IF(I29*D29<=0,"n/m",I29/D29-1)) -> -0.047058824 | J30: =IF(COUNT(J29,E29)<2,"n/a",IF(J29*E29<=0,"n/m",J29/E29-1)) -> 0.13960114
B31: Q/Q change ($) | D31: =IF(COUNT(D29,C29)<2,"n/a",D29-C29) -> -393 | E31: =IF(COUNT(E29,D29)<2,"n/a",E29-D29) -> 414 | F31: =IF(COUNT(F29,E29)<2,"n/a",F29-E29) -> -1396 | H31: =IF(COUNT(H29,F29)<2,"n/a",H29-F29) -> 3570 | I31: =IF(COUNT(I29,H29)<2,"n/a",I29-H29) -> -2552 | J31: =IF(COUNT(J29,I29)<2,"n/a",J29-I29) -> 329
B32: Change in contract assets | C32: -706 | D32: -484 | E32: -934 | F32: -519 | G32: =SUM(C32:F32) -> -2643 | H32: -979 | I32: -963 | J32: -700 | K32: S03-S06,S08,S12,S13 | L32: 3Q26E input
B33: % Y/Y | H33: =IF(COUNT(H32,C32)<2,"n/a",IF(H32*C32<=0,"n/m",H32/C32-1)) -> 0.38668555 | I33: =IF(COUNT(I32,D32)<2,"n/a",IF(I32*D32<=0,"n/m",I32/D32-1)) -> 0.98966942 | J33: =IF(COUNT(J32,E32)<2,"n/a",IF(J32*E32<=0,"n/m",J32/E32-1)) -> -0.25053533
B34: Q/Q change ($) | D34: =IF(COUNT(D32,C32)<2,"n/a",D32-C32) -> 222 | E34: =IF(COUNT(E32,D32)<2,"n/a",E32-D32) -> -450 | F34: =IF(COUNT(F32,E32)<2,"n/a",F32-E32) -> 415 | H34: =IF(COUNT(H32,F32)<2,"n/a",H32-F32) -> -460 | I34: =IF(COUNT(I32,H32)<2,"n/a",I32-H32) -> 16 | J34: =IF(COUNT(J32,I32)<2,"n/a",J32-I32) -> 263
B35: Change in inventory | C35: -813 | D35: -384 | E35: 182 | F35: 483 | G35: =SUM(C35:F35) -> -532 | H35: -813 | I35: -330 | J35: -300 | K35: S03-S06,S08,S12,S13 | L35: 3Q26E input: inventory build for H2/2027 ramp (2Q26 call)
B36: % Y/Y | H36: =IF(COUNT(H35,C35)<2,"n/a",IF(H35*C35<=0,"n/m",H35/C35-1)) -> 0 | I36: =IF(COUNT(I35,D35)<2,"n/a",IF(I35*D35<=0,"n/m",I35/D35-1)) -> -0.140625 | J36: =IF(COUNT(J35,E35)<2,"n/a",IF(J35*E35<=0,"n/m",J35/E35-1)) -> n/m
B37: Q/Q change ($) | D37: =IF(COUNT(D35,C35)<2,"n/a",D35-C35) -> 429 | E37: =IF(COUNT(E35,D35)<2,"n/a",E35-D35) -> 566 | F37: =IF(COUNT(F35,E35)<2,"n/a",F35-E35) -> 301 | H37: =IF(COUNT(H35,F35)<2,"n/a",H35-F35) -> -1296 | I37: =IF(COUNT(I35,H35)<2,"n/a",I35-H35) -> 483 | J37: =IF(COUNT(J35,I35)<2,"n/a",J35-I35) -> 30
B38: Change in other current assets | C38: -125 | D38: 25 | E38: -879 | F38: -76 | G38: =SUM(C38:F38) -> -1055 | H38: -469 | I38: 47 | J38: -100 | K38: S03-S06,S08,S12,S13 | L38: 3Q26E input
B39: % Y/Y | H39: =IF(COUNT(H38,C38)<2,"n/a",IF(H38*C38<=0,"n/m",H38/C38-1)) -> 2.752 | I39: =IF(COUNT(I38,D38)<2,"n/a",IF(I38*D38<=0,"n/m",I38/D38-1)) -> 0.88 | J39: =IF(COUNT(J38,E38)<2,"n/a",IF(J38*E38<=0,"n/m",J38/E38-1)) -> -0.88623436
B40: Q/Q change ($) | D40: =IF(COUNT(D38,C38)<2,"n/a",D38-C38) -> 150 | E40: =IF(COUNT(E38,D38)<2,"n/a",E38-D38) -> -904 | F40: =IF(COUNT(F38,E38)<2,"n/a",F38-E38) -> 803 | H40: =IF(COUNT(H38,F38)<2,"n/a",H38-F38) -> -393 | I40: =IF(COUNT(I38,H38)<2,"n/a",I38-H38) -> 516 | J40: =IF(COUNT(J38,I38)<2,"n/a",J38-I38) -> -147
B41: Change in AP & accrued liabilities | C41: 397 | D41: -538 | E41: 2237 | F41: 1322 | G41: =SUM(C41:F41) -> 3418 | H41: -1155 | I41: 2102 | J41: 900 | K41: S03-S06,S08,S12,S13 | L41: 3Q26E input
B42: % Y/Y | H42: =IF(COUNT(H41,C41)<2,"n/a",IF(H41*C41<=0,"n/m",H41/C41-1)) -> n/m | I42: =IF(COUNT(I41,D41)<2,"n/a",IF(I41*D41<=0,"n/m",I41/D41-1)) -> n/m | J42: =IF(COUNT(J41,E41)<2,"n/a",IF(J41*E41<=0,"n/m",J41/E41-1)) -> -0.59767546
B43: Q/Q change ($) | D43: =IF(COUNT(D41,C41)<2,"n/a",D41-C41) -> -935 | E43: =IF(COUNT(E41,D41)<2,"n/a",E41-D41) -> 2775 | F43: =IF(COUNT(F41,E41)<2,"n/a",F41-E41) -> -915 | H43: =IF(COUNT(H41,F41)<2,"n/a",H41-F41) -> -2477 | I43: =IF(COUNT(I41,H41)<2,"n/a",I41-H41) -> 3257 | J43: =IF(COUNT(J41,I41)<2,"n/a",J41-I41) -> -1202
B44: Change in contract liabilities | C44: 373 | D44: -30 | E44: 986 | F44: 1444 | G44: =SUM(C44:F44) -> 2773 | H44: 94 | I44: 198 | J44: 400 | K44: S03-S06,S08,S12,S13 | L44: 3Q26E input: international advances
B45: % Y/Y | H45: =IF(COUNT(H44,C44)<2,"n/a",IF(H44*C44<=0,"n/m",H44/C44-1)) -> -0.74798928 | I45: =IF(COUNT(I44,D44)<2,"n/a",IF(I44*D44<=0,"n/m",I44/D44-1)) -> n/m | J45: =IF(COUNT(J44,E44)<2,"n/a",IF(J44*E44<=0,"n/m",J44/E44-1)) -> -0.59432049
B46: Q/Q change ($) | D46: =IF(COUNT(D44,C44)<2,"n/a",D44-C44) -> -403 | E46: =IF(COUNT(E44,D44)<2,"n/a",E44-D44) -> 1016 | F46: =IF(COUNT(F44,E44)<2,"n/a",F44-E44) -> 458 | H46: =IF(COUNT(H44,F44)<2,"n/a",H44-F44) -> -1350 | I46: =IF(COUNT(I44,H44)<2,"n/a",I44-H44) -> 104 | J46: =IF(COUNT(J44,I44)<2,"n/a",J44-I44) -> 202
B47: Other operating activities, net | C47: -147 | D47: -162 | E47: -97 | F47: -70 | G47: =SUM(C47:F47) -> -476 | H47: 89 | I47: -58 | J47: -50 | K47: S03-S06,S08,S12,S13 | L47: 3Q26E input
B48: % Y/Y | H48: =IF(COUNT(H47,C47)<2,"n/a",IF(H47*C47<=0,"n/m",H47/C47-1)) -> n/m | I48: =IF(COUNT(I47,D47)<2,"n/a",IF(I47*D47<=0,"n/m",I47/D47-1)) -> -0.64197531 | J48: =IF(COUNT(J47,E47)<2,"n/a",IF(J47*E47<=0,"n/m",J47/E47-1)) -> -0.48453608
B49: Q/Q change ($) | D49: =IF(COUNT(D47,C47)<2,"n/a",D47-C47) -> -15 | E49: =IF(COUNT(E47,D47)<2,"n/a",E47-D47) -> 65 | F49: =IF(COUNT(F47,E47)<2,"n/a",F47-E47) -> 27 | H49: =IF(COUNT(H47,F47)<2,"n/a",H47-F47) -> 159 | I49: =IF(COUNT(I47,H47)<2,"n/a",I47-H47) -> -147 | J49: =IF(COUNT(J47,I47)<2,"n/a",J47-I47) -> 8
B50: Net cash flows from operating activities | C50: =C11+C14+C17+C20+C23+C26+C29+C32+C35+C38+C41+C44+C47 -> 1305 | D50: =D11+D14+D17+D20+D23+D26+D29+D32+D35+D38+D41+D44+D47 -> 458 | E50: =E11+E14+E17+E20+E23+E26+E29+E32+E35+E38+E41+E44+E47 -> 4639 | F50: =F11+F14+F17+F20+F23+F26+F29+F32+F35+F38+F41+F44+F47 -> 4165 | G50: =G11+G14+G17+G20+G23+G26+G29+G32+G35+G38+G41+G44+G47 -> 10567 | H50: =H11+H14+H17+H20+H23+H26+H29+H32+H35+H38+H41+H44+H47 -> 1855 | I50: =I11+I14+I17+I20+I23+I26+I29+I32+I35+I38+I41+I44+I47 -> 3547 | J50: =J11+J14+J17+J20+J23+J26+J29+J32+J35+J38+J41+J44+J47 -> 3044.2012
B51: % Y/Y | H51: =IF(COUNT(H50,C50)<2,"n/a",IF(H50*C50<=0,"n/m",H50/C50-1)) -> 0.42145594 | I51: =IF(COUNT(I50,D50)<2,"n/a",IF(I50*D50<=0,"n/m",I50/D50-1)) -> 6.7445415 | J51: =IF(COUNT(J50,E50)<2,"n/a",IF(J50*E50<=0,"n/m",J50/E50-1)) -> -0.34378073
B52: Q/Q change ($) | D52: =IF(COUNT(D50,C50)<2,"n/a",D50-C50) -> -847 | E52: =IF(COUNT(E50,D50)<2,"n/a",E50-D50) -> 4181 | F52: =IF(COUNT(F50,E50)<2,"n/a",F50-E50) -> -474 | H52: =IF(COUNT(H50,F50)<2,"n/a",H50-F50) -> -2310 | I52: =IF(COUNT(I50,H50)<2,"n/a",I50-H50) -> 1692 | J52: =IF(COUNT(J50,I50)<2,"n/a",J50-I50) -> -502.7988
B53: Operating cash flow as reported | C53: 1305 | D53: 458 | E53: 4639 | F53: 4165 | G53: =SUM(C53:F53) -> 10567 | H53: 1855 | I53: 3547 | K53: S03-S06,S08,S12,S13
B54: Check: CFO build - reported | C54: =C50-C53 -> 0 | D54: =D50-D53 -> 0 | E54: =E50-E53 -> 0 | F54: =F50-F53 -> 0 | G54: =G50-G53 -> 0 | H54: =H50-H53 -> 0 | I54: =I50-I53 -> 0
B55: Memo: change in working capital | C55: =C29+C32+C35+C38+C41+C44 -> -1246 | D55: =D29+D32+D35+D38+D41+D44 -> -2176 | E55: =E29+E32+E35+E38+E41+E44 -> 1241 | F55: =F29+F32+F35+F38+F41+F44 -> 907 | G55: =G29+G32+G35+G38+G41+G44 -> -1274 | H55: =H29+H32+H35+H38+H41+H44 -> -1499 | I55: =I29+I32+I35+I38+I41+I44 -> 325 | J55: =J29+J32+J35+J38+J41+J44 -> -200
B56: Investing activities
B57: Capital expenditures | C57: -513 | D57: -530 | E57: -614 | F57: -970 | G57: =SUM(C57:F57) -> -2627 | H57: -546 | I57: -669 | J57: -800 | K57: S03-S06,S08,S12,S13 | L57: 3Q26E input: FY26 guide ~$3.1bn; 1H26 $1.2bn; Q4 seasonally heaviest
B58: % Y/Y | H58: =IF(COUNT(H57,C57)<2,"n/a",IF(H57*C57<=0,"n/m",H57/C57-1)) -> 0.064327485 | I58: =IF(COUNT(I57,D57)<2,"n/a",IF(I57*D57<=0,"n/m",I57/D57-1)) -> 0.26226415 | J58: =IF(COUNT(J57,E57)<2,"n/a",IF(J57*E57<=0,"n/m",J57/E57-1)) -> 0.3029316
B59: Q/Q change ($) | D59: =IF(COUNT(D57,C57)<2,"n/a",D57-C57) -> -17 | E59: =IF(COUNT(E57,D57)<2,"n/a",E57-D57) -> -84 | F59: =IF(COUNT(F57,E57)<2,"n/a",F57-E57) -> -356 | H59: =IF(COUNT(H57,F57)<2,"n/a",H57-F57) -> 424 | I59: =IF(COUNT(I57,H57)<2,"n/a",I57-H57) -> -123 | J59: =IF(COUNT(J57,I57)<2,"n/a",J57-I57) -> -131
B60: Dispositions of businesses, net | C60: 0 | D60: 0 | E60: 1188 | F60: 743 | G60: =SUM(C60:F60) -> 1931 | J60: 0 | K60: S03-S06,S12 | L60: 3Q26E: Blue Canyon ($620m) closing not confirmed pre-cutoff; excluded. 1Q26-2Q26 blank = not reported (line not presented in cached 1Q26/2Q26 cash flow statements; not a reported zero). 1Q25-2Q25 0 = '—' in S03/S04
B61: % Y/Y | H61: =IF(COUNT(H60,C60)<2,"n/a",IF(H60*C60<=0,"n/m",H60/C60-1)) -> n/a | I61: =IF(COUNT(I60,D60)<2,"n/a",IF(I60*D60<=0,"n/m",I60/D60-1)) -> n/a | J61: =IF(COUNT(J60,E60)<2,"n/a",IF(J60*E60<=0,"n/m",J60/E60-1)) -> n/m
B62: Q/Q change ($) | D62: =IF(COUNT(D60,C60)<2,"n/a",D60-C60) -> 0 | E62: =IF(COUNT(E60,D60)<2,"n/a",E60-D60) -> 1188 | F62: =IF(COUNT(F60,E60)<2,"n/a",F60-E60) -> -445 | H62: =IF(COUNT(H60,F60)<2,"n/a",H60-F60) -> n/a | I62: =IF(COUNT(I60,H60)<2,"n/a",I60-H60) -> n/a | J62: =IF(COUNT(J60,I60)<2,"n/a",J60-I60) -> n/a
B63: Increase in other intangible assets | C63: -104 | D63: -122 | E63: -121 | F63: -145 | G63: =SUM(C63:F63) -> -492 | H63: -98 | I63: -58 | J63: -100 | K63: S03-S06,S08,S12,S13 | L63: 3Q26E input
B64: % Y/Y | H64: =IF(COUNT(H63,C63)<2,"n/a",IF(H63*C63<=0,"n/m",H63/C63-1)) -> -0.057692308 | I64: =IF(COUNT(I63,D63)<2,"n/a",IF(I63*D63<=0,"n/m",I63/D63-1)) -> -0.52459016 | J64: =IF(COUNT(J63,E63)<2,"n/a",IF(J63*E63<=0,"n/m",J63/E63-1)) -> -0.17355372
B65: Q/Q change ($) | D65: =IF(COUNT(D63,C63)<2,"n/a",D63-C63) -> -18 | E65: =IF(COUNT(E63,D63)<2,"n/a",E63-D63) -> 1 | F65: =IF(COUNT(F63,E63)<2,"n/a",F63-E63) -> -24 | H65: =IF(COUNT(H63,F63)<2,"n/a",H63-F63) -> 47 | I65: =IF(COUNT(I63,H63)<2,"n/a",I63-H63) -> 40 | J65: =IF(COUNT(J63,I63)<2,"n/a",J63-I63) -> -42
B66: Derivative settlements, net | C66: -47 | D66: 192 | E66: 42 | F66: -69 | G66: =SUM(C66:F66) -> 118 | H66: 72 | I66: -71 | J66: 0 | K66: S03-S06,S08,S12,S13 | L66: 3Q26E input
B67: % Y/Y | H67: =IF(COUNT(H66,C66)<2,"n/a",IF(H66*C66<=0,"n/m",H66/C66-1)) -> n/m | I67: =IF(COUNT(I66,D66)<2,"n/a",IF(I66*D66<=0,"n/m",I66/D66-1)) -> n/m | J67: =IF(COUNT(J66,E66)<2,"n/a",IF(J66*E66<=0,"n/m",J66/E66-1)) -> n/m
B68: Q/Q change ($) | D68: =IF(COUNT(D66,C66)<2,"n/a",D66-C66) -> 239 | E68: =IF(COUNT(E66,D66)<2,"n/a",E66-D66) -> -150 | F68: =IF(COUNT(F66,E66)<2,"n/a",F66-E66) -> -111 | H68: =IF(COUNT(H66,F66)<2,"n/a",H66-F66) -> 141 | I68: =IF(COUNT(I66,H66)<2,"n/a",I66-H66) -> -143 | J68: =IF(COUNT(J66,I66)<2,"n/a",J66-I66) -> 71
B69: Other investing (incl. cust. finance) | C69: -14 | D69: -49 | E69: -24 | F69: -108 | G69: =SUM(C69:F69) -> -195 | H69: -36 | I69: -146 | J69: -50 | K69: S05,S06,S08,S12,S13 | L69: Harmonised: incl. customer financing (4Q25 only)
B70: % Y/Y | H70: =IF(COUNT(H69,C69)<2,"n/a",IF(H69*C69<=0,"n/m",H69/C69-1)) -> 1.5714286 | I70: =IF(COUNT(I69,D69)<2,"n/a",IF(I69*D69<=0,"n/m",I69/D69-1)) -> 1.9795918 | J70: =IF(COUNT(J69,E69)<2,"n/a",IF(J69*E69<=0,"n/m",J69/E69-1)) -> 1.0833333
B71: Q/Q change ($) | D71: =IF(COUNT(D69,C69)<2,"n/a",D69-C69) -> -35 | E71: =IF(COUNT(E69,D69)<2,"n/a",E69-D69) -> 25 | F71: =IF(COUNT(F69,E69)<2,"n/a",F69-E69) -> -84 | H71: =IF(COUNT(H69,F69)<2,"n/a",H69-F69) -> 72 | I71: =IF(COUNT(I69,H69)<2,"n/a",I69-H69) -> -110 | J71: =IF(COUNT(J69,I69)<2,"n/a",J69-I69) -> 96
B72: Net cash flows from investing activities | C72: =C57+C60+C63+C66+C69 -> -678 | D72: =D57+D60+D63+D66+D69 -> -509 | E72: =E57+E60+E63+E66+E69 -> 471 | F72: =F57+F60+F63+F66+F69 -> -549 | G72: =G57+G60+G63+G66+G69 -> -1265 | H72: =H57+H60+H63+H66+H69 -> -608 | I72: =I57+I60+I63+I66+I69 -> -944 | J72: =J57+J60+J63+J66+J69 -> -950
B73: % Y/Y | H73: =IF(COUNT(H72,C72)<2,"n/a",IF(H72*C72<=0,"n/m",H72/C72-1)) -> -0.10324484 | I73: =IF(COUNT(I72,D72)<2,"n/a",IF(I72*D72<=0,"n/m",I72/D72-1)) -> 0.8546169 | J73: =IF(COUNT(J72,E72)<2,"n/a",IF(J72*E72<=0,"n/m",J72/E72-1)) -> n/m
B74: Q/Q change ($) | D74: =IF(COUNT(D72,C72)<2,"n/a",D72-C72) -> 169 | E74: =IF(COUNT(E72,D72)<2,"n/a",E72-D72) -> 980 | F74: =IF(COUNT(F72,E72)<2,"n/a",F72-E72) -> -1020 | H74: =IF(COUNT(H72,F72)<2,"n/a",H72-F72) -> -59 | I74: =IF(COUNT(I72,H72)<2,"n/a",I72-H72) -> -336 | J74: =IF(COUNT(J72,I72)<2,"n/a",J72-I72) -> -6
B75: Investing cash flow as reported | C75: -678 | D75: -509 | E75: 471 | F75: -549 | G75: =SUM(C75:F75) -> -1265 | H75: -608 | I75: -944 | K75: S03-S06,S08,S12,S13
B76: Check: CFI build - reported | C76: =C72-C75 -> 0 | D76: =D72-D75 -> 0 | E76: =E72-E75 -> 0 | F76: =F72-F75 -> 0 | G76: =G72-G75 -> 0 | H76: =H72-H75 -> 0 | I76: =I72-I75 -> 0
B77: Financing activities
B78: Repayment of long-term debt | C78: -9 | D78: -780 | E78: -1500 | F78: -1140 | G78: =SUM(C78:F78) -> -3429 | H78: -500 | I78: -24 | J78: 0 | K78: S03-S06,S08,S12,S13 | L78: 3Q26E input: no maturity-driven repayment assumed
B79: % Y/Y | H79: =IF(COUNT(H78,C78)<2,"n/a",IF(H78*C78<=0,"n/m",H78/C78-1)) -> 54.555556 | I79: =IF(COUNT(I78,D78)<2,"n/a",IF(I78*D78<=0,"n/m",I78/D78-1)) -> -0.96923077 | J79: =IF(COUNT(J78,E78)<2,"n/a",IF(J78*E78<=0,"n/m",J78/E78-1)) -> n/m
B80: Q/Q change ($) | D80: =IF(COUNT(D78,C78)<2,"n/a",D78-C78) -> -771 | E80: =IF(COUNT(E78,D78)<2,"n/a",E78-D78) -> -720 | F80: =IF(COUNT(F78,E78)<2,"n/a",F78-E78) -> 360 | H80: =IF(COUNT(H78,F78)<2,"n/a",H78-F78) -> 640 | I80: =IF(COUNT(I78,H78)<2,"n/a",I78-H78) -> 476 | J80: =IF(COUNT(J78,I78)<2,"n/a",J78-I78) -> 24
B81: Change in commercial paper, net | D81: 1432 | E81: -1432 | G81: =SUM(C81:F81) -> 0 | I81: 0 | J81: 0 | K81: S04,S05,S08,S12 | L81: 3Q26E input. 2Q26 0 = '—' in cached 2Q26 statement (S08). 1Q26, 1Q25 and 4Q25 blank = not reported (line not presented in those cached statements)
B82: % Y/Y | H82: =IF(COUNT(H81,C81)<2,"n/a",IF(H81*C81<=0,"n/m",H81/C81-1)) -> n/a | I82: =IF(COUNT(I81,D81)<2,"n/a",IF(I81*D81<=0,"n/m",I81/D81-1)) -> n/m | J82: =IF(COUNT(J81,E81)<2,"n/a",IF(J81*E81<=0,"n/m",J81/E81-1)) -> n/m
B83: Q/Q change ($) | D83: =IF(COUNT(D81,C81)<2,"n/a",D81-C81) -> n/a | E83: =IF(COUNT(E81,D81)<2,"n/a",E81-D81) -> -2864 | F83: =IF(COUNT(F81,E81)<2,"n/a",F81-E81) -> n/a | H83: =IF(COUNT(H81,F81)<2,"n/a",H81-F81) -> n/a | I83: =IF(COUNT(I81,H81)<2,"n/a",I81-H81) -> n/a | J83: =IF(COUNT(J81,I81)<2,"n/a",J81-I81) -> 0
B84: Dividends paid | C84: -840 | D84: -910 | E84: -910 | F84: -914 | G84: =SUM(C84:F84) -> -3574 | H84: -915 | I84: -983 | J84: =-'Share Count'!J35 -> -987.106 | K84: S03-S06,S08,S12,S13 | L84: 3Q26E: Share Count DPS x basic shares
B85: % Y/Y | H85: =IF(COUNT(H84,C84)<2,"n/a",IF(H84*C84<=0,"n/m",H84/C84-1)) -> 0.089285714 | I85: =IF(COUNT(I84,D84)<2,"n/a",IF(I84*D84<=0,"n/m",I84/D84-1)) -> 0.08021978 | J85: =IF(COUNT(J84,E84)<2,"n/a",IF(J84*E84<=0,"n/m",J84/E84-1)) -> 0.084731868
B86: Q/Q change ($) | D86: =IF(COUNT(D84,C84)<2,"n/a",D84-C84) -> -70 | E86: =IF(COUNT(E84,D84)<2,"n/a",E84-D84) -> 0 | F86: =IF(COUNT(F84,E84)<2,"n/a",F84-E84) -> -4 | H86: =IF(COUNT(H84,F84)<2,"n/a",H84-F84) -> -1 | I86: =IF(COUNT(I84,H84)<2,"n/a",I84-H84) -> -68 | J86: =IF(COUNT(J84,I84)<2,"n/a",J84-I84) -> -4.106
B87: Repurchase of common stock | C87: -50 | D87: 0 | E87: 0 | F87: 0 | G87: =SUM(C87:F87) -> -50 | H87: 0 | I87: 0 | J87: =-'Share Count'!J28 -> 0 | K87: S03-S06,S08,S12,S13
B88: Q/Q change ($) | D88: =IF(COUNT(D87,C87)<2,"n/a",D87-C87) -> 50 | E88: =IF(COUNT(E87,D87)<2,"n/a",E87-D87) -> 0 | F88: =IF(COUNT(F87,E87)<2,"n/a",F87-E87) -> 0 | H88: =IF(COUNT(H87,F87)<2,"n/a",H87-F87) -> 0 | I88: =IF(COUNT(I87,H87)<2,"n/a",I87-H87) -> 0 | J88: =IF(COUNT(J87,I87)<2,"n/a",J87-I87) -> 0
B89: Other financing (incl. ST borrowing) | C89: -157 | D89: -95 | E89: -81 | F89: -100 | G89: =SUM(C89:F89) -> -433 | H89: -425 | I89: -62 | J89: -60 | K89: S05,S06,S08,S12,S13 | L89: Harmonised: incl. other ST borrowings (2025)
B90: % Y/Y | H90: =IF(COUNT(H89,C89)<2,"n/a",IF(H89*C89<=0,"n/m",H89/C89-1)) -> 1.7070064 | I90: =IF(COUNT(I89,D89)<2,"n/a",IF(I89*D89<=0,"n/m",I89/D89-1)) -> -0.34736842 | J90: =IF(COUNT(J89,E89)<2,"n/a",IF(J89*E89<=0,"n/m",J89/E89-1)) -> -0.25925926
B91: Q/Q change ($) | D91: =IF(COUNT(D89,C89)<2,"n/a",D89-C89) -> 62 | E91: =IF(COUNT(E89,D89)<2,"n/a",E89-D89) -> 14 | F91: =IF(COUNT(F89,E89)<2,"n/a",F89-E89) -> -19 | H91: =IF(COUNT(H89,F89)<2,"n/a",H89-F89) -> -325 | I91: =IF(COUNT(I89,H89)<2,"n/a",I89-H89) -> 363 | J91: =IF(COUNT(J89,I89)<2,"n/a",J89-I89) -> 2
B92: Net cash flows from financing activities | C92: =C78+C81+C84+C87+C89 -> -1056 | D92: =D78+D81+D84+D87+D89 -> -353 | E92: =E78+E81+E84+E87+E89 -> -3923 | F92: =F78+F81+F84+F87+F89 -> -2154 | G92: =G78+G81+G84+G87+G89 -> -7486 | H92: =H78+H81+H84+H87+H89 -> -1840 | I92: =I78+I81+I84+I87+I89 -> -1069 | J92: =J78+J81+J84+J87+J89 -> -1047.106
B93: % Y/Y | H93: =IF(COUNT(H92,C92)<2,"n/a",IF(H92*C92<=0,"n/m",H92/C92-1)) -> 0.74242424 | I93: =IF(COUNT(I92,D92)<2,"n/a",IF(I92*D92<=0,"n/m",I92/D92-1)) -> 2.0283286 | J93: =IF(COUNT(J92,E92)<2,"n/a",IF(J92*E92<=0,"n/m",J92/E92-1)) -> -0.73308539
B94: Q/Q change ($) | D94: =IF(COUNT(D92,C92)<2,"n/a",D92-C92) -> 703 | E94: =IF(COUNT(E92,D92)<2,"n/a",E92-D92) -> -3570 | F94: =IF(COUNT(F92,E92)<2,"n/a",F92-E92) -> 1769 | H94: =IF(COUNT(H92,F92)<2,"n/a",H92-F92) -> 314 | I94: =IF(COUNT(I92,H92)<2,"n/a",I92-H92) -> 771 | J94: =IF(COUNT(J92,I92)<2,"n/a",J92-I92) -> 21.894
B95: Financing cash flow as reported | C95: -1056 | D95: -353 | E95: -3923 | F95: -2154 | G95: =SUM(C95:F95) -> -7486 | H95: -1840 | I95: -1069 | K95: S03-S06,S08,S12,S13
B96: Check: CFF build - reported | C96: =C92-C95 -> 0 | D96: =D92-D95 -> 0 | E96: =E92-E95 -> 0 | F96: =F92-F95 -> 0 | G96: =G92-G95 -> 0 | H96: =H92-H95 -> 0 | I96: =I92-I95 -> 0
B97: Effect of FX on cash | C97: 16 | D97: 38 | E97: -10 | F97: 4 | G97: =SUM(C97:F97) -> 48 | H97: -6 | I97: -13 | J97: 0 | K97: S03-S06,S08,S12,S13 | L97: 3Q26E: explicit nil assumption
B98: % Y/Y | H98: =IF(COUNT(H97,C97)<2,"n/a",IF(H97*C97<=0,"n/m",H97/C97-1)) -> n/m | I98: =IF(COUNT(I97,D97)<2,"n/a",IF(I97*D97<=0,"n/m",I97/D97-1)) -> n/m | J98: =IF(COUNT(J97,E97)<2,"n/a",IF(J97*E97<=0,"n/m",J97/E97-1)) -> n/m
B99: Q/Q change ($) | D99: =IF(COUNT(D97,C97)<2,"n/a",D97-C97) -> 22 | E99: =IF(COUNT(E97,D97)<2,"n/a",E97-D97) -> -48 | F99: =IF(COUNT(F97,E97)<2,"n/a",F97-E97) -> 14 | H99: =IF(COUNT(H97,F97)<2,"n/a",H97-F97) -> -10 | I99: =IF(COUNT(I97,H97)<2,"n/a",I97-H97) -> -7 | J99: =IF(COUNT(J97,I97)<2,"n/a",J97-I97) -> 13
B100: Net change in cash (incl. restricted) | C100: =C50+C72+C92+C97 -> -413 | D100: =D50+D72+D92+D97 -> -366 | E100: =E50+E72+E92+E97 -> 1177 | F100: =F50+F72+F92+F97 -> 1466 | G100: =G50+G72+G92+G97 -> 1864 | H100: =H50+H72+H92+H97 -> -599 | I100: =I50+I72+I92+I97 -> 1521 | J100: =J50+J72+J92+J97 -> 1047.0952
B101: Cash incl. restricted - beginning | C101: 5606 | D101: =C102 -> 5193 | E101: =D102 -> 4827 | F101: =E102 -> 6004 | G101: =C101 -> 5606 | H101: =F102 -> 7470 | I101: =H102 -> 6871 | J101: =I102 -> 8392 | K101: S03-S06,S08,S12,S13 | L101: 1Q25 opening as reported; later periods = prior closing
B102: Cash incl. restricted - ending | C102: =C101+C100 -> 5193 | D102: =D101+D100 -> 4827 | E102: =E101+E100 -> 6004 | F102: =F101+F100 -> 7470 | G102: =G101+G100 -> 7470 | H102: =H101+H100 -> 6871 | I102: =I101+I100 -> 8392 | J102: =J101+J100 -> 9439.0952
B103: Ending cash incl. restricted (rep.) | C103: 5193 | D103: 4827 | E103: 6004 | F103: 7470 | G103: =F103 -> 7470 | H103: 6871 | I103: 8392 | K103: S03-S06,S08,S12,S13
...

Sheet Geo
B2: RTX Corporation (NYSE: RTX)
B3: Geography - net sales by customer location (10-Q segment note), by segment
B4: $ millions, except per share
B6: Period | C6: 1Q25A | D6: 2Q25A | E6: 3Q25A | F6: 4Q25A | G6: FY25A | H6: 1Q26A | I6: 2Q26A | J6: 3Q26E | K6: Source | L6: Notes
B7: Period end | C7: 45747 | D7: 45838 | E7: 45930 | F7: 46022 | G7: 46022 | H7: 46112 | I7: 46203 | J7: 46295
B8: Days in period | C8: =C7-EOMONTH(C7,-3) -> 90 | D8: =D7-C7 -> 91 | E8: =E7-D7 -> 92 | F8: =F7-E7 -> 92 | G8: =G7-EOMONTH(G7,-12) -> 365 | H8: =H7-F7 -> 90 | I8: =I7-H7 -> 91 | J8: =J7-I7 -> 92
B10: United States
B11: Collins Aerospace | C11: 3348 | D11: 3514 | E11: 3631 | F11: 3643 | G11: =SUM(C11:F11) -> 14136 | H11: 3679 | I11: 3949 | J11: ='Segment - Collins Aerospace'!J62*E11/'Segment - Collins Aerospace'!E62 -> 3921.4713 | K11: S11-S14 | L11: 3Q26E: segment external sales x 3Q25 regional mix
B12: % Y/Y | H12: =IF(COUNT(H11,C11)<2,"n/a",IF(H11*C11<=0,"n/m",H11/C11-1)) -> 0.098864994 | I12: =IF(COUNT(I11,D11)<2,"n/a",IF(I11*D11<=0,"n/m",I11/D11-1)) -> 0.12379055 | J12: =IF(COUNT(J11,E11)<2,"n/a",IF(J11*E11<=0,"n/m",J11/E11-1)) -> 0.079997595
B13: Q/Q change ($) | D13: =IF(COUNT(D11,C11)<2,"n/a",D11-C11) -> 166 | E13: =IF(COUNT(E11,D11)<2,"n/a",E11-D11) -> 117 | F13: =IF(COUNT(F11,E11)<2,"n/a",F11-E11) -> 12 | H13: =IF(COUNT(H11,F11)<2,"n/a",H11-F11) -> 36 | I13: =IF(COUNT(I11,H11)<2,"n/a",I11-H11) -> 270 | J13: =IF(COUNT(J11,I11)<2,"n/a",J11-I11) -> -27.528731
B14: Organic / M&A / FX split | C14: n/a | D14: n/a | E14: n/a | F14: n/a | G14: n/a | H14: n/a | I14: n/a | J14: n/a | L14: Not disclosed for this line (unavailable)
B15: Pratt & Whitney | C15: 3418 | D15: 3260 | E15: 3198 | F15: 3760 | G15: =SUM(C15:F15) -> 13636 | H15: 3603 | I15: 3305 | J15: ='Segment - Pratt & Whitney'!J69*E15/'Segment - Pratt & Whitney'!E69 -> 3384.9512 | K15: S11-S14 | L15: 3Q26E: segment external sales x 3Q25 regional mix
B16: % Y/Y | H16: =IF(COUNT(H15,C15)<2,"n/a",IF(H15*C15<=0,"n/m",H15/C15-1)) -> 0.054125219 | I16: =IF(COUNT(I15,D15)<2,"n/a",IF(I15*D15<=0,"n/m",I15/D15-1)) -> 0.013803681 | J16: =IF(COUNT(J15,E15)<2,"n/a",IF(J15*E15<=0,"n/m",J15/E15-1)) -> 0.058458779
B17: Q/Q change ($) | D17: =IF(COUNT(D15,C15)<2,"n/a",D15-C15) -> -158 | E17: =IF(COUNT(E15,D15)<2,"n/a",E15-D15) -> -62 | F17: =IF(COUNT(F15,E15)<2,"n/a",F15-E15) -> 562 | H17: =IF(COUNT(H15,F15)<2,"n/a",H15-F15) -> -157 | I17: =IF(COUNT(I15,H15)<2,"n/a",I15-H15) -> -298 | J17: =IF(COUNT(J15,I15)<2,"n/a",J15-I15) -> 79.951176
B18: Organic / M&A / FX split | C18: n/a | D18: n/a | E18: n/a | F18: n/a | G18: n/a | H18: n/a | I18: n/a | J18: n/a | L18: Not disclosed for this line (unavailable)
B19: Raytheon | C19: 4447 | D19: 4909 | E19: 4858 | F19: 5099 | G19: =SUM(C19:F19) -> 19313 | H19: 4578 | I19: 5784 | J19: ='Segment - Raytheon'!J51*E19/'Segment - Raytheon'!E51 -> 5337.442 | K19: S11-S14 | L19: 3Q26E: segment external sales x 3Q25 regional mix
B20: % Y/Y | H20: =IF(COUNT(H19,C19)<2,"n/a",IF(H19*C19<=0,"n/m",H19/C19-1)) -> 0.029458062 | I20: =IF(COUNT(I19,D19)<2,"n/a",IF(I19*D19<=0,"n/m",I19/D19-1)) -> 0.17824404 | J20: =IF(COUNT(J19,E19)<2,"n/a",IF(J19*E19<=0,"n/m",J19/E19-1)) -> 0.098691235
B21: Q/Q change ($) | D21: =IF(COUNT(D19,C19)<2,"n/a",D19-C19) -> 462 | E21: =IF(COUNT(E19,D19)<2,"n/a",E19-D19) -> -51 | F21: =IF(COUNT(F19,E19)<2,"n/a",F19-E19) -> 241 | H21: =IF(COUNT(H19,F19)<2,"n/a",H19-F19) -> -521 | I21: =IF(COUNT(I19,H19)<2,"n/a",I19-H19) -> 1206 | J21: =IF(COUNT(J19,I19)<2,"n/a",J19-I19) -> -446.55798
B22: Organic / M&A / FX split | C22: n/a | D22: n/a | E22: n/a | F22: n/a | G22: n/a | H22: n/a | I22: n/a | J22: n/a | L22: Not disclosed for this line (unavailable)
B23: Other operations | C23: 53 | D23: 54 | E23: 47 | F23: 52 | G23: =SUM(C23:F23) -> 206 | H23: 53 | I23: 55 | J23: =_xlfn.IFERROR('Revenue summary'!J36*E23/'Revenue summary'!E36,0) -> 50.686275 | K23: S11-S14
B24: % Y/Y | H24: =IF(COUNT(H23,C23)<2,"n/a",IF(H23*C23<=0,"n/m",H23/C23-1)) -> 0 | I24: =IF(COUNT(I23,D23)<2,"n/a",IF(I23*D23<=0,"n/m",I23/D23-1)) -> 0.018518519 | J24: =IF(COUNT(J23,E23)<2,"n/a",IF(J23*E23<=0,"n/m",J23/E23-1)) -> 0.078431373
B25: Q/Q change ($) | D25: =IF(COUNT(D23,C23)<2,"n/a",D23-C23) -> 1 | E25: =IF(COUNT(E23,D23)<2,"n/a",E23-D23) -> -7 | F25: =IF(COUNT(F23,E23)<2,"n/a",F23-E23) -> 5 | H25: =IF(COUNT(H23,F23)<2,"n/a",H23-F23) -> 1 | I25: =IF(COUNT(I23,H23)<2,"n/a",I23-H23) -> 2 | J25: =IF(COUNT(J23,I23)<2,"n/a",J23-I23) -> -4.3137255
B26: Organic / M&A / FX split | C26: n/a | D26: n/a | E26: n/a | F26: n/a | G26: n/a | H26: n/a | I26: n/a | J26: n/a | L26: Not disclosed for this line (unavailable)
B27: United States - total | C27: =C11+C15+C19+C23 -> 11266 | D27: =D11+D15+D19+D23 -> 11737 | E27: =E11+E15+E19+E23 -> 11734 | F27: =F11+F15+F19+F23 -> 12554 | G27: =G11+G15+G19+G23 -> 47291 | H27: =H11+H15+H19+H23 -> 11913 | I27: =I11+I15+I19+I23 -> 13093 | J27: =J11+J15+J19+J23 -> 12694.551
B28: % Y/Y | H28: =IF(COUNT(H27,C27)<2,"n/a",IF(H27*C27<=0,"n/m",H27/C27-1)) -> 0.057429434 | I28: =IF(COUNT(I27,D27)<2,"n/a",IF(I27*D27<=0,"n/m",I27/D27-1)) -> 0.11553208 | J28: =IF(COUNT(J27,E27)<2,"n/a",IF(J27*E27<=0,"n/m",J27/E27-1)) -> 0.081860469
B29: Q/Q change ($) | D29: =IF(COUNT(D27,C27)<2,"n/a",D27-C27) -> 471 | E29: =IF(COUNT(E27,D27)<2,"n/a",E27-D27) -> -3 | F29: =IF(COUNT(F27,E27)<2,"n/a",F27-E27) -> 820 | H29: =IF(COUNT(H27,F27)<2,"n/a",H27-F27) -> -641 | I29: =IF(COUNT(I27,H27)<2,"n/a",I27-H27) -> 1180 | J29: =IF(COUNT(J27,I27)<2,"n/a",J27-I27) -> -398.44926
B30: % of total net sales | C30: =IF(COUNT(C27,C131)<2,"n/a",C27/C131) -> 0.55481139 | D30: =IF(COUNT(D27,D131)<2,"n/a",D27/D131) -> 0.54385802 | E30: =IF(COUNT(E27,E131)<2,"n/a",E27/E131) -> 0.52202153 | F30: =IF(COUNT(F27,F131)<2,"n/a",F27/F131) -> 0.51794703 | G30: =IF(COUNT(G27,G131)<2,"n/a",G27/G131) -> 0.53374039 | H30: =IF(COUNT(H27,H131)<2,"n/a",H27/H131) -> 0.5396358 | I30: =IF(COUNT(I27,I131)<2,"n/a",I27/I131) -> 0.52990934 | J30: =IF(COUNT(J27,J131)<2,"n/a",J27/J131) -> 0.52401443
B31: Y/Y change (bps) | H31: =IF(COUNT(H30,C30)<2,"n/a",(H30-C30)*10000) -> -151.75582 | I31: =IF(COUNT(I30,D30)<2,"n/a",(I30-D30)*10000) -> -139.48682 | J31: =IF(COUNT(J30,E30)<2,"n/a",(J30-E30)*10000) -> 19.929
B32: Q/Q change (bps) | D32: =IF(COUNT(D30,C30)<2,"n/a",(D30-C30)*10000) -> -109.53363 | E32: =IF(COUNT(E30,D30)<2,"n/a",(E30-D30)*10000) -> -218.36491 | F32: =IF(COUNT(F30,E30)<2,"n/a",(F30-E30)*10000) -> -40.745068 | H32: =IF(COUNT(H30,F30)<2,"n/a",(H30-F30)*10000) -> 216.88778 | I32: =IF(COUNT(I30,H30)<2,"n/a",(I30-H30)*10000) -> -97.264625 | J32: =IF(COUNT(J30,I30)<2,"n/a",(J30-I30)*10000) -> -58.94909
B33: Organic / M&A / FX split | C33: n/a | D33: n/a | E33: n/a | F33: n/a | G33: n/a | H33: n/a | I33: n/a | J33: n/a | L33: Not disclosed by geography (unavailable)
B34: Europe
B35: Collins Aerospace | C35: 1730 | D35: 1750 | E35: 1690 | F35: 1682 | G35: =SUM(C35:F35) -> 6852 | H35: 1748 | I35: 1829 | J35: ='Segment - Collins Aerospace'!J62*E35/'Segment - Collins Aerospace'!E62 -> 1825.1959 | K35: S11-S14 | L35: 3Q26E: segment external sales x 3Q25 regional mix
B36: % Y/Y | H36: =IF(COUNT(H35,C35)<2,"n/a",IF(H35*C35<=0,"n/m",H35/C35-1)) -> 0.010404624 | I36: =IF(COUNT(I35,D35)<2,"n/a",IF(I35*D35<=0,"n/m",I35/D35-1)) -> 0.045142857 | J36: =IF(COUNT(J35,E35)<2,"n/a",IF(J35*E35<=0,"n/m",J35/E35-1)) -> 0.079997595
B37: Q/Q change ($) | D37: =IF(COUNT(D35,C35)<2,"n/a",D35-C35) -> 20 | E37: =IF(COUNT(E35,D35)<2,"n/a",E35-D35) -> -60 | F37: =IF(COUNT(F35,E35)<2,"n/a",F35-E35) -> -8 | H37: =IF(COUNT(H35,F35)<2,"n/a",H35-F35) -> 66 | I37: =IF(COUNT(I35,H35)<2,"n/a",I35-H35) -> 81 | J37: =IF(COUNT(J35,I35)<2,"n/a",J35-I35) -> -3.8040637
B38: Organic / M&A / FX split | C38: n/a | D38: n/a | E38: n/a | F38: n/a | G38: n/a | H38: n/a | I38: n/a | J38: n/a | L38: Not disclosed for this line (unavailable)
B39: Pratt & Whitney | C39: 1839 | D39: 1539 | E39: 2227 | F39: 2064 | G39: =SUM(C39:F39) -> 7669 | H39: 1939 | I39: 2325 | J39: ='Segment - Pratt & Whitney'!J69*E39/'Segment - Pratt & Whitney'!E69 -> 2357.1877 | K39: S11-S14 | L39: 3Q26E: segment external sales x 3Q25 regional mix
B40: % Y/Y | H40: =IF(COUNT(H39,C39)<2,"n/a",IF(H39*C39<=0,"n/m",H39/C39-1)) -> 0.054377379 | I40: =IF(COUNT(I39,D39)<2,"n/a",IF(I39*D39<=0,"n/m",I39/D39-1)) -> 0.51072125 | J40: =IF(COUNT(J39,E39)<2,"n/a",IF(J39*E39<=0,"n/m",J39/E39-1)) -> 0.058458779
B41: Q/Q change ($) | D41: =IF(COUNT(D39,C39)<2,"n/a",D39-C39) -> -300 | E41: =IF(COUNT(E39,D39)<2,"n/a",E39-D39) -> 688 | F41: =IF(COUNT(F39,E39)<2,"n/a",F39-E39) -> -163 | H41: =IF(COUNT(H39,F39)<2,"n/a",H39-F39) -> -125 | I41: =IF(COUNT(I39,H39)<2,"n/a",I39-H39) -> 386 | J41: =IF(COUNT(J39,I39)<2,"n/a",J39-I39) -> 32.187702
B42: Organic / M&A / FX split | C42: n/a | D42: n/a | E42: n/a | F42: n/a | G42: n/a | H42: n/a | I42: n/a | J42: n/a | L42: Not disclosed for this line (unavailable)
B43: Raytheon | C43: 843 | D43: 916 | E43: 1306 | F43: 1210 | G43: =SUM(C43:F43) -> 4275 | H43: 1193 | I43: 1196 | J43: ='Segment - Raytheon'!J51*E43/'Segment - Raytheon'!E51 -> 1434.8908 | K43: S11-S14 | L43: 3Q26E: segment external sales x 3Q25 regional mix
B44: % Y/Y | H44: =IF(COUNT(H43,C43)<2,"n/a",IF(H43*C43<=0,"n/m",H43/C43-1)) -> 0.41518387 | I44: =IF(COUNT(I43,D43)<2,"n/a",IF(I43*D43<=0,"n/m",I43/D43-1)) -> 0.30567686 | J44: =IF(COUNT(J43,E43)<2,"n/a",IF(J43*E43<=0,"n/m",J43/E43-1)) -> 0.098691235
B45: Q/Q change ($) | D45: =IF(COUNT(D43,C43)<2,"n/a",D43-C43) -> 73 | E45: =IF(COUNT(E43,D43)<2,"n/a",E43-D43) -> 390 | F45: =IF(COUNT(F43,E43)<2,"n/a",F43-E43) -> -96 | H45: =IF(COUNT(H43,F43)<2,"n/a",H43-F43) -> -17 | I45: =IF(COUNT(I43,H43)<2,"n/a",I43-H43) -> 3 | J45: =IF(COUNT(J43,I43)<2,"n/a",J43-I43) -> 238.89075
B46: Organic / M&A / FX split | C46: n/a | D46: n/a | E46: n/a | F46: n/a | G46: n/a | H46: n/a | I46: n/a | J46: n/a | L46: Not disclosed for this line (unavailable)
B47: Other operations | C47: 1 | D47: 0 | E47: 2 | F47: 0 | G47: =SUM(C47:F47) -> 3 | H47: 2 | I47: 0 | J47: =_xlfn.IFERROR('Revenue summary'!J36*E47/'Revenue summary'!E36,0) -> 2.1568627 | K47: S11-S14
B48: % Y/Y | H48: =IF(COUNT(H47,C47)<2,"n/a",IF(H47*C47<=0,"n/m",H47/C47-1)) -> 1 | I48: =IF(COUNT(I47,D47)<2,"n/a",IF(I47*D47<=0,"n/m",I47/D47-1)) -> n/m | J48: =IF(COUNT(J47,E47)<2,"n/a",IF(J47*E47<=0,"n/m",J47/E47-1)) -> 0.078431373
B49: Q/Q change ($) | D49: =IF(COUNT(D47,C47)<2,"n/a",D47-C47) -> -1 | E49: =IF(COUNT(E47,D47)<2,"n/a",E47-D47) -> 2 | F49: =IF(COUNT(F47,E47)<2,"n/a",F47-E47) -> -2 | H49: =IF(COUNT(H47,F47)<2,"n/a",H47-F47) -> 2 | I49: =IF(COUNT(I47,H47)<2,"n/a",I47-H47) -> -2 | J49: =IF(COUNT(J47,I47)<2,"n/a",J47-I47) -> 2.1568627
B50: Organic / M&A / FX split | C50: n/a | D50: n/a | E50: n/a | F50: n/a | G50: n/a | H50: n/a | I50: n/a | J50: n/a | L50: Not disclosed for this line (unavailable)
B51: Europe - total | C51: =C35+C39+C43+C47 -> 4413 | D51: =D35+D39+D43+D47 -> 4205 | E51: =E35+E39+E43+E47 -> 5225 | F51: =F35+F39+F43+F47 -> 4956 | G51: =G35+G39+G43+G47 -> 18799 | H51: =H35+H39+H43+H47 -> 4882 | I51: =I35+I39+I43+I47 -> 5350 | J51: =J35+J39+J43+J47 -> 5619.4313
B52: % Y/Y | H52: =IF(COUNT(H51,C51)<2,"n/a",IF(H51*C51<=0,"n/m",H51/C51-1)) -> 0.10627691 | I52: =IF(COUNT(I51,D51)<2,"n/a",IF(I51*D51<=0,"n/m",I51/D51-1)) -> 0.27229489 | J52: =IF(COUNT(J51,E51)<2,"n/a",IF(J51*E51<=0,"n/m",J51/E51-1)) -> 0.075489235
B53: Q/Q change ($) | D53: =IF(COUNT(D51,C51)<2,"n/a",D51-C51) -> -208 | E53: =IF(COUNT(E51,D51)<2,"n/a",E51-D51) -> 1020 | F53: =IF(COUNT(F51,E51)<2,"n/a",F51-E51) -> -269 | H53: =IF(COUNT(H51,F51)<2,"n/a",H51-F51) -> -74 | I53: =IF(COUNT(I51,H51)<2,"n/a",I51-H51) -> 468 | J53: =IF(COUNT(J51,I51)<2,"n/a",J51-I51) -> 269.43125
B54: % of total net sales | C54: =IF(COUNT(C51,C131)<2,"n/a",C51/C131) -> 0.21732493 | D54: =IF(COUNT(D51,D131)<2,"n/a",D51/D131) -> 0.19484732 | E54: =IF(COUNT(E51,E131)<2,"n/a",E51/E131) -> 0.23244951 | F54: =IF(COUNT(F51,F131)<2,"n/a",F51/F131) -> 0.20447232 | G54: =IF(COUNT(G51,G131)<2,"n/a",G51/G131) -> 0.21217115 | H54: =IF(COUNT(H51,H131)<2,"n/a",H51/H131) -> 0.22114513 | I54: =IF(COUNT(I51,I131)<2,"n/a",I51/I131) -> 0.21652906 | J54: =IF(COUNT(J51,J131)<2,"n/a",J51/J131) -> 0.23196276
B55: Y/Y change (bps) | H55: =IF(COUNT(H54,C54)<2,"n/a",(H54-C54)*10000) -> 38.202064 | I55: =IF(COUNT(I54,D54)<2,"n/a",(I54-D54)*10000) -> 216.8174 | J55: =IF(COUNT(J54,E54)<2,"n/a",(J54-E54)*10000) -> -4.867422
B56: Q/Q change (bps) | D56: =IF(COUNT(D54,C54)<2,"n/a",(D54-C54)*10000) -> -224.77609 | E56: =IF(COUNT(E54,D54)<2,"n/a",(E54-D54)*10000) -> 376.02187 | F56: =IF(COUNT(F54,E54)<2,"n/a",(F54-E54)*10000) -> -279.7719 | H56: =IF(COUNT(H54,F54)<2,"n/a",(H54-F54)*10000) -> 166.72819 | I56: =IF(COUNT(I54,H54)<2,"n/a",(I54-H54)*10000) -> -46.160756 | J56: =IF(COUNT(J54,I54)<2,"n/a",(J54-I54)*10000) -> 154.33705
B57: Organic / M&A / FX split | C57: n/a | D57: n/a | E57: n/a | F57: n/a | G57: n/a | H57: n/a | I57: n/a | J57: n/a | L57: Not disclosed by geography (unavailable)
B58: Asia Pacific
B59: Collins Aerospace | C59: 826 | D59: 934 | E59: 1001 | F59: 1018 | G59: =SUM(C59:F59) -> 3779 | H59: 834 | I59: 1039 | J59: ='Segment - Collins Aerospace'!J62*E59/'Segment - Collins Aerospace'!E62 -> 1081.0776 | K59: S11-S14 | L59: 3Q26E: segment external sales x 3Q25 regional mix
B60: % Y/Y | H60: =IF(COUNT(H59,C59)<2,"n/a",IF(H59*C59<=0,"n/m",H59/C59-1)) -> 0.00968523 | I60: =IF(COUNT(I59,D59)<2,"n/a",IF(I59*D59<=0,"n/m",I59/D59-1)) -> 0.1124197 | J60: =IF(COUNT(J59,E59)<2,"n/a",IF(J59*E59<=0,"n/m",J59/E59-1)) -> 0.079997595
